Workbook
Name autre_étab_1: Part10!$L$142
Name autre_étab_1: Part11!$L$142
Name autre_étab_1: Part12!$L$142
Name autre_étab_1: Part13!$L$142
Name autre_étab_1: Part14!$L$142
Name autre_étab_1: Part15!$L$142
Name autre_étab_1: Part16!$L$142
Name autre_étab_1: Part17!$L$142
Name autre_étab_1: Part18!$L$142
Name autre_étab_1: Part19!$L$142
Name autre_étab_1: 'Part1-Coord'!$L$140
Name autre_étab_1: Part2!$L$142
Name autre_étab_1: Part20!$L$142
Name autre_étab_1: Part3!$L$142
Name autre_étab_1: Part4!$L$142
Name autre_étab_1: Part5!$L$142
Name autre_étab_1: Part6!$L$142
Name autre_étab_1: Part7!$L$142
Name autre_étab_1: Part8!$L$142
Name autre_étab_1: Part9!$L$142
Name autre_étab_2: Part10!$L$143
Name autre_étab_2: Part11!$L$143
Name autre_étab_2: Part12!$L$143
Name autre_étab_2: Part13!$L$143
Name autre_étab_2: Part14!$L$143
Name autre_étab_2: Part15!$L$143
Name autre_étab_2: Part16!$L$143
Name autre_étab_2: Part17!$L$143
Name autre_étab_2: Part18!$L$143
Name autre_étab_2: Part19!$L$143
Name autre_étab_2: 'Part1-Coord'!$L$141
Name autre_étab_2: Part2!$L$143
Name autre_étab_2: Part20!$L$143
Name autre_étab_2: Part3!$L$143
Name autre_étab_2: Part4!$L$143
Name autre_étab_2: Part5!$L$143
Name autre_étab_2: Part6!$L$143
Name autre_étab_2: Part7!$L$143
Name autre_étab_2: Part8!$L$143
Name autre_étab_2: Part9!$L$143
Name autre_étab_3: Part10!$L$144
Name autre_étab_3: Part11!$L$144
Name autre_étab_3: Part12!$L$144
Name autre_étab_3: Part13!$L$144
Name autre_étab_3: Part14!$L$144
Name autre_étab_3: Part15!$L$144
Name autre_étab_3: Part16!$L$144
Name autre_étab_3: Part17!$L$144
Name autre_étab_3: Part18!$L$144
Name autre_étab_3: Part19!$L$144
Name autre_étab_3: 'Part1-Coord'!$L$142
Name autre_étab_3: Part2!$L$144
Name autre_étab_3: Part20!$L$144
Name autre_étab_3: Part3!$L$144
Name autre_étab_3: Part4!$L$144
Name autre_étab_3: Part5!$L$144
Name autre_étab_3: Part6!$L$144
Name autre_étab_3: Part7!$L$144
Name autre_étab_3: Part8!$L$144
Name autre_étab_3: Part9!$L$144

Sheet Réglages
A1: Types de contrat personnels | C1: Civilité | E1: Type étab coord | F1: Eligible | G1: frais env | H1: Décharges | I1: taux nominal | J1: taux d’aide | K1: cout marginal | M1: Nom de l’appel
A2: CDI | C2: Madame | E2: EPSCP | F2: 1 | G2: 1 | H2: 1 | I2: 1 | J2: =IF(OR(Table_type_coord6[[#This Row],[taux nominal]]=1,Table_type_coord6[[#This Row],[taux nominal]]=0),Table_type_coord6[[#This Row],[taux nominal]],Table_type_coord6[[#This Row],[taux nominal]]+IF($C$9,$C$7,0)) -> 1 | K2: 1 | M2: PPR SpÉ « Sciences pour l'Éducation »
A3: CDI de projet/chantier | C3: Monsieur | E3: EPST | F3: 1 | G3: 1 | H3: 1 | I3: 1 | J3: =IF(OR(Table_type_coord6[[#This Row],[taux nominal]]=1,Table_type_coord6[[#This Row],[taux nominal]]=0),Table_type_coord6[[#This Row],[taux nominal]],Table_type_coord6[[#This Row],[taux nominal]]+IF($C$9,$C$7,0)) -> 1 | K3: 1
A4: CDD | E4: EPA | F4: 1 | G4: 1 | H4: 1 | I4: 1 | J4: =IF(OR(Table_type_coord6[[#This Row],[taux nominal]]=1,Table_type_coord6[[#This Row],[taux nominal]]=0),Table_type_coord6[[#This Row],[taux nominal]],Table_type_coord6[[#This Row],[taux nominal]]+IF($C$9,$C$7,0)) -> 1 | K4: 1 | M4: Année de l’appel
A5: CDD doctorant | E5: EPIC | F5: 1 | G5: 1 | H5: 1 | I5: 1 | J5: =IF(OR(Table_type_coord6[[#This Row],[taux nominal]]=1,Table_type_coord6[[#This Row],[taux nominal]]=0),Table_type_coord6[[#This Row],[taux nominal]],Table_type_coord6[[#This Row],[taux nominal]]+IF($C$9,$C$7,0)) -> 1 | K5: 1 | M5: 2025
A6: CDD post-doctoral | E6: Fondation de recherche | F6: 1 | G6: 0 | H6: 0 | I6: 1 | J6: =IF(OR(Table_type_coord6[[#This Row],[taux nominal]]=1,Table_type_coord6[[#This Row],[taux nominal]]=0),Table_type_coord6[[#This Row],[taux nominal]],Table_type_coord6[[#This Row],[taux nominal]]+IF($C$9,$C$7,0)) -> 1 | K6: 1
A7: Autre | E7: Association à but non lucratif avec activité de recherche | F7: 1 | G7: 0 | H7: 0 | I7: 1 | J7: =IF(OR(Table_type_coord6[[#This Row],[taux nominal]]=1,Table_type_coord6[[#This Row],[taux nominal]]=0),Table_type_coord6[[#This Row],[taux nominal]],Table_type_coord6[[#This Row],[taux nominal]]+IF($C$9,$C$7,0)) -> 1 | K7: 1
E8: Autre établissement public à but non lucratif | F8: 1 | G8: 1 | H8: 1 | I8: 1 | J8: =IF(OR(Table_type_coord6[[#This Row],[taux nominal]]=1,Table_type_coord6[[#This Row],[taux nominal]]=0),Table_type_coord6[[#This Row],[taux nominal]],Table_type_coord6[[#This Row],[taux nominal]]+IF($C$9,$C$7,0)) -> 1 | K8: 1 | M8: Base EOTP
E9: Autre établissement privé à but non lucratif | F9: 1 | G9: 0 | H9: 0 | I9: 1 | J9: =IF(OR(Table_type_coord6[[#This Row],[taux nominal]]=1,Table_type_coord6[[#This Row],[taux nominal]]=0),Table_type_coord6[[#This Row],[taux nominal]],Table_type_coord6[[#This Row],[taux nominal]]+IF($C$9,$C$7,0)) -> 1 | K9: 0
M11: Mail contact (in Notice)
M12: PPR-SPE@agencerecherche.fr
M15: taux frais généraux (%)
M16: 20
E17: Type étab partenaire | F17: Eligible | G17: frais env | H17: Décharges | I17: taux nominal | J17: taux d’aide | K17: cout marginal
E18: EPSCP | F18: 1 | G18: 1 | H18: 1 | I18: 1 | J18: =IF(OR(Table_type_part7[[#This Row],[taux nominal]]=1,Table_type_part7[[#This Row],[taux nominal]]=0),Table_type_part7[[#This Row],[taux nominal]],Table_type_part7[[#This Row],[taux nominal]]+IF($C$9,$C$7,0)) -> 1 | K18: 1 | M18: max RH fonctionnaires (%)
E19: EPST | F19: 1 | G19: 1 | H19: 1 | I19: 1 | J19: =IF(OR(Table_type_part7[[#This Row],[taux nominal]]=1,Table_type_part7[[#This Row],[taux nominal]]=0),Table_type_part7[[#This Row],[taux nominal]],Table_type_part7[[#This Row],[taux nominal]]+IF($C$9,$C$7,0)) -> 1 | K19: 1 | M19: 0
E20: EPA | F20: 1 | G20: 1 | H20: 1 | I20: 1 | J20: =IF(OR(Table_type_part7[[#This Row],[taux nominal]]=1,Table_type_part7[[#This Row],[taux nominal]]=0),Table_type_part7[[#This Row],[taux nominal]],Table_type_part7[[#This Row],[taux nominal]]+IF($C$9,$C$7,0)) -> 1 | K20: 1
E21: EPIC | F21: 1 | G21: 1 | H21: 1 | I21: 1 | J21: =IF(OR(Table_type_part7[[#This Row],[taux nominal]]=1,Table_type_part7[[#This Row],[taux nominal]]=0),Table_type_part7[[#This Row],[taux nominal]],Table_type_part7[[#This Row],[taux nominal]]+IF($C$9,$C$7,0)) -> 1 | K21: 1 | M21: Max décharge enseignement (k€)
E22: Fondation de recherche | F22: 1 | G22: 0 | H22: 0 | I22: 1 | J22: =IF(OR(Table_type_part7[[#This Row],[taux nominal]]=1,Table_type_part7[[#This Row],[taux nominal]]=0),Table_type_part7[[#This Row],[taux nominal]],Table_type_part7[[#This Row],[taux nominal]]+IF($C$9,$C$7,0)) -> 1 | K22: 1 | M22: 0
E23: Association à but non lucratif avec activité de recherche | F23: 1 | G23: 0 | H23: 0 | I23: 1 | J23: =IF(OR(Table_type_part7[[#This Row],[taux nominal]]=1,Table_type_part7[[#This Row],[taux nominal]]=0),Table_type_part7[[#This Row],[taux nominal]],Table_type_part7[[#This Row],[taux nominal]]+IF($C$9,$C$7,0)) -> 1 | K23: 1
E24: Petite entreprise | F24: 0 | G24: 0 | H24: 0 | I24: 0.45 | J24: 0 | K24: 0 | M24: max frais struc «personnel»
E25: Moyenne entreprise | F25: 0 | G25: 0 | H25: 0 | I25: 0.45 | J25: 0 | K25: 0 | M25: 68
E26: Grande entreprise | F26: 0 | G26: 0 | H26: 0 | I26: 0.3 | J26: 0 | K26: 0
E27: Autre établissement public à but non lucratif | F27: 1 | G27: 1 | H27: 1 | I27: 1 | J27: =IF(OR(Table_type_part7[[#This Row],[taux nominal]]=1,Table_type_part7[[#This Row],[taux nominal]]=0),Table_type_part7[[#This Row],[taux nominal]],Table_type_part7[[#This Row],[taux nominal]]+IF($C$9,$C$7,0)) -> 1 | K27: 1 | M27: max frais struc hors (pers, FI)
E28: Autre établissement privé à but non lucratif | F28: 1 | G28: 0 | H28: 0 | I28: 1 | J28: =IF(OR(Table_type_part7[[#This Row],[taux nominal]]=1,Table_type_part7[[#This Row],[taux nominal]]=0),Table_type_part7[[#This Row],[taux nominal]],Table_type_part7[[#This Row],[taux nominal]]+IF($C$9,$C$7,0)) -> 1 | K28: 0 | M28: 7
E29: Collectivités territoriales | F29: 0 | G29: 0 | H29: 0 | I29: 0 | J29: =IF(OR(Table_type_part7[[#This Row],[taux nominal]]=1,Table_type_part7[[#This Row],[taux nominal]]=0),Table_type_part7[[#This Row],[taux nominal]],Table_type_part7[[#This Row],[taux nominal]]+IF($C$9,$C$7,0)) -> 0 | K29: 0
M30: min demande projet (€)
E32: Facteur multiplicatif catégorie RGEC | F32: taux
E33: NA | F33: 1
M34: max demande projet (€)
M43: Commentaire buget (si nécessaire) :

Sheet Notice
C1: =Réglages!M2 -> PPR SpÉ « Sciences pour l'Éducation » | H1: =Réglages!M5 -> 2025
A5: Notice d'utilisation du "Document Administratif et Financier"
B6: Les bénéficiaires des aides sont des établissements d’enseignement supérieur (public ou privé à but non lucratif), des écoles, des organismes de recherche et des groupements d’établissements dotés de la personnalité morale, de droit français, y compris ceux implantés à l’étranger. Les établissements d’enseignement supérieur et recherche à but lucratif et les entreprises pourront avoir le statut d’Etablissement partenaire dans les projets mais ne bénéficieront pas de financement au titre de cette participation. Les aides sont versées par l’ANR à l’Etablissement coordinateur.
A7: RECOMMANDATIONS GENERALES
B8: Ce document est prévu pour recueillir les informations liées au projet, le remplissage des totaux se faisant automatiquement (cellules non colorées).
B9: ="Cependant, si vous avez besoin de modifier le document, merci de contacter l'ANR : "&Réglages!$M$12 -> Cependant, si vous avez besoin de modifier le document, merci de contacter l'ANR : PPR-SPE@agencerecherche.fr
B10: Seules les cellules sur fond gris des onglets "VoletGeneral", "Part1-Coord", "Part2", "Part3"… sont à renseigner. Les tableaux récapitulatifs du "Volet général" ainsi que toutes les cellules sur fond blanc sont remplis automatiquement à partir des données fournies dans les autres onglets.
B11: Tous les montants financiers sont en € et hors taxes (HT) majorés, le cas échéant, de la TVA non récupérable.
A12: 1 - Onglet "VoletGeneral"
B13: L'acronyme doit permettre d'identifier rapidement le projet, il est repris automatiquement sur toutes les pages du présent document. Les tableaux récapitulatifs reprennent les éléments financiers de l'ensemble des partenaires, ils sont remplis automatiquement.
A14: 2 - Onglets "Part1-Coord", "Part2", "Part3"…
B15: Chaque établissement et partenaire renseigne l'onglet qui lui correspond. Merci de régler le type de partenaire en premier lieu afin d’activer les bonnes cases de l’onglet.
B16: 2-1 Identification du partenaire
B17: Le nom complet de l'établissement et son sigle seront repris automatiquement dans certains tableaux récapitulatifs et devront être identiques à ceux saisis sur le site de dépôt (merci de respecter l'ordre de renseignement en ligne, sur le présent document et sur le document scientifique). L’établissement porteur doit être identifié comme le partenaire n°1 (Part1-Coord).
B18: 2-2 Demande financière
B19: Renseigner les tableaux par nature de demande. La justification de cette dernière sera à effectuer dans le document scientifique. Les calculs s'effectuent automatiquement : les cellules sur fond blanc comportant des formules sont verrouillées.
B20: Indiquer le montant total des dépenses dans la colonne "Coût total", et le cas échéant le nombre de personnes.mois, et les montants demandés au titre de l'aide dans la colonne "Aide demandée". Pour les dépenses de personnel, le coût moyen est calculé automatiquement. La différence entre le coût total et l'aide demandée constituera les apports du partenaire pour l'ensemble des natures de dépenses. Nous vous rappelons que les apports doivent être autres que des subventions France 2030/PIA.
B21: Pour les partenaires éligibles à l'aide, la colonne "Coût total" reprend l’ensemble des dépenses affectées au projet. Les montants demandés sont à inscrire dans la colonne "Assiette de l’aide" qui sera intégralement demandée (ie. taux d’aide à 100% de l’assiette de l’aide).
B22: Pour les partenaires à « cout complet » (en principe les entreprises et EPIC), la colonne « cout total » reprend l’ensemble des dépenses affectées au projet. La colonne « assiette de l’aide » comprend l’ensemble des dépenses éligibles que le partenaire souhaite déclarer. L’aide demandée est calculée par multiplication de l’assiette de l’aide par un taux d’aide demandé qui ne peut être supérieur au taux maximum prévu par la réglementation européenne. Ce taux maximum est automatiquement indiqué et varie selon le type de partenaire.
B23: Pour les partenaires à cout complets, les apports totaux sont donc constitués des dépenses n’entrant pas dans l’assiette de l’aide ainsi que du différentiel entre l’assiette de l’aide et l’aide demandée.
B24: Les entreprises partenaires doivent présenter des apports mais ne sont pas bénéficiaires de l'aide.
C25: 2-2-1 Equipement
B26: Les dépenses d’équipements (achat matériels et immatériels) en lien direct avec le projet sont éligibles.
B27: Il s'agit du coût total de ces matériels.
B28: Sont considérées comme dépenses d’équipement les achats matériels ou immatériels immobilisés dans la comptabilité de chacun des Partenaires du Projet. La classification "Dépenses d’équipement" est identique à la comptabilité de l’établissement. Ces dépenses peuvent concerner les coûts d’aménagement de surfaces nécessaires à l’installation d’équipements. Ces dépenses ne peuvent pas concerner les coûts de construction. Le seuil d’immobilisation étant à la discrétion de l’établissement, il devra être indiqué en entête de cette catégorie dans les relevés de dépenses.
B29: Les dépenses d’équipements doivent rester inférieures ou égales à 30 % du coût total entrant dans l’assiette de l’aide, sauf dérogation accordée par l’ANR sur demande motivée de l’Etablissement coordinateur.
B30: Les dépenses liées à l’installation des équipements (adaptation de l’environnement d’accueil, installation électrique, climatisation, renforcement du sol, modification des cloisons) sont éligibles. Les dépenses liées à la construction de bâtiment ne sont pas éligibles.
B31: Les montants sont à renseigner hors taxes (HT) augmentés éventuellement de la TVA non récupérable. En conséquence, les montants indiqués doivent prendre en compte la proportion x de TVA non récupérable de l'organisme [coût = coût HT * (1+ x *0.20)].
C32: 2-2-2 Personnel
B33: Renseigner le coût total (salaires bruts, primes diverses, et cotisations patronales, y compris la taxe sur les salaires), et le nombre total de personnes.mois (Nb. p.mois) par type de poste (une personne à temps plein pendant un an = 12 personnes.mois). Le coût moyen sur la totalité de la durée est calculé automatiquement. Renseigner ensuite le montant demandé à l'ANR dans la colonne "Aide demandée". La différence constituera les apports du partenaire.
B34: Les dépenses de personnel permanent, y compris fonctionnaire, et non permanent prises en compte dans l’assiette ne concernent que la quotité de travail de ces personnels qui est directement affectée au projet. La rémunération principale et les dépenses effectuées au titre des charges sociales afférentes et taxes sur les salaires, et des prestations sociales obligatoires et prestations de restauration collective sont exclues de l’assiette pour les personnels fonctionnaires. Les primes et heures complémentaires sont éligibles pour l’ensemble des personnels impliqués dans les projets. Les quotes-parts de personnels relevant de fonctions supports sont admises.
B35: Chaque établissement employeur du personnel fonctionnaire doit choisir : • Soit de remplir une fiche complète (un onglet de cet Excel) s’il demande de l’aide sur d’autres postes de dépense et fait des apports au projet. • Soit de remplir le tableau "Autres établissements déclarant des personnels fonctionnaires" à la fin des fiches complètes des établissements gestionnaires* des unités auxquelles sont rattachés ses personnels. L’établissement employeur ne peut alors faire ni apport (autre que du personnel fonctionnaire), ni autre dépense. Dans les deux cas, l’établissement sera pleinement partenaire du projet et devra notamment signer l'onglet et participer à l’accord de consortium, lorsqu'il est éxigé, comme défini dans le règlement financier. (* Gestionnaire s’entend ici au sens des délégations de gestion entre tutelles d’une UMR, et non au sens d’établissement gestionnaire comme défini dans le règlement financier)
C36: 2-2-3 Fonctionnement, prestation de service et facturation interne
B37: Les montants sont à renseigner hors taxes (HT) augmentés éventuellement de la TVA non récupérable. Les coûts d’infrastructures ou plateformes nécessaires au projet, sont établis sur une base proposée par l’établissement opérateur de la plateforme et qui tient compte du taux temporel d’utilisation des différentes composantes de la plateforme. Si le projet est financé, cette base doit être validée par l’ANR, auditée par un tiers – par exemple –les commissaires aux comptes de l’établissement et doit reposer sur une comptabilité analytique. Les couts ainsi établis sont transmis à l’ANR par l’établissement porteur. L’ANR peut réaliser ou faire réaliser un ou des audits complémentaires ; en conséquence, les montants indiqués doivent prendre en compte la proportion x de TVA non récupérable fonction de l'organisme [coût = coût HT * (1+ x *0.20)]. Les Etablissements partenaires peuvent faire exécuter des prestations par des tiers extérieurs au projet. Le coût de ces prestations figure de façon individualisée parmi les dépenses de l’opération. Les prestations relatives au fonctionnement doivent rester inférieures ou égales à 30 % du coût total entrant dans l’assiette de l’aide, sauf dérogation accordée par l’ANR sur demande motivée de l’Etablissement coordinateur.
C39: 2-2-4 Frais généraux
B40: ="Une partie des frais d’administration générale imputables au projet peut figurer parmi les dépenses éligibles. Ces frais ont un caractère forfaitaire et sont plafonnés à "&Réglages!M16&" % des dépenses éligibles réalisées dans la limite de l’aide accordée au projet, hors frais généraux." -> Une partie des frais d’administration générale imputables au projet peut figurer parmi les dépenses éligibles. Ces frais ont un caractère forfaitaire et sont plafonnés à 20 % des dépenses éligibles réalisées dans la limite de l’aide accordée au projet, hors frais généraux.
B41: Les partenaires à cout complet peuvent déclarer des frais de structure dans la limite de 68% des frais de personnels et de 7% du total hors personnel et facturation interne.
C42: 2-2-5 Frais d'environnement
B43: Cette partie concerne exclusivement les établissements publics financés sur la base du coût marginal.
B44: Pour le calcul du coût complet, il faut ajouter aux coûts salariaux totaux des personnels leurs frais d'environnement (ex coûts d'infrastructures). Les frais d'environnement sont égaux au produit de ces coûts salariaux totaux par le taux d'environnement propre à l'organisme. Les frais d'environnement sont calculés automatiquement. Ex : Pour un institut dont le taux d'environnement est à l'heure actuelle de 80 % : vous devez alors renseigner la valeur du taux d'environnement (ex: inscrire 80 pour un taux de 80 %) de l'organisme assurant la tutelle de gestion du partenaire pour le projet. Le taux étant propre à l'organisme, vous devez le consulter pour connaitre le taux applicable.
C45: 2-2-6 Coût complet, aide demandée
B46: Le coût complet correspondant à la participation du partenaire est calculé automatiquement à partir de l'ensemble des données rentrées dans les tableaux, du montant des frais généraux déclarés et des frais d'environnement pour les organismes publics financés sur la base du coût marginal.
B47: Le montant de l'aide demandée est calculé automatiquement à partir des données rentrées dans le tableau et du montant des frais généraux dans la limite d'un montant maximum.
B48: 2-3 Autres soutiens financiers liés au projet déposé
B49: Le tableau "Autres soutiens financiers sollicités ou obtenus liés au projet" doit faire l'objet d'une attention particulière : en effet, ce tableau doit indiquer tous les cofinancements sollicités ou obtenus en relation avec le projet déposé. L'identification du financeur et la nature du financement doivent être clairement précisées.

Sheet VoletGeneral
D1: =Réglages!M2 -> PPR SpÉ « Sciences pour l'Éducation »
G2: N° de dossier
D3: France 2030 - Agence Nationale de la Recherche Document administratif et financier | G3: Acronyme | I3: =IF(D9<>"",D9," ")
G4: Nombre de partenaires | I4: =COUNTA(B62:B81)-COUNTIF(B62:B81,"") -> 0
G5: =Réglages!M5 -> 2025
B7: Volet général
B8: Fiche d'identité du projet
B9: Acronyme du projet
B10: Titre du projet | C10: en francais
B11: Titre du projet | C11: en anglais
B12: Durée du projet (en mois)
B14: Responsable du projet
B16: Nom
B17: Prénom
B18: Courriel
B19: Téléphone
D20: Adresse postale professionnelle
B21: Bât, n° bureau
B22: Numéro de voie
B23: Type, nom de voie
B24: Code postal
B25: Ville
B26: Cedex
B27: Pays
B29: Nom complet de l'établissement coordinateur
H30: =" "
B31: Nom complet du partenaire
B32: Sigle du partenaire
B33: Type de partenaire
B34: Numéro SIRET
B36: Personne habilitée à engager juridiquement l'établissement coordinateur
B38: Genre
B39: Nom
B40: Prénom
B41: Qualité
B42: Courriel
B43: Téléphone
B45: Récapitulatif des demandes financières par destination
B47: Description | E47: Coût total | G47: Aide demandée | J47: Apport
B48: Equipement | E48: =P60 -> 0 | G48: =Z84 -> 0 | J48: =E48-G48 -> 0
B49: Personnel | E49: =Q60 -> 0 | G49: =AA84 -> 0 | J49: =E49-G49 -> 0
B50: Fonctionnement | E50: =R60 -> 0 | G50: =AB84 -> 0 | J50: =E50-G50 -> 0 | M50: lignes à garder | N50: xxxx | P50: xxxx | Q50: xxxx | R50: xxxx | S50: xxxx | T50: xxxx | U50: xxxx | V50: xxxx | W50: xxxx | X50: xxxx | Z50: xxxx | AA50: xxxx | AB50: xxxx | AC50: xxxx | AD50: xxxx | AE50: xxxx | AF50: xxxx | AG50: xxxx | AH50: xxxx | AI50: xxxx | AJ50: xxxx | AK50: xxxx | AL50: xxxx | AM50: xxxx | AN50: xxxx | AP50: xxxx | AQ50: xxxx | AR50: xxxx | AS50: xxxx | AT50: xxxx | AU50: xxxx | AV50: xxxx | AW50: xxxx | AX50: xxxx | AY50: xxxx | AZ50: xxxx | BA50: xxxx | BB50: xxxx | BC50: xxxx | BF50: xxxx | BG50: xxxx
B51: Prestations de services externes | E51: =S60 -> 100 | G51: =AC84 -> 0 | J51: =E51-G51 -> 100 | M51: ligne titre | P51: =CONCATENATE(P52,"-",P57) -> cout tot-équipt | Q51: =CONCATENATE(Q52,"-",Q57) -> cout tot-personnel | R51: =CONCATENATE(R52,"-",R57) -> cout tot-Fctmt | S51: =CONCATENATE(S52,"-",S57) -> cout tot-presta service externes | T51: =CONCATENATE(T52,"-",T57) -> cout tot-facturation interne | U51: =CONCATENATE(U52,"-",U57) -> cout tot-frais généraux | V51: =CONCATENATE(V52,"-",V57) -> cout tot-frais env | W51: =CONCATENATE(W52,"-",W57) -> cout tot-max frais struc «personnel» | ... AO51: =CONCATENATE(AO52,"-",AO57) -> apports-TOTAL | AP51: aide personnels statutaire | AT51: aide Décharges d’enseignement | AU51: =CONCATENATE(AU52,"-",AU57) -> cofiUE-cofi sollicités | AV51: =CONCATENATE(AV52,"-",AV57) -> cofiUE-cofi obtenus | AW51: =CONCATENATE(AW52,"-",AW57) -> cofiNonUE-cofi sollicités | AX51: =CONCATENATE(AX52,"-",AX57) -> cofiNonUE-cofi obtenus | BC51: =CONCATENATE(BC52,"-",BC57) -> info- | BF51: =CONCATENATE(BF52,"-",BF57) -> info-typePart | BG51: =CONCATENATE(BG52,"-",BG57) -> info-nomPart
B52: Facturation interne | E52: =T60 -> 0 | G52: =AD84 -> 0 | J52: =E52-G52 -> 0 | P52: cout tot | Q52: cout tot | R52: cout tot | S52: cout tot | T52: cout tot | U52: cout tot | V52: cout tot | W52: cout tot | X52: cout tot | Y52: cout tot | Z52: demande | AA52: demande | AB52: demande | AC52: demande | AD52: demande | AE52: demande | AF52: demande | AG52: demande | AH52: demande | AI52: apports | AJ52: apports | AK52: apports | AL52: apports | AM52: apports | AN52: apports | AO52: apports | AP52: aide statutaire | AQ52: apport statutaire | AR52: apport statutaire | AS52: aide presta service | AU52: cofiUE | AV52: cofiUE | AW52: cofiNonUE | AX52: cofiNonUE | BC52: info | BF52: info | BG52: info
B53: Frais généraux | E53: =U60 -> 0 | G53: =AE84 -> 0
B54: Frais structure | E54: =(W60+X60) -> 0 | G54: =(AF84+AG84) -> 0 | J54: =E54-G54 -> 0 | N54: Tableau récapitulatif des demandes (à l’aide de formules indirectes) : | AP54: aide personnels fonctionnaire | AQ54: apport pers fonct AVEC demande | AR54: apport pers fonct SANS demande | AS54: aide prestations de service | AT54: aide Décharges d’enseignement | AU54: Cofinancements HORS UE | AW54: Cofinancements IN UE | AY54: base de calcul | AZ54: taux d’aide | BA54: Calcul du total d’aide hors frais généraux | BD54: colonne de "1" pour compte
B55: Frais d'environnement | E55: =V60 -> 0 | J55: =E55 -> 0 | P55: coût totaux | Z55: aide demandée | AI55: apports | BC55: SIRET
B56: Total (les montants sont arrondis à l'euro supérieur) | E56: =SUM(G56,J56) -> 100 | G56: =ROUNDUP((SUM(G48:H55)),0) -> 0 | J56: =ROUNDUP((SUM(J48:K55)),0) -> 100 | O56: num col | P56: G | Q56: G | R56: G | S56: G | T56: G | U56: G | V56: G | W56: G | X56: G | Z56: H | AA56: H | AB56: H | AC56: H | AD56: H | AE56: H | AF56: H | AG56: H | AI56: I | AJ56: I | AK56: I | AL56: I | AM56: I | AN56: I | AP56: H | AQ56: I | AR56: I | AS56: H | AT56: H | AU56: H | AV56: I | AW56: H | AX56: I | AY56: D | AZ56: D | BC56: D
P57: équipt | Q57: personnel | R57: Fctmt | S57: presta service externes | T57: facturation interne | U57: frais généraux | V57: frais env | W57: max frais struc «personnel» | X57: Frais struc autre | Y57: TOTAL | Z57: équipt | AA57: RH | AB57: Fctmt | AC57: presta service externes | AD57: factu int | AE57: frais généraux | AF57: Frais struc pers | AG57: Frais struc autre | AH57: TOTAL | AI57: équipt | AJ57: RH | AK57: Fctmt | AL57: presta service externes | AM57: factu int | AN57: frais env | AO57: TOTAL | AP57: =AP54 -> aide personnels fonctionnaire | AQ57: =AQ54 -> apport pers fonct AVEC demande | AR57: =AR54 -> apport pers fonct SANS demande | AS57: =AS54 -> aide prestations de service | AT57: =AT54 -> aide Décharges d’enseignement | AU57: cofi sollicités | AV57: cofi obtenus | AW57: cofi sollicités | AX57: cofi obtenus | BF57: typePart | BG57: nomPart
B58: Récapitulatif des demandes financières par partenaire | O58: nom ligne | P58: Case_equipement | Q58: Case_pers_tot | R58: Case_fonctionnement_tot | S58: Case_prestationServiceExterne | T58: Case_facturation_interne | U58: Case_frais_generaux | V58: Case_frais_environnement | W58: Case_Frais_de_struc_pers | X58: Case_Frais_de_struc_autre | Z58: =P58 -> Case_equipement | AA58: =Q58 -> Case_pers_tot | AB58: =R58 -> Case_fonctionnement_tot | AC58: =S58 -> Case_prestationServiceExterne | AD58: =T58 -> Case_facturation_interne | AE58: =U58 -> Case_frais_generaux | AF58: =W58 -> Case_Frais_de_struc_pers | AG58: =X58 -> Case_Frais_de_struc_autre | AI58: =P58 -> Case_equipement | AJ58: =Q58 -> Case_pers_tot | AK58: =R58 -> Case_fonctionnement_tot | AL58: =S58 -> Case_prestationServiceExterne | AM58: =T58 -> Case_facturation_interne | AN58: =V58 -> Case_frais_environnement | AP58: Case_pers_fonct_avec | AQ58: Case_pers_fonct_avec | AR58: Case_pers_fonct_sans | AS58: Case_prestationServiceExterne | AT58: case_decharge_enseignement | AU58: Case_cofi_horsUE | AV58: Case_cofi_horsUE | AW58: Case_cofi_inUE | AX58: Case_cofi_inUE | AY58: Case_base_calcul | AZ58: case_Taux_d_aide_retenu | BC58: case_Numéro_SIRET
B60: Type de partenaire | E60: Nom du partenaire | G60: Coût total | H60: Assiette de l’aide | I60: Taux d'aide | J60: Aide demandée | K60: Apport total | N60: Nom feuille partenaire | O60: Totaux | P60: =SUM(P62:P81) -> 0 | Q60: =SUM(Q62:Q81) -> 0 | R60: =SUM(R62:R81) -> 0 | S60: =SUM(S62:S81) -> 100 | T60: =SUM(T62:T81) -> 0 | U60: =SUM(U62:U81) -> 0 | V60: =SUM(V62:V81) -> 0 | W60: =SUM(W62:W81) -> 0 | ... AX60: =SUM(AX62:AX81) -> 0 | BA60: =SUM(BA62:BA81) -> 0 | BD60: =SUM(BD62:BD81) -> 20
B61: =IF(L61<>"",L61&"-"&COUNTIF(L$44:L61,L61),"") | G61: =#REF! -> #REF! | I61: =#REF! -> #REF! | K61: =#REF! -> #REF!
A62: 1 | B62: =IF(INDIRECT("'"&N62&"'!D$9")="","",INDIRECT("'"&N62&"'!D$9")) | E62: =IF(INDIRECT("'"&N62&"'!D$7")="","",INDIRECT("'"&N62&"'!D$7")) | G62: =Y62 -> 0 | H62: =AH62 -> 0 | I62: =AZ62 -> 0 | J62: =H62*I62 -> 0 | K62: =G62-J62 -> 0 | M62: xxxx | N62: Part1-Coord | P62: =INDIRECT("'"&$N62&"'!"&P$56&ROW(INDIRECT("'"&$N62&"'!"&P$58))) -> 0 | Q62: =INDIRECT("'"&$N62&"'!"&Q$56&ROW(INDIRECT("'"&$N62&"'!"&Q$58))) -> 0 | R62: =INDIRECT("'"&$N62&"'!"&R$56&ROW(INDIRECT("'"&$N62&"'!"&R$58))) -> 0 | S62: =INDIRECT("'"&$N62&"'!"&S$56&ROW(INDIRECT("'"&$N62&"'!"&S$58))) -> 0 | T62: =INDIRECT("'"&$N62&"'!"&T$56&ROW(INDIRECT("'"&$N62&"'!"&T$58))) -> 0 | U62: =INDIRECT("'"&$N62&"'!"&U$56&ROW(INDIRECT("'"&$N62&"'!"&U$58))) -> 0 | V62: =INDIRECT("'"&$N62&"'!"&V$56&ROW(INDIRECT("'"&$N62&"'!"&V$58))) -> 0 | W62: ='Part1-Coord'!G73 -> 0 | X62: ='Part1-Coord'!G74 -> 0 | Y62: =SUM(P62:X62) -> 0 | Z62: =INDIRECT("'"&$N62&"'!"&Z$56&ROW(INDIRECT("'"&$N62&"'!"&Z$58))) -> 0 | AA62: =INDIRECT("'"&$N62&"'!"&AA$56&ROW(INDIRECT("'"&$N62&"'!"&AA$58))) -> 0 | AB62: =INDIRECT("'"&$N62&"'!"&AB$56&ROW(INDIRECT("'"&$N62&"'!"&AB$58))) -> 0 | AC62: =INDIRECT("'"&$N62&"'!"&AC$56&ROW(INDIRECT("'"&$N62&"'!"&AC$58))) -> 0 | AD62: =INDIRECT("'"&$N62&"'!"&AD$56&ROW(INDIRECT("'"&$N62&"'!"&AD$58))) -> 0 | AE62: =INDIRECT("'"&$N62&"'!"&AE$56&ROW(INDIRECT("'"&$N62&"'!"&AE$58))) -> 0 | AF62: ='Part1-Coord'!H73 -> 0 | AG62: ='Part1-Coord'!H74 -> 0 | AH62: =SUM(Z62:AG62) -> 0 | AI62: =INDIRECT("'"&$N62&"'!"&AI$56&ROW(INDIRECT("'"&$N62&"'!"&AI$58))) -> 0 | AJ62: =INDIRECT("'"&$N62&"'!"&AJ$56&ROW(INDIRECT("'"&$N62&"'!"&AJ$58))) -> 0 | AK62: =INDIRECT("'"&$N62&"'!"&AK$56&ROW(INDIRECT("'"&$N62&"'!"&AK$58))) -> 0 | AL62: =INDIRECT("'"&$N62&"'!"&AL$56&ROW(INDIRECT("'"&$N62&"'!"&AL$58))) -> 0 | AM62: =INDIRECT("'"&$N62&"'!"&AM$56&ROW(INDIRECT("'"&$N62&"'!"&AM$58))) -> 0 | AN62: =INDIRECT("'"&$N62&"'!"&AN$56&ROW(INDIRECT("'"&$N62&"'!"&AN$58))) -> 0 | AO62: =SUM(AI62:AN62) -> 0 | AP62: =INDIRECT("'"&$N62&"'!"&AP$56&ROW(INDIRECT("'"&$N62&"'!"&AP$58))) -> 0 | AQ62: =INDIRECT("'"&$N62&"'!"&AQ$56&ROW(INDIRECT("'"&$N62&"'!"&AQ$58))) | AR62: =INDIRECT("'"&$N62&"'!"&AR$56&ROW(INDIRECT("'"&$N62&"'!"&AR$58))) | AS62: =INDIRECT("'"&$N62&"'!"&AS$56&ROW(INDIRECT("'"&$N62&"'!"&AS$58))) -> 0 | AT62: =INDIRECT("'"&$N62&"'!"&AT$56&ROW(INDIRECT("'"&$N62&"'!"&AT$58))) -> 0 | AU62: =INDIRECT("'"&$N62&"'!"&AU$56&ROW(INDIRECT("'"&$N62&"'!"&AU$58))) -> 0 | AV62: =INDIRECT("'"&$N62&"'!"&AV$56&ROW(INDIRECT("'"&$N62&"'!"&AV$58))) -> 0 | AW62: =INDIRECT("'"&$N62&"'!"&AW$56&ROW(INDIRECT("'"&$N62&"'!"&AW$58))) -> 0 | AX62: =INDIRECT("'"&$N62&"'!"&AX$56&ROW(INDIRECT("'"&$N62&"'!"&AX$58))) -> 0 | AY62: ='Part1-Coord'!L4 -> Part. non finançable | AZ62: ='Part1-Coord'!D68 -> 0 | BA62: =(AH62-AE62)*AZ62 -> 0 | BC62: =INDIRECT("'"&$N62&"'!"&BC$56&ROW(INDIRECT("'"&$N62&"'!"&BC$58))) | BD62: 1 | BF62: =B62 | BG62: =E62
A63: 2 | B63: =IF(INDIRECT("'"&N63&"'!D$9")="","",INDIRECT("'"&N63&"'!D$9")) | E63: =IF(INDIRECT("'"&N63&"'!D$7")="","",INDIRECT("'"&N63&"'!D$7")) | G63: =Y63 -> 100 | H63: =AH63 -> 100 | I63: =AZ63 -> 0 | J63: =H63*I63 -> 0 | K63: =G63-J63 -> 100 | M63: xxxx | N63: ="Part"&A63 -> Part2 | P63: =INDIRECT("'"&$N63&"'!"&P$56&ROW(INDIRECT("'"&$N63&"'!"&P$58))) -> 0 | Q63: =INDIRECT("'"&$N63&"'!"&Q$56&ROW(INDIRECT("'"&$N63&"'!"&Q$58))) -> 0 | R63: =INDIRECT("'"&$N63&"'!"&R$56&ROW(INDIRECT("'"&$N63&"'!"&R$58))) -> 0 | S63: =INDIRECT("'"&$N63&"'!"&S$56&ROW(INDIRECT("'"&$N63&"'!"&S$58))) -> 100 | T63: =INDIRECT("'"&$N63&"'!"&T$56&ROW(INDIRECT("'"&$N63&"'!"&T$58))) -> 0 | U63: =INDIRECT("'"&$N63&"'!"&U$56&ROW(INDIRECT("'"&$N63&"'!"&U$58))) -> 0 | V63: =INDIRECT("'"&$N63&"'!"&V$56&ROW(INDIRECT("'"&$N63&"'!"&V$58))) -> 0 | W63: =Part2!G79 -> 0 | X63: =Part2!G80 -> 0 | Y63: =SUM(P63:X63) -> 100 | Z63: =INDIRECT("'"&$N63&"'!"&Z$56&ROW(INDIRECT("'"&$N63&"'!"&Z$58))) -> 0 | AA63: =INDIRECT("'"&$N63&"'!"&AA$56&ROW(INDIRECT("'"&$N63&"'!"&AA$58))) -> 0 | AB63: =INDIRECT("'"&$N63&"'!"&AB$56&ROW(INDIRECT("'"&$N63&"'!"&AB$58))) -> 0 | AC63: =INDIRECT("'"&$N63&"'!"&AC$56&ROW(INDIRECT("'"&$N63&"'!"&AC$58))) -> 100 | AD63: =INDIRECT("'"&$N63&"'!"&AD$56&ROW(INDIRECT("'"&$N63&"'!"&AD$58))) -> 0 | AE63: =INDIRECT("'"&$N63&"'!"&AE$56&ROW(INDIRECT("'"&$N63&"'!"&AE$58))) -> 0 | AF63: =Part2!H79 -> 0 | AG63: =Part2!H80 -> 0 | AH63: =SUM(Z63:AG63) -> 100 | AI63: =INDIRECT("'"&$N63&"'!"&AI$56&ROW(INDIRECT("'"&$N63&"'!"&AI$58))) -> 0 | AJ63: =INDIRECT("'"&$N63&"'!"&AJ$56&ROW(INDIRECT("'"&$N63&"'!"&AJ$58))) -> 0 | AK63: =INDIRECT("'"&$N63&"'!"&AK$56&ROW(INDIRECT("'"&$N63&"'!"&AK$58))) -> 0 | AL63: =INDIRECT("'"&$N63&"'!"&AL$56&ROW(INDIRECT("'"&$N63&"'!"&AL$58))) -> 0 | AM63: =INDIRECT("'"&$N63&"'!"&AM$56&ROW(INDIRECT("'"&$N63&"'!"&AM$58))) -> 0 | AN63: =INDIRECT("'"&$N63&"'!"&AN$56&ROW(INDIRECT("'"&$N63&"'!"&AN$58))) -> 0 | AO63: =SUM(AI63:AN63) -> 0 | AP63: =INDIRECT("'"&$N63&"'!"&AP$56&ROW(INDIRECT("'"&$N63&"'!"&AP$58))) -> 0 | AQ63: =INDIRECT("'"&$N63&"'!"&AQ$56&ROW(INDIRECT("'"&$N63&"'!"&AQ$58))) | AR63: =INDIRECT("'"&$N63&"'!"&AR$56&ROW(INDIRECT("'"&$N63&"'!"&AR$58))) | AS63: =INDIRECT("'"&$N63&"'!"&AS$56&ROW(INDIRECT("'"&$N63&"'!"&AS$58))) -> 100 | AT63: =INDIRECT("'"&$N63&"'!"&AT$56&ROW(INDIRECT("'"&$N63&"'!"&AT$58))) -> 0 | AU63: =INDIRECT("'"&$N63&"'!"&AU$56&ROW(INDIRECT("'"&$N63&"'!"&AU$58))) -> 0 | AV63: =INDIRECT("'"&$N63&"'!"&AV$56&ROW(INDIRECT("'"&$N63&"'!"&AV$58))) -> 0 | AW63: =INDIRECT("'"&$N63&"'!"&AW$56&ROW(INDIRECT("'"&$N63&"'!"&AW$58))) -> 0 | AX63: =INDIRECT("'"&$N63&"'!"&AX$56&ROW(INDIRECT("'"&$N63&"'!"&AX$58))) -> 0 | AY63: =Part2!L10 -> Part. non finançable | AZ63: =Part2!D74 -> 0 | BA63: =(AH63-AE63)*AZ63 -> 0 | BC63: =INDIRECT("'"&$N63&"'!"&BC$56&ROW(INDIRECT("'"&$N63&"'!"&BC$58))) -> 0 | BD63: 1 | BF63: =B63 | BG63: =E63
A64: 3 | B64: =IF(INDIRECT("'"&N64&"'!D$9")="","",INDIRECT("'"&N64&"'!D$9")) | E64: =IF(INDIRECT("'"&N64&"'!D$7")="","",INDIRECT("'"&N64&"'!D$7")) | G64: =Y64 -> 0 | H64: =AH64 -> 0 | I64: =AZ64 -> 0 | J64: =H64*I64 -> 0 | K64: =G64-J64 -> 0 | M64: xxxx | N64: ="Part"&A64 -> Part3 | P64: =INDIRECT("'"&$N64&"'!"&P$56&ROW(INDIRECT("'"&$N64&"'!"&P$58))) -> 0 | Q64: =INDIRECT("'"&$N64&"'!"&Q$56&ROW(INDIRECT("'"&$N64&"'!"&Q$58))) -> 0 | R64: =INDIRECT("'"&$N64&"'!"&R$56&ROW(INDIRECT("'"&$N64&"'!"&R$58))) -> 0 | S64: =INDIRECT("'"&$N64&"'!"&S$56&ROW(INDIRECT("'"&$N64&"'!"&S$58))) -> 0 | T64: =INDIRECT("'"&$N64&"'!"&T$56&ROW(INDIRECT("'"&$N64&"'!"&T$58))) -> 0 | U64: =INDIRECT("'"&$N64&"'!"&U$56&ROW(INDIRECT("'"&$N64&"'!"&U$58))) -> 0 | V64: =INDIRECT("'"&$N64&"'!"&V$56&ROW(INDIRECT("'"&$N64&"'!"&V$58))) -> 0 | W64: =Part3!G79 -> 0 | X64: =Part3!G80 -> 0 | Y64: =SUM(P64:X64) -> 0 | Z64: =INDIRECT("'"&$N64&"'!"&Z$56&ROW(INDIRECT("'"&$N64&"'!"&Z$58))) -> 0 | AA64: =INDIRECT("'"&$N64&"'!"&AA$56&ROW(INDIRECT("'"&$N64&"'!"&AA$58))) -> 0 | AB64: =INDIRECT("'"&$N64&"'!"&AB$56&ROW(INDIRECT("'"&$N64&"'!"&AB$58))) -> 0 | AC64: =INDIRECT("'"&$N64&"'!"&AC$56&ROW(INDIRECT("'"&$N64&"'!"&AC$58))) -> 0 | AD64: =INDIRECT("'"&$N64&"'!"&AD$56&ROW(INDIRECT("'"&$N64&"'!"&AD$58))) -> 0 | AE64: =INDIRECT("'"&$N64&"'!"&AE$56&ROW(INDIRECT("'"&$N64&"'!"&AE$58))) -> 0 | AF64: =Part3!H79 -> 0 | AG64: =Part3!H80 -> 0 | AH64: =SUM(Z64:AG64) -> 0 | AI64: =INDIRECT("'"&$N64&"'!"&AI$56&ROW(INDIRECT("'"&$N64&"'!"&AI$58))) -> 0 | AJ64: =INDIRECT("'"&$N64&"'!"&AJ$56&ROW(INDIRECT("'"&$N64&"'!"&AJ$58))) -> 0 | AK64: =INDIRECT("'"&$N64&"'!"&AK$56&ROW(INDIRECT("'"&$N64&"'!"&AK$58))) -> 0 | AL64: =INDIRECT("'"&$N64&"'!"&AL$56&ROW(INDIRECT("'"&$N64&"'!"&AL$58))) -> 0 | AM64: =INDIRECT("'"&$N64&"'!"&AM$56&ROW(INDIRECT("'"&$N64&"'!"&AM$58))) -> 0 | AN64: =INDIRECT("'"&$N64&"'!"&AN$56&ROW(INDIRECT("'"&$N64&"'!"&AN$58))) -> 0 | AO64: =SUM(AI64:AN64) -> 0 | AP64: =INDIRECT("'"&$N64&"'!"&AP$56&ROW(INDIRECT("'"&$N64&"'!"&AP$58))) -> 0 | AQ64: =INDIRECT("'"&$N64&"'!"&AQ$56&ROW(INDIRECT("'"&$N64&"'!"&AQ$58))) | AR64: =INDIRECT("'"&$N64&"'!"&AR$56&ROW(INDIRECT("'"&$N64&"'!"&AR$58))) | AS64: =INDIRECT("'"&$N64&"'!"&AS$56&ROW(INDIRECT("'"&$N64&"'!"&AS$58))) -> 0 | AT64: =INDIRECT("'"&$N64&"'!"&AT$56&ROW(INDIRECT("'"&$N64&"'!"&AT$58))) -> 0 | AU64: =INDIRECT("'"&$N64&"'!"&AU$56&ROW(INDIRECT("'"&$N64&"'!"&AU$58))) -> 0 | AV64: =INDIRECT("'"&$N64&"'!"&AV$56&ROW(INDIRECT("'"&$N64&"'!"&AV$58))) -> 0 | AW64: =INDIRECT("'"&$N64&"'!"&AW$56&ROW(INDIRECT("'"&$N64&"'!"&AW$58))) -> 0 | AX64: =INDIRECT("'"&$N64&"'!"&AX$56&ROW(INDIRECT("'"&$N64&"'!"&AX$58))) -> 0 | AY64: =Part3!L10 -> Part. non finançable | AZ64: =Part3!D74 -> 0 | BA64: =(AH64-AE64)*AZ64 -> 0 | BC64: =INDIRECT("'"&$N64&"'!"&BC$56&ROW(INDIRECT("'"&$N64&"'!"&BC$58))) -> 0 | BD64: 1 | BF64: =B64 | BG64: =E64
A65: 4 | B65: =IF(INDIRECT("'"&N65&"'!D$9")="","",INDIRECT("'"&N65&"'!D$9")) | E65: =IF(INDIRECT("'"&N65&"'!D$7")="","",INDIRECT("'"&N65&"'!D$7")) | G65: =Y65 -> 0 | H65: =AH65 -> 0 | I65: =AZ65 -> 0 | J65: =H65*I65 -> 0 | K65: =G65-J65 -> 0 | M65: xxxx | N65: ="Part"&A65 -> Part4 | P65: =INDIRECT("'"&$N65&"'!"&P$56&ROW(INDIRECT("'"&$N65&"'!"&P$58))) -> 0 | Q65: =INDIRECT("'"&$N65&"'!"&Q$56&ROW(INDIRECT("'"&$N65&"'!"&Q$58))) -> 0 | R65: =INDIRECT("'"&$N65&"'!"&R$56&ROW(INDIRECT("'"&$N65&"'!"&R$58))) -> 0 | S65: =INDIRECT("'"&$N65&"'!"&S$56&ROW(INDIRECT("'"&$N65&"'!"&S$58))) -> 0 | T65: =INDIRECT("'"&$N65&"'!"&T$56&ROW(INDIRECT("'"&$N65&"'!"&T$58))) -> 0 | U65: =INDIRECT("'"&$N65&"'!"&U$56&ROW(INDIRECT("'"&$N65&"'!"&U$58))) -> 0 | V65: =INDIRECT("'"&$N65&"'!"&V$56&ROW(INDIRECT("'"&$N65&"'!"&V$58))) -> 0 | W65: =Part4!G79 -> 0 | X65: =Part4!G80 -> 0 | Y65: =SUM(P65:X65) -> 0 | Z65: =INDIRECT("'"&$N65&"'!"&Z$56&ROW(INDIRECT("'"&$N65&"'!"&Z$58))) -> 0 | AA65: =INDIRECT("'"&$N65&"'!"&AA$56&ROW(INDIRECT("'"&$N65&"'!"&AA$58))) -> 0 | AB65: =INDIRECT("'"&$N65&"'!"&AB$56&ROW(INDIRECT("'"&$N65&"'!"&AB$58))) -> 0 | AC65: =INDIRECT("'"&$N65&"'!"&AC$56&ROW(INDIRECT("'"&$N65&"'!"&AC$58))) -> 0 | AD65: =INDIRECT("'"&$N65&"'!"&AD$56&ROW(INDIRECT("'"&$N65&"'!"&AD$58))) -> 0 | AE65: =INDIRECT("'"&$N65&"'!"&AE$56&ROW(INDIRECT("'"&$N65&"'!"&AE$58))) -> 0 | AF65: =Part4!H79 -> 0 | AG65: =Part4!H80 -> 0 | AH65: =SUM(Z65:AG65) -> 0 | AI65: =INDIRECT("'"&$N65&"'!"&AI$56&ROW(INDIRECT("'"&$N65&"'!"&AI$58))) -> 0 | AJ65: =INDIRECT("'"&$N65&"'!"&AJ$56&ROW(INDIRECT("'"&$N65&"'!"&AJ$58))) -> 0 | AK65: =INDIRECT("'"&$N65&"'!"&AK$56&ROW(INDIRECT("'"&$N65&"'!"&AK$58))) -> 0 | AL65: =INDIRECT("'"&$N65&"'!"&AL$56&ROW(INDIRECT("'"&$N65&"'!"&AL$58))) -> 0 | AM65: =INDIRECT("'"&$N65&"'!"&AM$56&ROW(INDIRECT("'"&$N65&"'!"&AM$58))) -> 0 | AN65: =INDIRECT("'"&$N65&"'!"&AN$56&ROW(INDIRECT("'"&$N65&"'!"&AN$58))) -> 0 | AO65: =SUM(AI65:AN65) -> 0 | AP65: =INDIRECT("'"&$N65&"'!"&AP$56&ROW(INDIRECT("'"&$N65&"'!"&AP$58))) -> 0 | AQ65: =INDIRECT("'"&$N65&"'!"&AQ$56&ROW(INDIRECT("'"&$N65&"'!"&AQ$58))) | AR65: =INDIRECT("'"&$N65&"'!"&AR$56&ROW(INDIRECT("'"&$N65&"'!"&AR$58))) | AS65: =INDIRECT("'"&$N65&"'!"&AS$56&ROW(INDIRECT("'"&$N65&"'!"&AS$58))) -> 0 | AT65: =INDIRECT("'"&$N65&"'!"&AT$56&ROW(INDIRECT("'"&$N65&"'!"&AT$58))) -> 0 | AU65: =INDIRECT("'"&$N65&"'!"&AU$56&ROW(INDIRECT("'"&$N65&"'!"&AU$58))) -> 0 | AV65: =INDIRECT("'"&$N65&"'!"&AV$56&ROW(INDIRECT("'"&$N65&"'!"&AV$58))) -> 0 | AW65: =INDIRECT("'"&$N65&"'!"&AW$56&ROW(INDIRECT("'"&$N65&"'!"&AW$58))) -> 0 | AX65: =INDIRECT("'"&$N65&"'!"&AX$56&ROW(INDIRECT("'"&$N65&"'!"&AX$58))) -> 0 | AY65: =Part4!L10 -> Part. non finançable | AZ65: =Part4!D74 -> 0 | BA65: =(AH65-AE65)*AZ65 -> 0 | BC65: =INDIRECT("'"&$N65&"'!"&BC$56&ROW(INDIRECT("'"&$N65&"'!"&BC$58))) -> 0 | BD65: 1 | BF65: =B65 | BG65: =E65
A66: 5 | B66: =IF(INDIRECT("'"&N66&"'!D$9")="","",INDIRECT("'"&N66&"'!D$9")) | E66: =IF(INDIRECT("'"&N66&"'!D$7")="","",INDIRECT("'"&N66&"'!D$7")) | G66: =Y66 -> 0 | H66: =AH66 -> 0 | I66: =AZ66 -> 0 | J66: =H66*I66 -> 0 | K66: =G66-J66 -> 0 | M66: xxxx | N66: ="Part"&A66 -> Part5 | P66: =INDIRECT("'"&$N66&"'!"&P$56&ROW(INDIRECT("'"&$N66&"'!"&P$58))) -> 0 | Q66: =INDIRECT("'"&$N66&"'!"&Q$56&ROW(INDIRECT("'"&$N66&"'!"&Q$58))) -> 0 | R66: =INDIRECT("'"&$N66&"'!"&R$56&ROW(INDIRECT("'"&$N66&"'!"&R$58))) -> 0 | S66: =INDIRECT("'"&$N66&"'!"&S$56&ROW(INDIRECT("'"&$N66&"'!"&S$58))) -> 0 | T66: =INDIRECT("'"&$N66&"'!"&T$56&ROW(INDIRECT("'"&$N66&"'!"&T$58))) -> 0 | U66: =INDIRECT("'"&$N66&"'!"&U$56&ROW(INDIRECT("'"&$N66&"'!"&U$58))) -> 0 | V66: =INDIRECT("'"&$N66&"'!"&V$56&ROW(INDIRECT("'"&$N66&"'!"&V$58))) -> 0 | W66: =Part5!G79 -> 0 | X66: =Part5!G80 -> 0 | Y66: =SUM(P66:X66) -> 0 | Z66: =INDIRECT("'"&$N66&"'!"&Z$56&ROW(INDIRECT("'"&$N66&"'!"&Z$58))) -> 0 | AA66: =INDIRECT("'"&$N66&"'!"&AA$56&ROW(INDIRECT("'"&$N66&"'!"&AA$58))) -> 0 | AB66: =INDIRECT("'"&$N66&"'!"&AB$56&ROW(INDIRECT("'"&$N66&"'!"&AB$58))) -> 0 | AC66: =INDIRECT("'"&$N66&"'!"&AC$56&ROW(INDIRECT("'"&$N66&"'!"&AC$58))) -> 0 | AD66: =INDIRECT("'"&$N66&"'!"&AD$56&ROW(INDIRECT("'"&$N66&"'!"&AD$58))) -> 0 | AE66: =INDIRECT("'"&$N66&"'!"&AE$56&ROW(INDIRECT("'"&$N66&"'!"&AE$58))) -> 0 | AF66: =Part5!H79 -> 0 | AG66: =Part5!H80 -> 0 | AH66: =SUM(Z66:AG66) -> 0 | AI66: =INDIRECT("'"&$N66&"'!"&AI$56&ROW(INDIRECT("'"&$N66&"'!"&AI$58))) -> 0 | AJ66: =INDIRECT("'"&$N66&"'!"&AJ$56&ROW(INDIRECT("'"&$N66&"'!"&AJ$58))) -> 0 | AK66: =INDIRECT("'"&$N66&"'!"&AK$56&ROW(INDIRECT("'"&$N66&"'!"&AK$58))) -> 0 | AL66: =INDIRECT("'"&$N66&"'!"&AL$56&ROW(INDIRECT("'"&$N66&"'!"&AL$58))) -> 0 | AM66: =INDIRECT("'"&$N66&"'!"&AM$56&ROW(INDIRECT("'"&$N66&"'!"&AM$58))) -> 0 | AN66: =INDIRECT("'"&$N66&"'!"&AN$56&ROW(INDIRECT("'"&$N66&"'!"&AN$58))) -> 0 | AO66: =SUM(AI66:AN66) -> 0 | AP66: =INDIRECT("'"&$N66&"'!"&AP$56&ROW(INDIRECT("'"&$N66&"'!"&AP$58))) -> 0 | AQ66: =INDIRECT("'"&$N66&"'!"&AQ$56&ROW(INDIRECT("'"&$N66&"'!"&AQ$58))) | AR66: =INDIRECT("'"&$N66&"'!"&AR$56&ROW(INDIRECT("'"&$N66&"'!"&AR$58))) | AS66: =INDIRECT("'"&$N66&"'!"&AS$56&ROW(INDIRECT("'"&$N66&"'!"&AS$58))) -> 0 | AT66: =INDIRECT("'"&$N66&"'!"&AT$56&ROW(INDIRECT("'"&$N66&"'!"&AT$58))) -> 0 | AU66: =INDIRECT("'"&$N66&"'!"&AU$56&ROW(INDIRECT("'"&$N66&"'!"&AU$58))) -> 0 | AV66: =INDIRECT("'"&$N66&"'!"&AV$56&ROW(INDIRECT("'"&$N66&"'!"&AV$58))) -> 0 | AW66: =INDIRECT("'"&$N66&"'!"&AW$56&ROW(INDIRECT("'"&$N66&"'!"&AW$58))) -> 0 | AX66: =INDIRECT("'"&$N66&"'!"&AX$56&ROW(INDIRECT("'"&$N66&"'!"&AX$58))) -> 0 | AY66: =Part5!L10 -> Part. non finançable | AZ66: =Part5!D74 -> 0 | BA66: =(AH66-AE66)*AZ66 -> 0 | BC66: =INDIRECT("'"&$N66&"'!"&BC$56&ROW(INDIRECT("'"&$N66&"'!"&BC$58))) -> 0 | BD66: 1 | BF66: =B66 | BG66: =E66
A67: 6 | B67: =IF(INDIRECT("'"&N67&"'!D$9")="","",INDIRECT("'"&N67&"'!D$9")) | E67: =IF(INDIRECT("'"&N67&"'!D$7")="","",INDIRECT("'"&N67&"'!D$7")) | G67: =Y67 -> 0 | H67: =AH67 -> 0 | I67: =AZ67 -> 0 | J67: =H67*I67 -> 0 | K67: =G67-J67 -> 0 | M67: xxxx | N67: ="Part"&A67 -> Part6 | P67: =INDIRECT("'"&$N67&"'!"&P$56&ROW(INDIRECT("'"&$N67&"'!"&P$58))) -> 0 | Q67: =INDIRECT("'"&$N67&"'!"&Q$56&ROW(INDIRECT("'"&$N67&"'!"&Q$58))) -> 0 | R67: =INDIRECT("'"&$N67&"'!"&R$56&ROW(INDIRECT("'"&$N67&"'!"&R$58))) -> 0 | S67: =INDIRECT("'"&$N67&"'!"&S$56&ROW(INDIRECT("'"&$N67&"'!"&S$58))) -> 0 | T67: =INDIRECT("'"&$N67&"'!"&T$56&ROW(INDIRECT("'"&$N67&"'!"&T$58))) -> 0 | U67: =INDIRECT("'"&$N67&"'!"&U$56&ROW(INDIRECT("'"&$N67&"'!"&U$58))) -> 0 | V67: =INDIRECT("'"&$N67&"'!"&V$56&ROW(INDIRECT("'"&$N67&"'!"&V$58))) -> 0 | W67: =Part6!G79 -> 0 | X67: =Part6!G80 -> 0 | Y67: =SUM(P67:X67) -> 0 | Z67: =INDIRECT("'"&$N67&"'!"&Z$56&ROW(INDIRECT("'"&$N67&"'!"&Z$58))) -> 0 | AA67: =INDIRECT("'"&$N67&"'!"&AA$56&ROW(INDIRECT("'"&$N67&"'!"&AA$58))) -> 0 | AB67: =INDIRECT("'"&$N67&"'!"&AB$56&ROW(INDIRECT("'"&$N67&"'!"&AB$58))) -> 0 | AC67: =INDIRECT("'"&$N67&"'!"&AC$56&ROW(INDIRECT("'"&$N67&"'!"&AC$58))) -> 0 | AD67: =INDIRECT("'"&$N67&"'!"&AD$56&ROW(INDIRECT("'"&$N67&"'!"&AD$58))) -> 0 | AE67: =INDIRECT("'"&$N67&"'!"&AE$56&ROW(INDIRECT("'"&$N67&"'!"&AE$58))) -> 0 | AF67: =Part6!H79 -> 0 | AG67: =Part6!H80 -> 0 | AH67: =SUM(Z67:AG67) -> 0 | AI67: =INDIRECT("'"&$N67&"'!"&AI$56&ROW(INDIRECT("'"&$N67&"'!"&AI$58))) -> 0 | AJ67: =INDIRECT("'"&$N67&"'!"&AJ$56&ROW(INDIRECT("'"&$N67&"'!"&AJ$58))) -> 0 | AK67: =INDIRECT("'"&$N67&"'!"&AK$56&ROW(INDIRECT("'"&$N67&"'!"&AK$58))) -> 0 | AL67: =INDIRECT("'"&$N67&"'!"&AL$56&ROW(INDIRECT("'"&$N67&"'!"&AL$58))) -> 0 | AM67: =INDIRECT("'"&$N67&"'!"&AM$56&ROW(INDIRECT("'"&$N67&"'!"&AM$58))) -> 0 | AN67: =INDIRECT("'"&$N67&"'!"&AN$56&ROW(INDIRECT("'"&$N67&"'!"&AN$58))) -> 0 | AO67: =SUM(AI67:AN67) -> 0 | AP67: =INDIRECT("'"&$N67&"'!"&AP$56&ROW(INDIRECT("'"&$N67&"'!"&AP$58))) -> 0 | AQ67: =INDIRECT("'"&$N67&"'!"&AQ$56&ROW(INDIRECT("'"&$N67&"'!"&AQ$58))) | AR67: =INDIRECT("'"&$N67&"'!"&AR$56&ROW(INDIRECT("'"&$N67&"'!"&AR$58))) | AS67: =INDIRECT("'"&$N67&"'!"&AS$56&ROW(INDIRECT("'"&$N67&"'!"&AS$58))) -> 0 | AT67: =INDIRECT("'"&$N67&"'!"&AT$56&ROW(INDIRECT("'"&$N67&"'!"&AT$58))) -> 0 | AU67: =INDIRECT("'"&$N67&"'!"&AU$56&ROW(INDIRECT("'"&$N67&"'!"&AU$58))) -> 0 | AV67: =INDIRECT("'"&$N67&"'!"&AV$56&ROW(INDIRECT("'"&$N67&"'!"&AV$58))) -> 0 | AW67: =INDIRECT("'"&$N67&"'!"&AW$56&ROW(INDIRECT("'"&$N67&"'!"&AW$58))) -> 0 | AX67: =INDIRECT("'"&$N67&"'!"&AX$56&ROW(INDIRECT("'"&$N67&"'!"&AX$58))) -> 0 | AY67: =Part6!L10 -> Part. non finançable | AZ67: =Part6!D74 -> 0 | BA67: =(AH67-AE67)*AZ67 -> 0 | BC67: =INDIRECT("'"&$N67&"'!"&BC$56&ROW(INDIRECT("'"&$N67&"'!"&BC$58))) -> 0 | BD67: 1 | BF67: =B67 | BG67: =E67
A68: 7 | B68: =IF(INDIRECT("'"&N68&"'!D$9")="","",INDIRECT("'"&N68&"'!D$9")) | E68: =IF(INDIRECT("'"&N68&"'!D$7")="","",INDIRECT("'"&N68&"'!D$7")) | G68: =Y68 -> 0 | H68: =AH68 -> 0 | I68: =AZ68 -> 0 | J68: =H68*I68 -> 0 | K68: =G68-J68 -> 0 | M68: xxxx | N68: ="Part"&A68 -> Part7 | P68: =INDIRECT("'"&$N68&"'!"&P$56&ROW(INDIRECT("'"&$N68&"'!"&P$58))) -> 0 | Q68: =INDIRECT("'"&$N68&"'!"&Q$56&ROW(INDIRECT("'"&$N68&"'!"&Q$58))) -> 0 | R68: =INDIRECT("'"&$N68&"'!"&R$56&ROW(INDIRECT("'"&$N68&"'!"&R$58))) -> 0 | S68: =INDIRECT("'"&$N68&"'!"&S$56&ROW(INDIRECT("'"&$N68&"'!"&S$58))) -> 0 | T68: =INDIRECT("'"&$N68&"'!"&T$56&ROW(INDIRECT("'"&$N68&"'!"&T$58))) -> 0 | U68: =INDIRECT("'"&$N68&"'!"&U$56&ROW(INDIRECT("'"&$N68&"'!"&U$58))) -> 0 | V68: =INDIRECT("'"&$N68&"'!"&V$56&ROW(INDIRECT("'"&$N68&"'!"&V$58))) -> 0 | W68: =Part7!G79 -> 0 | X68: =Part7!G80 -> 0 | Y68: =SUM(P68:X68) -> 0 | Z68: =INDIRECT("'"&$N68&"'!"&Z$56&ROW(INDIRECT("'"&$N68&"'!"&Z$58))) -> 0 | AA68: =INDIRECT("'"&$N68&"'!"&AA$56&ROW(INDIRECT("'"&$N68&"'!"&AA$58))) -> 0 | AB68: =INDIRECT("'"&$N68&"'!"&AB$56&ROW(INDIRECT("'"&$N68&"'!"&AB$58))) -> 0 | AC68: =INDIRECT("'"&$N68&"'!"&AC$56&ROW(INDIRECT("'"&$N68&"'!"&AC$58))) -> 0 | AD68: =INDIRECT("'"&$N68&"'!"&AD$56&ROW(INDIRECT("'"&$N68&"'!"&AD$58))) -> 0 | AE68: =INDIRECT("'"&$N68&"'!"&AE$56&ROW(INDIRECT("'"&$N68&"'!"&AE$58))) -> 0 | AF68: =Part7!H79 -> 0 | AG68: =Part7!H80 -> 0 | AH68: =SUM(Z68:AG68) -> 0 | AI68: =INDIRECT("'"&$N68&"'!"&AI$56&ROW(INDIRECT("'"&$N68&"'!"&AI$58))) -> 0 | AJ68: =INDIRECT("'"&$N68&"'!"&AJ$56&ROW(INDIRECT("'"&$N68&"'!"&AJ$58))) -> 0 | AK68: =INDIRECT("'"&$N68&"'!"&AK$56&ROW(INDIRECT("'"&$N68&"'!"&AK$58))) -> 0 | AL68: =INDIRECT("'"&$N68&"'!"&AL$56&ROW(INDIRECT("'"&$N68&"'!"&AL$58))) -> 0 | AM68: =INDIRECT("'"&$N68&"'!"&AM$56&ROW(INDIRECT("'"&$N68&"'!"&AM$58))) -> 0 | AN68: =INDIRECT("'"&$N68&"'!"&AN$56&ROW(INDIRECT("'"&$N68&"'!"&AN$58))) -> 0 | AO68: =SUM(AI68:AN68) -> 0 | AP68: =INDIRECT("'"&$N68&"'!"&AP$56&ROW(INDIRECT("'"&$N68&"'!"&AP$58))) -> 0 | AQ68: =INDIRECT("'"&$N68&"'!"&AQ$56&ROW(INDIRECT("'"&$N68&"'!"&AQ$58))) | AR68: =INDIRECT("'"&$N68&"'!"&AR$56&ROW(INDIRECT("'"&$N68&"'!"&AR$58))) | AS68: =INDIRECT("'"&$N68&"'!"&AS$56&ROW(INDIRECT("'"&$N68&"'!"&AS$58))) -> 0 | AT68: =INDIRECT("'"&$N68&"'!"&AT$56&ROW(INDIRECT("'"&$N68&"'!"&AT$58))) -> 0 | AU68: =INDIRECT("'"&$N68&"'!"&AU$56&ROW(INDIRECT("'"&$N68&"'!"&AU$58))) -> 0 | AV68: =INDIRECT("'"&$N68&"'!"&AV$56&ROW(INDIRECT("'"&$N68&"'!"&AV$58))) -> 0 | AW68: =INDIRECT("'"&$N68&"'!"&AW$56&ROW(INDIRECT("'"&$N68&"'!"&AW$58))) -> 0 | AX68: =INDIRECT("'"&$N68&"'!"&AX$56&ROW(INDIRECT("'"&$N68&"'!"&AX$58))) -> 0 | AY68: =Part7!L10 -> Part. non finançable | AZ68: =Part7!D74 -> 0 | BA68: =(AH68-AE68)*AZ68 -> 0 | BC68: =INDIRECT("'"&$N68&"'!"&BC$56&ROW(INDIRECT("'"&$N68&"'!"&BC$58))) -> 0 | BD68: 1 | BF68: =B68 | BG68: =E68
A69: 8 | B69: =IF(INDIRECT("'"&N69&"'!D$9")="","",INDIRECT("'"&N69&"'!D$9")) | E69: =IF(INDIRECT("'"&N69&"'!D$7")="","",INDIRECT("'"&N69&"'!D$7")) | G69: =Y69 -> 0 | H69: =AH69 -> 0 | I69: =AZ69 -> 0 | J69: =H69*I69 -> 0 | K69: =G69-J69 -> 0 | M69: xxxx | N69: ="Part"&A69 -> Part8 | P69: =INDIRECT("'"&$N69&"'!"&P$56&ROW(INDIRECT("'"&$N69&"'!"&P$58))) -> 0 | Q69: =INDIRECT("'"&$N69&"'!"&Q$56&ROW(INDIRECT("'"&$N69&"'!"&Q$58))) -> 0 | R69: =INDIRECT("'"&$N69&"'!"&R$56&ROW(INDIRECT("'"&$N69&"'!"&R$58))) -> 0 | S69: =INDIRECT("'"&$N69&"'!"&S$56&ROW(INDIRECT("'"&$N69&"'!"&S$58))) -> 0 | T69: =INDIRECT("'"&$N69&"'!"&T$56&ROW(INDIRECT("'"&$N69&"'!"&T$58))) -> 0 | U69: =INDIRECT("'"&$N69&"'!"&U$56&ROW(INDIRECT("'"&$N69&"'!"&U$58))) -> 0 | V69: =INDIRECT("'"&$N69&"'!"&V$56&ROW(INDIRECT("'"&$N69&"'!"&V$58))) -> 0 | W69: =Part8!G79 -> 0 | X69: =Part8!G80 -> 0 | Y69: =SUM(P69:X69) -> 0 | Z69: =INDIRECT("'"&$N69&"'!"&Z$56&ROW(INDIRECT("'"&$N69&"'!"&Z$58))) -> 0 | AA69: =INDIRECT("'"&$N69&"'!"&AA$56&ROW(INDIRECT("'"&$N69&"'!"&AA$58))) -> 0 | AB69: =INDIRECT("'"&$N69&"'!"&AB$56&ROW(INDIRECT("'"&$N69&"'!"&AB$58))) -> 0 | AC69: =INDIRECT("'"&$N69&"'!"&AC$56&ROW(INDIRECT("'"&$N69&"'!"&AC$58))) -> 0 | AD69: =INDIRECT("'"&$N69&"'!"&AD$56&ROW(INDIRECT("'"&$N69&"'!"&AD$58))) -> 0 | AE69: =INDIRECT("'"&$N69&"'!"&AE$56&ROW(INDIRECT("'"&$N69&"'!"&AE$58))) -> 0 | AF69: =Part8!H79 -> 0 | AG69: =Part8!H80 -> 0 | AH69: =SUM(Z69:AG69) -> 0 | AI69: =INDIRECT("'"&$N69&"'!"&AI$56&ROW(INDIRECT("'"&$N69&"'!"&AI$58))) -> 0 | AJ69: =INDIRECT("'"&$N69&"'!"&AJ$56&ROW(INDIRECT("'"&$N69&"'!"&AJ$58))) -> 0 | AK69: =INDIRECT("'"&$N69&"'!"&AK$56&ROW(INDIRECT("'"&$N69&"'!"&AK$58))) -> 0 | AL69: =INDIRECT("'"&$N69&"'!"&AL$56&ROW(INDIRECT("'"&$N69&"'!"&AL$58))) -> 0 | AM69: =INDIRECT("'"&$N69&"'!"&AM$56&ROW(INDIRECT("'"&$N69&"'!"&AM$58))) -> 0 | AN69: =INDIRECT("'"&$N69&"'!"&AN$56&ROW(INDIRECT("'"&$N69&"'!"&AN$58))) -> 0 | AO69: =SUM(AI69:AN69) -> 0 | AP69: =INDIRECT("'"&$N69&"'!"&AP$56&ROW(INDIRECT("'"&$N69&"'!"&AP$58))) -> 0 | AQ69: =INDIRECT("'"&$N69&"'!"&AQ$56&ROW(INDIRECT("'"&$N69&"'!"&AQ$58))) | AR69: =INDIRECT("'"&$N69&"'!"&AR$56&ROW(INDIRECT("'"&$N69&"'!"&AR$58))) | AS69: =INDIRECT("'"&$N69&"'!"&AS$56&ROW(INDIRECT("'"&$N69&"'!"&AS$58))) -> 0 | AT69: =INDIRECT("'"&$N69&"'!"&AT$56&ROW(INDIRECT("'"&$N69&"'!"&AT$58))) -> 0 | AU69: =INDIRECT("'"&$N69&"'!"&AU$56&ROW(INDIRECT("'"&$N69&"'!"&AU$58))) -> 0 | AV69: =INDIRECT("'"&$N69&"'!"&AV$56&ROW(INDIRECT("'"&$N69&"'!"&AV$58))) -> 0 | AW69: =INDIRECT("'"&$N69&"'!"&AW$56&ROW(INDIRECT("'"&$N69&"'!"&AW$58))) -> 0 | AX69: =INDIRECT("'"&$N69&"'!"&AX$56&ROW(INDIRECT("'"&$N69&"'!"&AX$58))) -> 0 | AY69: =Part8!L10 -> Part. non finançable | AZ69: =Part8!D74 -> 0 | BA69: =(AH69-AE69)*AZ69 -> 0 | BC69: =INDIRECT("'"&$N69&"'!"&BC$56&ROW(INDIRECT("'"&$N69&"'!"&BC$58))) -> 0 | BD69: 1 | BF69: =B69 | BG69: =E69
A70: 9 | B70: =IF(INDIRECT("'"&N70&"'!D$9")="","",INDIRECT("'"&N70&"'!D$9")) | E70: =IF(INDIRECT("'"&N70&"'!D$7")="","",INDIRECT("'"&N70&"'!D$7")) | G70: =Y70 -> 0 | H70: =AH70 -> 0 | I70: =AZ70 -> 0 | J70: =H70*I70 -> 0 | K70: =G70-J70 -> 0 | M70: xxxx | N70: ="Part"&A70 -> Part9 | P70: =INDIRECT("'"&$N70&"'!"&P$56&ROW(INDIRECT("'"&$N70&"'!"&P$58))) -> 0 | Q70: =INDIRECT("'"&$N70&"'!"&Q$56&ROW(INDIRECT("'"&$N70&"'!"&Q$58))) -> 0 | R70: =INDIRECT("'"&$N70&"'!"&R$56&ROW(INDIRECT("'"&$N70&"'!"&R$58))) -> 0 | S70: =INDIRECT("'"&$N70&"'!"&S$56&ROW(INDIRECT("'"&$N70&"'!"&S$58))) -> 0 | T70: =INDIRECT("'"&$N70&"'!"&T$56&ROW(INDIRECT("'"&$N70&"'!"&T$58))) -> 0 | U70: =INDIRECT("'"&$N70&"'!"&U$56&ROW(INDIRECT("'"&$N70&"'!"&U$58))) -> 0 | V70: =INDIRECT("'"&$N70&"'!"&V$56&ROW(INDIRECT("'"&$N70&"'!"&V$58))) -> 0 | W70: =Part9!G79 -> 0 | X70: =Part9!G80 -> 0 | Y70: =SUM(P70:X70) -> 0 | Z70: =INDIRECT("'"&$N70&"'!"&Z$56&ROW(INDIRECT("'"&$N70&"'!"&Z$58))) -> 0 | AA70: =INDIRECT("'"&$N70&"'!"&AA$56&ROW(INDIRECT("'"&$N70&"'!"&AA$58))) -> 0 | AB70: =INDIRECT("'"&$N70&"'!"&AB$56&ROW(INDIRECT("'"&$N70&"'!"&AB$58))) -> 0 | AC70: =INDIRECT("'"&$N70&"'!"&AC$56&ROW(INDIRECT("'"&$N70&"'!"&AC$58))) -> 0 | AD70: =INDIRECT("'"&$N70&"'!"&AD$56&ROW(INDIRECT("'"&$N70&"'!"&AD$58))) -> 0 | AE70: =INDIRECT("'"&$N70&"'!"&AE$56&ROW(INDIRECT("'"&$N70&"'!"&AE$58))) -> 0 | AF70: =Part9!H79 -> 0 | AG70: =Part9!H80 -> 0 | AH70: =SUM(Z70:AG70) -> 0 | AI70: =INDIRECT("'"&$N70&"'!"&AI$56&ROW(INDIRECT("'"&$N70&"'!"&AI$58))) -> 0 | AJ70: =INDIRECT("'"&$N70&"'!"&AJ$56&ROW(INDIRECT("'"&$N70&"'!"&AJ$58))) -> 0 | AK70: =INDIRECT("'"&$N70&"'!"&AK$56&ROW(INDIRECT("'"&$N70&"'!"&AK$58))) -> 0 | AL70: =INDIRECT("'"&$N70&"'!"&AL$56&ROW(INDIRECT("'"&$N70&"'!"&AL$58))) -> 0 | AM70: =INDIRECT("'"&$N70&"'!"&AM$56&ROW(INDIRECT("'"&$N70&"'!"&AM$58))) -> 0 | AN70: =INDIRECT("'"&$N70&"'!"&AN$56&ROW(INDIRECT("'"&$N70&"'!"&AN$58))) -> 0 | AO70: =SUM(AI70:AN70) -> 0 | AP70: =INDIRECT("'"&$N70&"'!"&AP$56&ROW(INDIRECT("'"&$N70&"'!"&AP$58))) -> 0 | AQ70: =INDIRECT("'"&$N70&"'!"&AQ$56&ROW(INDIRECT("'"&$N70&"'!"&AQ$58))) | AR70: =INDIRECT("'"&$N70&"'!"&AR$56&ROW(INDIRECT("'"&$N70&"'!"&AR$58))) | AS70: =INDIRECT("'"&$N70&"'!"&AS$56&ROW(INDIRECT("'"&$N70&"'!"&AS$58))) -> 0 | AT70: =INDIRECT("'"&$N70&"'!"&AT$56&ROW(INDIRECT("'"&$N70&"'!"&AT$58))) -> 0 | AU70: =INDIRECT("'"&$N70&"'!"&AU$56&ROW(INDIRECT("'"&$N70&"'!"&AU$58))) -> 0 | AV70: =INDIRECT("'"&$N70&"'!"&AV$56&ROW(INDIRECT("'"&$N70&"'!"&AV$58))) -> 0 | AW70: =INDIRECT("'"&$N70&"'!"&AW$56&ROW(INDIRECT("'"&$N70&"'!"&AW$58))) -> 0 | AX70: =INDIRECT("'"&$N70&"'!"&AX$56&ROW(INDIRECT("'"&$N70&"'!"&AX$58))) -> 0 | AY70: =Part9!L10 -> Part. non finançable | AZ70: =Part9!D74 -> 0 | BA70: =(AH70-AE70)*AZ70 -> 0 | BC70: =INDIRECT("'"&$N70&"'!"&BC$56&ROW(INDIRECT("'"&$N70&"'!"&BC$58))) -> 0 | BD70: 1 | BF70: =B70 | BG70: =E70
A71: 10 | B71: =IF(INDIRECT("'"&N71&"'!D$9")="","",INDIRECT("'"&N71&"'!D$9")) | E71: =IF(INDIRECT("'"&N71&"'!D$7")="","",INDIRECT("'"&N71&"'!D$7")) | G71: =Y71 -> 0 | H71: =AH71 -> 0 | I71: =AZ71 -> 0 | J71: =H71*I71 -> 0 | K71: =G71-J71 -> 0 | M71: xxxx | N71: ="Part"&A71 -> Part10 | P71: =INDIRECT("'"&$N71&"'!"&P$56&ROW(INDIRECT("'"&$N71&"'!"&P$58))) -> 0 | Q71: =INDIRECT("'"&$N71&"'!"&Q$56&ROW(INDIRECT("'"&$N71&"'!"&Q$58))) -> 0 | R71: =INDIRECT("'"&$N71&"'!"&R$56&ROW(INDIRECT("'"&$N71&"'!"&R$58))) -> 0 | S71: =INDIRECT("'"&$N71&"'!"&S$56&ROW(INDIRECT("'"&$N71&"'!"&S$58))) -> 0 | T71: =INDIRECT("'"&$N71&"'!"&T$56&ROW(INDIRECT("'"&$N71&"'!"&T$58))) -> 0 | U71: =INDIRECT("'"&$N71&"'!"&U$56&ROW(INDIRECT("'"&$N71&"'!"&U$58))) -> 0 | V71: =INDIRECT("'"&$N71&"'!"&V$56&ROW(INDIRECT("'"&$N71&"'!"&V$58))) -> 0 | W71: =Part10!G79 -> 0 | X71: =Part10!G80 -> 0 | Y71: =SUM(P71:X71) -> 0 | Z71: =INDIRECT("'"&$N71&"'!"&Z$56&ROW(INDIRECT("'"&$N71&"'!"&Z$58))) -> 0 | AA71: =INDIRECT("'"&$N71&"'!"&AA$56&ROW(INDIRECT("'"&$N71&"'!"&AA$58))) -> 0 | AB71: =INDIRECT("'"&$N71&"'!"&AB$56&ROW(INDIRECT("'"&$N71&"'!"&AB$58))) -> 0 | AC71: =INDIRECT("'"&$N71&"'!"&AC$56&ROW(INDIRECT("'"&$N71&"'!"&AC$58))) -> 0 | AD71: =INDIRECT("'"&$N71&"'!"&AD$56&ROW(INDIRECT("'"&$N71&"'!"&AD$58))) -> 0 | AE71: =INDIRECT("'"&$N71&"'!"&AE$56&ROW(INDIRECT("'"&$N71&"'!"&AE$58))) -> 0 | AF71: =Part10!H79 -> 0 | AG71: =Part10!H80 -> 0 | AH71: =SUM(Z71:AG71) -> 0 | AI71: =INDIRECT("'"&$N71&"'!"&AI$56&ROW(INDIRECT("'"&$N71&"'!"&AI$58))) -> 0 | AJ71: =INDIRECT("'"&$N71&"'!"&AJ$56&ROW(INDIRECT("'"&$N71&"'!"&AJ$58))) -> 0 | AK71: =INDIRECT("'"&$N71&"'!"&AK$56&ROW(INDIRECT("'"&$N71&"'!"&AK$58))) -> 0 | AL71: =INDIRECT("'"&$N71&"'!"&AL$56&ROW(INDIRECT("'"&$N71&"'!"&AL$58))) -> 0 | AM71: =INDIRECT("'"&$N71&"'!"&AM$56&ROW(INDIRECT("'"&$N71&"'!"&AM$58))) -> 0 | AN71: =INDIRECT("'"&$N71&"'!"&AN$56&ROW(INDIRECT("'"&$N71&"'!"&AN$58))) -> 0 | AO71: =SUM(AI71:AN71) -> 0 | AP71: =INDIRECT("'"&$N71&"'!"&AP$56&ROW(INDIRECT("'"&$N71&"'!"&AP$58))) -> 0 | AQ71: =INDIRECT("'"&$N71&"'!"&AQ$56&ROW(INDIRECT("'"&$N71&"'!"&AQ$58))) | AR71: =INDIRECT("'"&$N71&"'!"&AR$56&ROW(INDIRECT("'"&$N71&"'!"&AR$58))) | AS71: =INDIRECT("'"&$N71&"'!"&AS$56&ROW(INDIRECT("'"&$N71&"'!"&AS$58))) -> 0 | AT71: =INDIRECT("'"&$N71&"'!"&AT$56&ROW(INDIRECT("'"&$N71&"'!"&AT$58))) -> 0 | AU71: =INDIRECT("'"&$N71&"'!"&AU$56&ROW(INDIRECT("'"&$N71&"'!"&AU$58))) -> 0 | AV71: =INDIRECT("'"&$N71&"'!"&AV$56&ROW(INDIRECT("'"&$N71&"'!"&AV$58))) -> 0 | AW71: =INDIRECT("'"&$N71&"'!"&AW$56&ROW(INDIRECT("'"&$N71&"'!"&AW$58))) -> 0 | AX71: =INDIRECT("'"&$N71&"'!"&AX$56&ROW(INDIRECT("'"&$N71&"'!"&AX$58))) -> 0 | AY71: =Part10!L10 -> Part. non finançable | AZ71: =Part10!D74 -> 0 | BA71: =(AH71-AE71)*AZ71 -> 0 | BC71: =INDIRECT("'"&$N71&"'!"&BC$56&ROW(INDIRECT("'"&$N71&"'!"&BC$58))) -> 0 | BD71: 1 | BF71: =B71 | BG71: =E71
A72: 11 | B72: =IF(INDIRECT("'"&N72&"'!D$9")="","",INDIRECT("'"&N72&"'!D$9")) | E72: =IF(INDIRECT("'"&N72&"'!D$7")="","",INDIRECT("'"&N72&"'!D$7")) | G72: =Y72 -> 0 | H72: =AH72 -> 0 | I72: =AZ72 -> 0 | J72: =H72*I72 -> 0 | K72: =G72-J72 -> 0 | M72: xxxx | N72: ="Part"&A72 -> Part11 | P72: =INDIRECT("'"&$N72&"'!"&P$56&ROW(INDIRECT("'"&$N72&"'!"&P$58))) -> 0 | Q72: =INDIRECT("'"&$N72&"'!"&Q$56&ROW(INDIRECT("'"&$N72&"'!"&Q$58))) -> 0 | R72: =INDIRECT("'"&$N72&"'!"&R$56&ROW(INDIRECT("'"&$N72&"'!"&R$58))) -> 0 | S72: =INDIRECT("'"&$N72&"'!"&S$56&ROW(INDIRECT("'"&$N72&"'!"&S$58))) -> 0 | T72: =INDIRECT("'"&$N72&"'!"&T$56&ROW(INDIRECT("'"&$N72&"'!"&T$58))) -> 0 | U72: =INDIRECT("'"&$N72&"'!"&U$56&ROW(INDIRECT("'"&$N72&"'!"&U$58))) -> 0 | V72: =INDIRECT("'"&$N72&"'!"&V$56&ROW(INDIRECT("'"&$N72&"'!"&V$58))) -> 0 | W72: =Part11!G79 -> 0 | X72: =Part11!G80 -> 0 | Y72: =SUM(P72:X72) -> 0 | Z72: =INDIRECT("'"&$N72&"'!"&Z$56&ROW(INDIRECT("'"&$N72&"'!"&Z$58))) -> 0 | AA72: =INDIRECT("'"&$N72&"'!"&AA$56&ROW(INDIRECT("'"&$N72&"'!"&AA$58))) -> 0 | AB72: =INDIRECT("'"&$N72&"'!"&AB$56&ROW(INDIRECT("'"&$N72&"'!"&AB$58))) -> 0 | AC72: =INDIRECT("'"&$N72&"'!"&AC$56&ROW(INDIRECT("'"&$N72&"'!"&AC$58))) -> 0 | AD72: =INDIRECT("'"&$N72&"'!"&AD$56&ROW(INDIRECT("'"&$N72&"'!"&AD$58))) -> 0 | AE72: =INDIRECT("'"&$N72&"'!"&AE$56&ROW(INDIRECT("'"&$N72&"'!"&AE$58))) -> 0 | AF72: =Part11!H79 -> 0 | AG72: =Part11!H80 -> 0 | AH72: =SUM(Z72:AG72) -> 0 | AI72: =INDIRECT("'"&$N72&"'!"&AI$56&ROW(INDIRECT("'"&$N72&"'!"&AI$58))) -> 0 | AJ72: =INDIRECT("'"&$N72&"'!"&AJ$56&ROW(INDIRECT("'"&$N72&"'!"&AJ$58))) -> 0 | AK72: =INDIRECT("'"&$N72&"'!"&AK$56&ROW(INDIRECT("'"&$N72&"'!"&AK$58))) -> 0 | AL72: =INDIRECT("'"&$N72&"'!"&AL$56&ROW(INDIRECT("'"&$N72&"'!"&AL$58))) -> 0 | AM72: =INDIRECT("'"&$N72&"'!"&AM$56&ROW(INDIRECT("'"&$N72&"'!"&AM$58))) -> 0 | AN72: =INDIRECT("'"&$N72&"'!"&AN$56&ROW(INDIRECT("'"&$N72&"'!"&AN$58))) -> 0 | AO72: =SUM(AI72:AN72) -> 0 | AP72: =INDIRECT("'"&$N72&"'!"&AP$56&ROW(INDIRECT("'"&$N72&"'!"&AP$58))) -> 0 | AQ72: =INDIRECT("'"&$N72&"'!"&AQ$56&ROW(INDIRECT("'"&$N72&"'!"&AQ$58))) | AR72: =INDIRECT("'"&$N72&"'!"&AR$56&ROW(INDIRECT("'"&$N72&"'!"&AR$58))) | AS72: =INDIRECT("'"&$N72&"'!"&AS$56&ROW(INDIRECT("'"&$N72&"'!"&AS$58))) -> 0 | AT72: =INDIRECT("'"&$N72&"'!"&AT$56&ROW(INDIRECT("'"&$N72&"'!"&AT$58))) -> 0 | AU72: =INDIRECT("'"&$N72&"'!"&AU$56&ROW(INDIRECT("'"&$N72&"'!"&AU$58))) -> 0 | AV72: =INDIRECT("'"&$N72&"'!"&AV$56&ROW(INDIRECT("'"&$N72&"'!"&AV$58))) -> 0 | AW72: =INDIRECT("'"&$N72&"'!"&AW$56&ROW(INDIRECT("'"&$N72&"'!"&AW$58))) -> 0 | AX72: =INDIRECT("'"&$N72&"'!"&AX$56&ROW(INDIRECT("'"&$N72&"'!"&AX$58))) -> 0 | AY72: =Part11!L10 -> Part. non finançable | AZ72: =Part11!D74 -> 0 | BA72: =(AH72-AE72)*AZ72 -> 0 | BC72: =INDIRECT("'"&$N72&"'!"&BC$56&ROW(INDIRECT("'"&$N72&"'!"&BC$58))) -> 0 | BD72: 1 | BF72: =B72 | BG72: =E72
A73: 12 | B73: =IF(INDIRECT("'"&N73&"'!D$9")="","",INDIRECT("'"&N73&"'!D$9")) | E73: =IF(INDIRECT("'"&N73&"'!D$7")="","",INDIRECT("'"&N73&"'!D$7")) | G73: =Y73 -> 0 | H73: =AH73 -> 0 | I73: =AZ73 -> 0 | J73: =H73*I73 -> 0 | K73: =G73-J73 -> 0 | M73: xxxx | N73: ="Part"&A73 -> Part12 | P73: =INDIRECT("'"&$N73&"'!"&P$56&ROW(INDIRECT("'"&$N73&"'!"&P$58))) -> 0 | Q73: =INDIRECT("'"&$N73&"'!"&Q$56&ROW(INDIRECT("'"&$N73&"'!"&Q$58))) -> 0 | R73: =INDIRECT("'"&$N73&"'!"&R$56&ROW(INDIRECT("'"&$N73&"'!"&R$58))) -> 0 | S73: =INDIRECT("'"&$N73&"'!"&S$56&ROW(INDIRECT("'"&$N73&"'!"&S$58))) -> 0 | T73: =INDIRECT("'"&$N73&"'!"&T$56&ROW(INDIRECT("'"&$N73&"'!"&T$58))) -> 0 | U73: =INDIRECT("'"&$N73&"'!"&U$56&ROW(INDIRECT("'"&$N73&"'!"&U$58))) -> 0 | V73: =INDIRECT("'"&$N73&"'!"&V$56&ROW(INDIRECT("'"&$N73&"'!"&V$58))) -> 0 | W73: =Part12!G79 -> 0 | X73: =Part12!G80 -> 0 | Y73: =SUM(P73:X73) -> 0 | Z73: =INDIRECT("'"&$N73&"'!"&Z$56&ROW(INDIRECT("'"&$N73&"'!"&Z$58))) -> 0 | AA73: =INDIRECT("'"&$N73&"'!"&AA$56&ROW(INDIRECT("'"&$N73&"'!"&AA$58))) -> 0 | AB73: =INDIRECT("'"&$N73&"'!"&AB$56&ROW(INDIRECT("'"&$N73&"'!"&AB$58))) -> 0 | AC73: =INDIRECT("'"&$N73&"'!"&AC$56&ROW(INDIRECT("'"&$N73&"'!"&AC$58))) -> 0 | AD73: =INDIRECT("'"&$N73&"'!"&AD$56&ROW(INDIRECT("'"&$N73&"'!"&AD$58))) -> 0 | AE73: =INDIRECT("'"&$N73&"'!"&AE$56&ROW(INDIRECT("'"&$N73&"'!"&AE$58))) -> 0 | AF73: =Part12!H79 -> 0 | AG73: =Part12!H80 -> 0 | AH73: =SUM(Z73:AG73) -> 0 | AI73: =INDIRECT("'"&$N73&"'!"&AI$56&ROW(INDIRECT("'"&$N73&"'!"&AI$58))) -> 0 | AJ73: =INDIRECT("'"&$N73&"'!"&AJ$56&ROW(INDIRECT("'"&$N73&"'!"&AJ$58))) -> 0 | AK73: =INDIRECT("'"&$N73&"'!"&AK$56&ROW(INDIRECT("'"&$N73&"'!"&AK$58))) -> 0 | AL73: =INDIRECT("'"&$N73&"'!"&AL$56&ROW(INDIRECT("'"&$N73&"'!"&AL$58))) -> 0 | AM73: =INDIRECT("'"&$N73&"'!"&AM$56&ROW(INDIRECT("'"&$N73&"'!"&AM$58))) -> 0 | AN73: =INDIRECT("'"&$N73&"'!"&AN$56&ROW(INDIRECT("'"&$N73&"'!"&AN$58))) -> 0 | AO73: =SUM(AI73:AN73) -> 0 | AP73: =INDIRECT("'"&$N73&"'!"&AP$56&ROW(INDIRECT("'"&$N73&"'!"&AP$58))) -> 0 | AQ73: =INDIRECT("'"&$N73&"'!"&AQ$56&ROW(INDIRECT("'"&$N73&"'!"&AQ$58))) | AR73: =INDIRECT("'"&$N73&"'!"&AR$56&ROW(INDIRECT("'"&$N73&"'!"&AR$58))) | AS73: =INDIRECT("'"&$N73&"'!"&AS$56&ROW(INDIRECT("'"&$N73&"'!"&AS$58))) -> 0 | AT73: =INDIRECT("'"&$N73&"'!"&AT$56&ROW(INDIRECT("'"&$N73&"'!"&AT$58))) -> 0 | AU73: =INDIRECT("'"&$N73&"'!"&AU$56&ROW(INDIRECT("'"&$N73&"'!"&AU$58))) -> 0 | AV73: =INDIRECT("'"&$N73&"'!"&AV$56&ROW(INDIRECT("'"&$N73&"'!"&AV$58))) -> 0 | AW73: =INDIRECT("'"&$N73&"'!"&AW$56&ROW(INDIRECT("'"&$N73&"'!"&AW$58))) -> 0 | AX73: =INDIRECT("'"&$N73&"'!"&AX$56&ROW(INDIRECT("'"&$N73&"'!"&AX$58))) -> 0 | AY73: =Part12!L10 -> Part. non finançable | AZ73: =Part12!D74 -> 0 | BA73: =(AH73-AE73)*AZ73 -> 0 | BC73: =INDIRECT("'"&$N73&"'!"&BC$56&ROW(INDIRECT("'"&$N73&"'!"&BC$58))) -> 0 | BD73: 1 | BF73: =B73 | BG73: =E73
A74: 13 | B74: =IF(INDIRECT("'"&N74&"'!D$9")="","",INDIRECT("'"&N74&"'!D$9")) | E74: =IF(INDIRECT("'"&N74&"'!D$7")="","",INDIRECT("'"&N74&"'!D$7")) | G74: =Y74 -> 0 | H74: =AH74 -> 0 | I74: =AZ74 -> 0 | J74: =H74*I74 -> 0 | K74: =G74-J74 -> 0 | M74: xxxx | N74: ="Part"&A74 -> Part13 | P74: =INDIRECT("'"&$N74&"'!"&P$56&ROW(INDIRECT("'"&$N74&"'!"&P$58))) -> 0 | Q74: =INDIRECT("'"&$N74&"'!"&Q$56&ROW(INDIRECT("'"&$N74&"'!"&Q$58))) -> 0 | R74: =INDIRECT("'"&$N74&"'!"&R$56&ROW(INDIRECT("'"&$N74&"'!"&R$58))) -> 0 | S74: =INDIRECT("'"&$N74&"'!"&S$56&ROW(INDIRECT("'"&$N74&"'!"&S$58))) -> 0 | T74: =INDIRECT("'"&$N74&"'!"&T$56&ROW(INDIRECT("'"&$N74&"'!"&T$58))) -> 0 | U74: =INDIRECT("'"&$N74&"'!"&U$56&ROW(INDIRECT("'"&$N74&"'!"&U$58))) -> 0 | V74: =INDIRECT("'"&$N74&"'!"&V$56&ROW(INDIRECT("'"&$N74&"'!"&V$58))) -> 0 | W74: =Part13!G79 -> 0 | X74: =Part13!G80 -> 0 | Y74: =SUM(P74:X74) -> 0 | Z74: =INDIRECT("'"&$N74&"'!"&Z$56&ROW(INDIRECT("'"&$N74&"'!"&Z$58))) -> 0 | AA74: =INDIRECT("'"&$N74&"'!"&AA$56&ROW(INDIRECT("'"&$N74&"'!"&AA$58))) -> 0 | AB74: =INDIRECT("'"&$N74&"'!"&AB$56&ROW(INDIRECT("'"&$N74&"'!"&AB$58))) -> 0 | AC74: =INDIRECT("'"&$N74&"'!"&AC$56&ROW(INDIRECT("'"&$N74&"'!"&AC$58))) -> 0 | AD74: =INDIRECT("'"&$N74&"'!"&AD$56&ROW(INDIRECT("'"&$N74&"'!"&AD$58))) -> 0 | AE74: =INDIRECT("'"&$N74&"'!"&AE$56&ROW(INDIRECT("'"&$N74&"'!"&AE$58))) -> 0 | AF74: =Part13!H79 -> 0 | AG74: =Part13!H80 -> 0 | AH74: =SUM(Z74:AG74) -> 0 | AI74: =INDIRECT("'"&$N74&"'!"&AI$56&ROW(INDIRECT("'"&$N74&"'!"&AI$58))) -> 0 | AJ74: =INDIRECT("'"&$N74&"'!"&AJ$56&ROW(INDIRECT("'"&$N74&"'!"&AJ$58))) -> 0 | AK74: =INDIRECT("'"&$N74&"'!"&AK$56&ROW(INDIRECT("'"&$N74&"'!"&AK$58))) -> 0 | AL74: =INDIRECT("'"&$N74&"'!"&AL$56&ROW(INDIRECT("'"&$N74&"'!"&AL$58))) -> 0 | AM74: =INDIRECT("'"&$N74&"'!"&AM$56&ROW(INDIRECT("'"&$N74&"'!"&AM$58))) -> 0 | AN74: =INDIRECT("'"&$N74&"'!"&AN$56&ROW(INDIRECT("'"&$N74&"'!"&AN$58))) -> 0 | AO74: =SUM(AI74:AN74) -> 0 | AP74: =INDIRECT("'"&$N74&"'!"&AP$56&ROW(INDIRECT("'"&$N74&"'!"&AP$58))) -> 0 | AQ74: =INDIRECT("'"&$N74&"'!"&AQ$56&ROW(INDIRECT("'"&$N74&"'!"&AQ$58))) | AR74: =INDIRECT("'"&$N74&"'!"&AR$56&ROW(INDIRECT("'"&$N74&"'!"&AR$58))) | AS74: =INDIRECT("'"&$N74&"'!"&AS$56&ROW(INDIRECT("'"&$N74&"'!"&AS$58))) -> 0 | AT74: =INDIRECT("'"&$N74&"'!"&AT$56&ROW(INDIRECT("'"&$N74&"'!"&AT$58))) -> 0 | AU74: =INDIRECT("'"&$N74&"'!"&AU$56&ROW(INDIRECT("'"&$N74&"'!"&AU$58))) -> 0 | AV74: =INDIRECT("'"&$N74&"'!"&AV$56&ROW(INDIRECT("'"&$N74&"'!"&AV$58))) -> 0 | AW74: =INDIRECT("'"&$N74&"'!"&AW$56&ROW(INDIRECT("'"&$N74&"'!"&AW$58))) -> 0 | AX74: =INDIRECT("'"&$N74&"'!"&AX$56&ROW(INDIRECT("'"&$N74&"'!"&AX$58))) -> 0 | AY74: =Part13!L10 -> Part. non finançable | AZ74: =Part13!D74 -> 0 | BA74: =(AH74-AE74)*AZ74 -> 0 | BC74: =INDIRECT("'"&$N74&"'!"&BC$56&ROW(INDIRECT("'"&$N74&"'!"&BC$58))) -> 0 | BD74: 1 | BF74: =B74 | BG74: =E74
A75: 14 | B75: =IF(INDIRECT("'"&N75&"'!D$9")="","",INDIRECT("'"&N75&"'!D$9")) | E75: =IF(INDIRECT("'"&N75&"'!D$7")="","",INDIRECT("'"&N75&"'!D$7")) | G75: =Y75 -> 0 | H75: =AH75 -> 0 | I75: =AZ75 -> 0 | J75: =H75*I75 -> 0 | K75: =G75-J75 -> 0 | M75: xxxx | N75: ="Part"&A75 -> Part14 | P75: =INDIRECT("'"&$N75&"'!"&P$56&ROW(INDIRECT("'"&$N75&"'!"&P$58))) -> 0 | Q75: =INDIRECT("'"&$N75&"'!"&Q$56&ROW(INDIRECT("'"&$N75&"'!"&Q$58))) -> 0 | R75: =INDIRECT("'"&$N75&"'!"&R$56&ROW(INDIRECT("'"&$N75&"'!"&R$58))) -> 0 | S75: =INDIRECT("'"&$N75&"'!"&S$56&ROW(INDIRECT("'"&$N75&"'!"&S$58))) -> 0 | T75: =INDIRECT("'"&$N75&"'!"&T$56&ROW(INDIRECT("'"&$N75&"'!"&T$58))) -> 0 | U75: =INDIRECT("'"&$N75&"'!"&U$56&ROW(INDIRECT("'"&$N75&"'!"&U$58))) -> 0 | V75: =INDIRECT("'"&$N75&"'!"&V$56&ROW(INDIRECT("'"&$N75&"'!"&V$58))) -> 0 | W75: =Part14!G79 -> 0 | X75: =Part14!G80 -> 0 | Y75: =SUM(P75:X75) -> 0 | Z75: =INDIRECT("'"&$N75&"'!"&Z$56&ROW(INDIRECT("'"&$N75&"'!"&Z$58))) -> 0 | AA75: =INDIRECT("'"&$N75&"'!"&AA$56&ROW(INDIRECT("'"&$N75&"'!"&AA$58))) -> 0 | AB75: =INDIRECT("'"&$N75&"'!"&AB$56&ROW(INDIRECT("'"&$N75&"'!"&AB$58))) -> 0 | AC75: =INDIRECT("'"&$N75&"'!"&AC$56&ROW(INDIRECT("'"&$N75&"'!"&AC$58))) -> 0 | AD75: =INDIRECT("'"&$N75&"'!"&AD$56&ROW(INDIRECT("'"&$N75&"'!"&AD$58))) -> 0 | AE75: =INDIRECT("'"&$N75&"'!"&AE$56&ROW(INDIRECT("'"&$N75&"'!"&AE$58))) -> 0 | AF75: =Part14!H79 -> 0 | AG75: =Part14!H80 -> 0 | AH75: =SUM(Z75:AG75) -> 0 | AI75: =INDIRECT("'"&$N75&"'!"&AI$56&ROW(INDIRECT("'"&$N75&"'!"&AI$58))) -> 0 | AJ75: =INDIRECT("'"&$N75&"'!"&AJ$56&ROW(INDIRECT("'"&$N75&"'!"&AJ$58))) -> 0 | AK75: =INDIRECT("'"&$N75&"'!"&AK$56&ROW(INDIRECT("'"&$N75&"'!"&AK$58))) -> 0 | AL75: =INDIRECT("'"&$N75&"'!"&AL$56&ROW(INDIRECT("'"&$N75&"'!"&AL$58))) -> 0 | AM75: =INDIRECT("'"&$N75&"'!"&AM$56&ROW(INDIRECT("'"&$N75&"'!"&AM$58))) -> 0 | AN75: =INDIRECT("'"&$N75&"'!"&AN$56&ROW(INDIRECT("'"&$N75&"'!"&AN$58))) -> 0 | AO75: =SUM(AI75:AN75) -> 0 | AP75: =INDIRECT("'"&$N75&"'!"&AP$56&ROW(INDIRECT("'"&$N75&"'!"&AP$58))) -> 0 | AQ75: =INDIRECT("'"&$N75&"'!"&AQ$56&ROW(INDIRECT("'"&$N75&"'!"&AQ$58))) | AR75: =INDIRECT("'"&$N75&"'!"&AR$56&ROW(INDIRECT("'"&$N75&"'!"&AR$58))) | AS75: =INDIRECT("'"&$N75&"'!"&AS$56&ROW(INDIRECT("'"&$N75&"'!"&AS$58))) -> 0 | AT75: =INDIRECT("'"&$N75&"'!"&AT$56&ROW(INDIRECT("'"&$N75&"'!"&AT$58))) -> 0 | AU75: =INDIRECT("'"&$N75&"'!"&AU$56&ROW(INDIRECT("'"&$N75&"'!"&AU$58))) -> 0 | AV75: =INDIRECT("'"&$N75&"'!"&AV$56&ROW(INDIRECT("'"&$N75&"'!"&AV$58))) -> 0 | AW75: =INDIRECT("'"&$N75&"'!"&AW$56&ROW(INDIRECT("'"&$N75&"'!"&AW$58))) -> 0 | AX75: =INDIRECT("'"&$N75&"'!"&AX$56&ROW(INDIRECT("'"&$N75&"'!"&AX$58))) -> 0 | AY75: =Part14!L10 -> Part. non finançable | AZ75: =Part14!D74 -> 0 | BA75: =(AH75-AE75)*AZ75 -> 0 | BC75: =INDIRECT("'"&$N75&"'!"&BC$56&ROW(INDIRECT("'"&$N75&"'!"&BC$58))) -> 0 | BD75: 1 | BF75: =B75 | BG75: =E75
A76: 15 | B76: =IF(INDIRECT("'"&N76&"'!D$9")="","",INDIRECT("'"&N76&"'!D$9")) | E76: =IF(INDIRECT("'"&N76&"'!D$7")="","",INDIRECT("'"&N76&"'!D$7")) | G76: =Y76 -> 0 | H76: =AH76 -> 0 | I76: =AZ76 -> 0 | J76: =H76*I76 -> 0 | K76: =G76-J76 -> 0 | M76: xxxx | N76: ="Part"&A76 -> Part15 | P76: =INDIRECT("'"&$N76&"'!"&P$56&ROW(INDIRECT("'"&$N76&"'!"&P$58))) -> 0 | Q76: =INDIRECT("'"&$N76&"'!"&Q$56&ROW(INDIRECT("'"&$N76&"'!"&Q$58))) -> 0 | R76: =INDIRECT("'"&$N76&"'!"&R$56&ROW(INDIRECT("'"&$N76&"'!"&R$58))) -> 0 | S76: =INDIRECT("'"&$N76&"'!"&S$56&ROW(INDIRECT("'"&$N76&"'!"&S$58))) -> 0 | T76: =INDIRECT("'"&$N76&"'!"&T$56&ROW(INDIRECT("'"&$N76&"'!"&T$58))) -> 0 | U76: =INDIRECT("'"&$N76&"'!"&U$56&ROW(INDIRECT("'"&$N76&"'!"&U$58))) -> 0 | V76: =INDIRECT("'"&$N76&"'!"&V$56&ROW(INDIRECT("'"&$N76&"'!"&V$58))) -> 0 | W76: =Part15!G79 -> 0 | X76: =Part15!G80 -> 0 | Y76: =SUM(P76:X76) -> 0 | Z76: =INDIRECT("'"&$N76&"'!"&Z$56&ROW(INDIRECT("'"&$N76&"'!"&Z$58))) -> 0 | AA76: =INDIRECT("'"&$N76&"'!"&AA$56&ROW(INDIRECT("'"&$N76&"'!"&AA$58))) -> 0 | AB76: =INDIRECT("'"&$N76&"'!"&AB$56&ROW(INDIRECT("'"&$N76&"'!"&AB$58))) -> 0 | AC76: =INDIRECT("'"&$N76&"'!"&AC$56&ROW(INDIRECT("'"&$N76&"'!"&AC$58))) -> 0 | AD76: =INDIRECT("'"&$N76&"'!"&AD$56&ROW(INDIRECT("'"&$N76&"'!"&AD$58))) -> 0 | AE76: =INDIRECT("'"&$N76&"'!"&AE$56&ROW(INDIRECT("'"&$N76&"'!"&AE$58))) -> 0 | AF76: =Part15!H79 -> 0 | AG76: =Part15!H80 -> 0 | AH76: =SUM(Z76:AG76) -> 0 | AI76: =INDIRECT("'"&$N76&"'!"&AI$56&ROW(INDIRECT("'"&$N76&"'!"&AI$58))) -> 0 | AJ76: =INDIRECT("'"&$N76&"'!"&AJ$56&ROW(INDIRECT("'"&$N76&"'!"&AJ$58))) -> 0 | AK76: =INDIRECT("'"&$N76&"'!"&AK$56&ROW(INDIRECT("'"&$N76&"'!"&AK$58))) -> 0 | AL76: =INDIRECT("'"&$N76&"'!"&AL$56&ROW(INDIRECT("'"&$N76&"'!"&AL$58))) -> 0 | AM76: =INDIRECT("'"&$N76&"'!"&AM$56&ROW(INDIRECT("'"&$N76&"'!"&AM$58))) -> 0 | AN76: =INDIRECT("'"&$N76&"'!"&AN$56&ROW(INDIRECT("'"&$N76&"'!"&AN$58))) -> 0 | AO76: =SUM(AI76:AN76) -> 0 | AP76: =INDIRECT("'"&$N76&"'!"&AP$56&ROW(INDIRECT("'"&$N76&"'!"&AP$58))) -> 0 | AQ76: =INDIRECT("'"&$N76&"'!"&AQ$56&ROW(INDIRECT("'"&$N76&"'!"&AQ$58))) | AR76: =INDIRECT("'"&$N76&"'!"&AR$56&ROW(INDIRECT("'"&$N76&"'!"&AR$58))) | AS76: =INDIRECT("'"&$N76&"'!"&AS$56&ROW(INDIRECT("'"&$N76&"'!"&AS$58))) -> 0 | AT76: =INDIRECT("'"&$N76&"'!"&AT$56&ROW(INDIRECT("'"&$N76&"'!"&AT$58))) -> 0 | AU76: =INDIRECT("'"&$N76&"'!"&AU$56&ROW(INDIRECT("'"&$N76&"'!"&AU$58))) -> 0 | AV76: =INDIRECT("'"&$N76&"'!"&AV$56&ROW(INDIRECT("'"&$N76&"'!"&AV$58))) -> 0 | AW76: =INDIRECT("'"&$N76&"'!"&AW$56&ROW(INDIRECT("'"&$N76&"'!"&AW$58))) -> 0 | AX76: =INDIRECT("'"&$N76&"'!"&AX$56&ROW(INDIRECT("'"&$N76&"'!"&AX$58))) -> 0 | AY76: =Part15!L10 -> Part. non finançable | AZ76: =Part15!D74 -> 0 | BA76: =(AH76-AE76)*AZ76 -> 0 | BC76: =INDIRECT("'"&$N76&"'!"&BC$56&ROW(INDIRECT("'"&$N76&"'!"&BC$58))) -> 0 | BD76: 1 | BF76: =B76 | BG76: =E76
A77: 16 | B77: =IF(INDIRECT("'"&N77&"'!D$9")="","",INDIRECT("'"&N77&"'!D$9")) | E77: =IF(INDIRECT("'"&N77&"'!D$7")="","",INDIRECT("'"&N77&"'!D$7")) | G77: =Y77 -> 0 | H77: =AH77 -> 0 | I77: =AZ77 -> 0 | J77: =H77*I77 -> 0 | K77: =G77-J77 -> 0 | M77: xxxx | N77: ="Part"&A77 -> Part16 | P77: =INDIRECT("'"&$N77&"'!"&P$56&ROW(INDIRECT("'"&$N77&"'!"&P$58))) -> 0 | Q77: =INDIRECT("'"&$N77&"'!"&Q$56&ROW(INDIRECT("'"&$N77&"'!"&Q$58))) -> 0 | R77: =INDIRECT("'"&$N77&"'!"&R$56&ROW(INDIRECT("'"&$N77&"'!"&R$58))) -> 0 | S77: =INDIRECT("'"&$N77&"'!"&S$56&ROW(INDIRECT("'"&$N77&"'!"&S$58))) -> 0 | T77: =INDIRECT("'"&$N77&"'!"&T$56&ROW(INDIRECT("'"&$N77&"'!"&T$58))) -> 0 | U77: =INDIRECT("'"&$N77&"'!"&U$56&ROW(INDIRECT("'"&$N77&"'!"&U$58))) -> 0 | V77: =INDIRECT("'"&$N77&"'!"&V$56&ROW(INDIRECT("'"&$N77&"'!"&V$58))) -> 0 | W77: =Part16!G79 -> 0 | X77: =Part16!G80 -> 0 | Y77: =SUM(P77:X77) -> 0 | Z77: =INDIRECT("'"&$N77&"'!"&Z$56&ROW(INDIRECT("'"&$N77&"'!"&Z$58))) -> 0 | AA77: =INDIRECT("'"&$N77&"'!"&AA$56&ROW(INDIRECT("'"&$N77&"'!"&AA$58))) -> 0 | AB77: =INDIRECT("'"&$N77&"'!"&AB$56&ROW(INDIRECT("'"&$N77&"'!"&AB$58))) -> 0 | AC77: =INDIRECT("'"&$N77&"'!"&AC$56&ROW(INDIRECT("'"&$N77&"'!"&AC$58))) -> 0 | AD77: =INDIRECT("'"&$N77&"'!"&AD$56&ROW(INDIRECT("'"&$N77&"'!"&AD$58))) -> 0 | AE77: =INDIRECT("'"&$N77&"'!"&AE$56&ROW(INDIRECT("'"&$N77&"'!"&AE$58))) -> 0 | AF77: =Part16!H79 -> 0 | AG77: =Part16!H80 -> 0 | AH77: =SUM(Z77:AG77) -> 0 | AI77: =INDIRECT("'"&$N77&"'!"&AI$56&ROW(INDIRECT("'"&$N77&"'!"&AI$58))) -> 0 | AJ77: =INDIRECT("'"&$N77&"'!"&AJ$56&ROW(INDIRECT("'"&$N77&"'!"&AJ$58))) -> 0 | AK77: =INDIRECT("'"&$N77&"'!"&AK$56&ROW(INDIRECT("'"&$N77&"'!"&AK$58))) -> 0 | AL77: =INDIRECT("'"&$N77&"'!"&AL$56&ROW(INDIRECT("'"&$N77&"'!"&AL$58))) -> 0 | AM77: =INDIRECT("'"&$N77&"'!"&AM$56&ROW(INDIRECT("'"&$N77&"'!"&AM$58))) -> 0 | AN77: =INDIRECT("'"&$N77&"'!"&AN$56&ROW(INDIRECT("'"&$N77&"'!"&AN$58))) -> 0 | AO77: =SUM(AI77:AN77) -> 0 | AP77: =INDIRECT("'"&$N77&"'!"&AP$56&ROW(INDIRECT("'"&$N77&"'!"&AP$58))) -> 0 | AQ77: =INDIRECT("'"&$N77&"'!"&AQ$56&ROW(INDIRECT("'"&$N77&"'!"&AQ$58))) | AR77: =INDIRECT("'"&$N77&"'!"&AR$56&ROW(INDIRECT("'"&$N77&"'!"&AR$58))) | AS77: =INDIRECT("'"&$N77&"'!"&AS$56&ROW(INDIRECT("'"&$N77&"'!"&AS$58))) -> 0 | AT77: =INDIRECT("'"&$N77&"'!"&AT$56&ROW(INDIRECT("'"&$N77&"'!"&AT$58))) -> 0 | AU77: =INDIRECT("'"&$N77&"'!"&AU$56&ROW(INDIRECT("'"&$N77&"'!"&AU$58))) -> 0 | AV77: =INDIRECT("'"&$N77&"'!"&AV$56&ROW(INDIRECT("'"&$N77&"'!"&AV$58))) -> 0 | AW77: =INDIRECT("'"&$N77&"'!"&AW$56&ROW(INDIRECT("'"&$N77&"'!"&AW$58))) -> 0 | AX77: =INDIRECT("'"&$N77&"'!"&AX$56&ROW(INDIRECT("'"&$N77&"'!"&AX$58))) -> 0 | AY77: =Part16!L10 -> Part. non finançable | AZ77: =Part16!D74 -> 0 | BA77: =(AH77-AE77)*AZ77 -> 0 | BC77: =INDIRECT("'"&$N77&"'!"&BC$56&ROW(INDIRECT("'"&$N77&"'!"&BC$58))) -> 0 | BD77: 1 | BF77: =B77 | BG77: =E77
A78: 17 | B78: =IF(INDIRECT("'"&N78&"'!D$9")="","",INDIRECT("'"&N78&"'!D$9")) | E78: =IF(INDIRECT("'"&N78&"'!D$7")="","",INDIRECT("'"&N78&"'!D$7")) | G78: =Y78 -> 0 | H78: =AH78 -> 0 | I78: =AZ78 -> 0 | J78: =H78*I78 -> 0 | K78: =G78-J78 -> 0 | M78: xxxx | N78: ="Part"&A78 -> Part17 | P78: =INDIRECT("'"&$N78&"'!"&P$56&ROW(INDIRECT("'"&$N78&"'!"&P$58))) -> 0 | Q78: =INDIRECT("'"&$N78&"'!"&Q$56&ROW(INDIRECT("'"&$N78&"'!"&Q$58))) -> 0 | R78: =INDIRECT("'"&$N78&"'!"&R$56&ROW(INDIRECT("'"&$N78&"'!"&R$58))) -> 0 | S78: =INDIRECT("'"&$N78&"'!"&S$56&ROW(INDIRECT("'"&$N78&"'!"&S$58))) -> 0 | T78: =INDIRECT("'"&$N78&"'!"&T$56&ROW(INDIRECT("'"&$N78&"'!"&T$58))) -> 0 | U78: =INDIRECT("'"&$N78&"'!"&U$56&ROW(INDIRECT("'"&$N78&"'!"&U$58))) -> 0 | V78: =INDIRECT("'"&$N78&"'!"&V$56&ROW(INDIRECT("'"&$N78&"'!"&V$58))) -> 0 | W78: =Part17!G79 -> 0 | X78: =Part17!G80 -> 0 | Y78: =SUM(P78:X78) -> 0 | Z78: =INDIRECT("'"&$N78&"'!"&Z$56&ROW(INDIRECT("'"&$N78&"'!"&Z$58))) -> 0 | AA78: =INDIRECT("'"&$N78&"'!"&AA$56&ROW(INDIRECT("'"&$N78&"'!"&AA$58))) -> 0 | AB78: =INDIRECT("'"&$N78&"'!"&AB$56&ROW(INDIRECT("'"&$N78&"'!"&AB$58))) -> 0 | AC78: =INDIRECT("'"&$N78&"'!"&AC$56&ROW(INDIRECT("'"&$N78&"'!"&AC$58))) -> 0 | AD78: =INDIRECT("'"&$N78&"'!"&AD$56&ROW(INDIRECT("'"&$N78&"'!"&AD$58))) -> 0 | AE78: =INDIRECT("'"&$N78&"'!"&AE$56&ROW(INDIRECT("'"&$N78&"'!"&AE$58))) -> 0 | AF78: =Part17!H79 -> 0 | AG78: =Part17!H80 -> 0 | AH78: =SUM(Z78:AG78) -> 0 | AI78: =INDIRECT("'"&$N78&"'!"&AI$56&ROW(INDIRECT("'"&$N78&"'!"&AI$58))) -> 0 | AJ78: =INDIRECT("'"&$N78&"'!"&AJ$56&ROW(INDIRECT("'"&$N78&"'!"&AJ$58))) -> 0 | AK78: =INDIRECT("'"&$N78&"'!"&AK$56&ROW(INDIRECT("'"&$N78&"'!"&AK$58))) -> 0 | AL78: =INDIRECT("'"&$N78&"'!"&AL$56&ROW(INDIRECT("'"&$N78&"'!"&AL$58))) -> 0 | AM78: =INDIRECT("'"&$N78&"'!"&AM$56&ROW(INDIRECT("'"&$N78&"'!"&AM$58))) -> 0 | AN78: =INDIRECT("'"&$N78&"'!"&AN$56&ROW(INDIRECT("'"&$N78&"'!"&AN$58))) -> 0 | AO78: =SUM(AI78:AN78) -> 0 | AP78: =INDIRECT("'"&$N78&"'!"&AP$56&ROW(INDIRECT("'"&$N78&"'!"&AP$58))) -> 0 | AQ78: =INDIRECT("'"&$N78&"'!"&AQ$56&ROW(INDIRECT("'"&$N78&"'!"&AQ$58))) | AR78: =INDIRECT("'"&$N78&"'!"&AR$56&ROW(INDIRECT("'"&$N78&"'!"&AR$58))) | AS78: =INDIRECT("'"&$N78&"'!"&AS$56&ROW(INDIRECT("'"&$N78&"'!"&AS$58))) -> 0 | AT78: =INDIRECT("'"&$N78&"'!"&AT$56&ROW(INDIRECT("'"&$N78&"'!"&AT$58))) -> 0 | AU78: =INDIRECT("'"&$N78&"'!"&AU$56&ROW(INDIRECT("'"&$N78&"'!"&AU$58))) -> 0 | AV78: =INDIRECT("'"&$N78&"'!"&AV$56&ROW(INDIRECT("'"&$N78&"'!"&AV$58))) -> 0 | AW78: =INDIRECT("'"&$N78&"'!"&AW$56&ROW(INDIRECT("'"&$N78&"'!"&AW$58))) -> 0 | AX78: =INDIRECT("'"&$N78&"'!"&AX$56&ROW(INDIRECT("'"&$N78&"'!"&AX$58))) -> 0 | AY78: =Part17!L10 -> Part. non finançable | AZ78: =Part17!D74 -> 0 | BA78: =(AH78-AE78)*AZ78 -> 0 | BC78: =INDIRECT("'"&$N78&"'!"&BC$56&ROW(INDIRECT("'"&$N78&"'!"&BC$58))) -> 0 | BD78: 1 | BF78: =B78 | BG78: =E78
A79: 18 | B79: =IF(INDIRECT("'"&N79&"'!D$9")="","",INDIRECT("'"&N79&"'!D$9")) | E79: =IF(INDIRECT("'"&N79&"'!D$7")="","",INDIRECT("'"&N79&"'!D$7")) | G79: =Y79 -> 0 | H79: =AH79 -> 0 | I79: =AZ79 -> 0 | J79: =H79*I79 -> 0 | K79: =G79-J79 -> 0 | M79: xxxx | N79: ="Part"&A79 -> Part18 | P79: =INDIRECT("'"&$N79&"'!"&P$56&ROW(INDIRECT("'"&$N79&"'!"&P$58))) -> 0 | Q79: =INDIRECT("'"&$N79&"'!"&Q$56&ROW(INDIRECT("'"&$N79&"'!"&Q$58))) -> 0 | R79: =INDIRECT("'"&$N79&"'!"&R$56&ROW(INDIRECT("'"&$N79&"'!"&R$58))) -> 0 | S79: =INDIRECT("'"&$N79&"'!"&S$56&ROW(INDIRECT("'"&$N79&"'!"&S$58))) -> 0 | T79: =INDIRECT("'"&$N79&"'!"&T$56&ROW(INDIRECT("'"&$N79&"'!"&T$58))) -> 0 | U79: =INDIRECT("'"&$N79&"'!"&U$56&ROW(INDIRECT("'"&$N79&"'!"&U$58))) -> 0 | V79: =INDIRECT("'"&$N79&"'!"&V$56&ROW(INDIRECT("'"&$N79&"'!"&V$58))) -> 0 | W79: =Part18!G79 -> 0 | X79: =Part18!G80 -> 0 | Y79: =SUM(P79:X79) -> 0 | Z79: =INDIRECT("'"&$N79&"'!"&Z$56&ROW(INDIRECT("'"&$N79&"'!"&Z$58))) -> 0 | AA79: =INDIRECT("'"&$N79&"'!"&AA$56&ROW(INDIRECT("'"&$N79&"'!"&AA$58))) -> 0 | AB79: =INDIRECT("'"&$N79&"'!"&AB$56&ROW(INDIRECT("'"&$N79&"'!"&AB$58))) -> 0 | AC79: =INDIRECT("'"&$N79&"'!"&AC$56&ROW(INDIRECT("'"&$N79&"'!"&AC$58))) -> 0 | AD79: =INDIRECT("'"&$N79&"'!"&AD$56&ROW(INDIRECT("'"&$N79&"'!"&AD$58))) -> 0 | AE79: =INDIRECT("'"&$N79&"'!"&AE$56&ROW(INDIRECT("'"&$N79&"'!"&AE$58))) -> 0 | AF79: =Part18!H79 -> 0 | AG79: =Part18!H80 -> 0 | AH79: =SUM(Z79:AG79) -> 0 | AI79: =INDIRECT("'"&$N79&"'!"&AI$56&ROW(INDIRECT("'"&$N79&"'!"&AI$58))) -> 0 | AJ79: =INDIRECT("'"&$N79&"'!"&AJ$56&ROW(INDIRECT("'"&$N79&"'!"&AJ$58))) -> 0 | AK79: =INDIRECT("'"&$N79&"'!"&AK$56&ROW(INDIRECT("'"&$N79&"'!"&AK$58))) -> 0 | AL79: =INDIRECT("'"&$N79&"'!"&AL$56&ROW(INDIRECT("'"&$N79&"'!"&AL$58))) -> 0 | AM79: =INDIRECT("'"&$N79&"'!"&AM$56&ROW(INDIRECT("'"&$N79&"'!"&AM$58))) -> 0 | AN79: =INDIRECT("'"&$N79&"'!"&AN$56&ROW(INDIRECT("'"&$N79&"'!"&AN$58))) -> 0 | AO79: =SUM(AI79:AN79) -> 0 | AP79: =INDIRECT("'"&$N79&"'!"&AP$56&ROW(INDIRECT("'"&$N79&"'!"&AP$58))) -> 0 | AQ79: =INDIRECT("'"&$N79&"'!"&AQ$56&ROW(INDIRECT("'"&$N79&"'!"&AQ$58))) | AR79: =INDIRECT("'"&$N79&"'!"&AR$56&ROW(INDIRECT("'"&$N79&"'!"&AR$58))) | AS79: =INDIRECT("'"&$N79&"'!"&AS$56&ROW(INDIRECT("'"&$N79&"'!"&AS$58))) -> 0 | AT79: =INDIRECT("'"&$N79&"'!"&AT$56&ROW(INDIRECT("'"&$N79&"'!"&AT$58))) -> 0 | AU79: =INDIRECT("'"&$N79&"'!"&AU$56&ROW(INDIRECT("'"&$N79&"'!"&AU$58))) -> 0 | AV79: =INDIRECT("'"&$N79&"'!"&AV$56&ROW(INDIRECT("'"&$N79&"'!"&AV$58))) -> 0 | AW79: =INDIRECT("'"&$N79&"'!"&AW$56&ROW(INDIRECT("'"&$N79&"'!"&AW$58))) -> 0 | AX79: =INDIRECT("'"&$N79&"'!"&AX$56&ROW(INDIRECT("'"&$N79&"'!"&AX$58))) -> 0 | AY79: =Part18!L10 -> Part. non finançable | AZ79: =Part18!D74 -> 0 | BA79: =(AH79-AE79)*AZ79 -> 0 | BC79: =INDIRECT("'"&$N79&"'!"&BC$56&ROW(INDIRECT("'"&$N79&"'!"&BC$58))) -> 0 | BD79: 1 | BF79: =B79 | BG79: =E79
A80: 19 | B80: =IF(INDIRECT("'"&N80&"'!D$9")="","",INDIRECT("'"&N80&"'!D$9")) | E80: =IF(INDIRECT("'"&N80&"'!D$7")="","",INDIRECT("'"&N80&"'!D$7")) | G80: =Y80 -> 0 | H80: =AH80 -> 0 | I80: =AZ80 -> 0 | J80: =H80*I80 -> 0 | K80: =G80-J80 -> 0 | M80: xxxx | N80: ="Part"&A80 -> Part19 | P80: =INDIRECT("'"&$N80&"'!"&P$56&ROW(INDIRECT("'"&$N80&"'!"&P$58))) -> 0 | Q80: =INDIRECT("'"&$N80&"'!"&Q$56&ROW(INDIRECT("'"&$N80&"'!"&Q$58))) -> 0 | R80: =INDIRECT("'"&$N80&"'!"&R$56&ROW(INDIRECT("'"&$N80&"'!"&R$58))) -> 0 | S80: =INDIRECT("'"&$N80&"'!"&S$56&ROW(INDIRECT("'"&$N80&"'!"&S$58))) -> 0 | T80: =INDIRECT("'"&$N80&"'!"&T$56&ROW(INDIRECT("'"&$N80&"'!"&T$58))) -> 0 | U80: =INDIRECT("'"&$N80&"'!"&U$56&ROW(INDIRECT("'"&$N80&"'!"&U$58))) -> 0 | V80: =INDIRECT("'"&$N80&"'!"&V$56&ROW(INDIRECT("'"&$N80&"'!"&V$58))) -> 0 | W80: =Part19!G79 -> 0 | X80: =Part19!G80 -> 0 | Y80: =SUM(P80:X80) -> 0 | Z80: =INDIRECT("'"&$N80&"'!"&Z$56&ROW(INDIRECT("'"&$N80&"'!"&Z$58))) -> 0 | AA80: =INDIRECT("'"&$N80&"'!"&AA$56&ROW(INDIRECT("'"&$N80&"'!"&AA$58))) -> 0 | AB80: =INDIRECT("'"&$N80&"'!"&AB$56&ROW(INDIRECT("'"&$N80&"'!"&AB$58))) -> 0 | AC80: =INDIRECT("'"&$N80&"'!"&AC$56&ROW(INDIRECT("'"&$N80&"'!"&AC$58))) -> 0 | AD80: =INDIRECT("'"&$N80&"'!"&AD$56&ROW(INDIRECT("'"&$N80&"'!"&AD$58))) -> 0 | AE80: =INDIRECT("'"&$N80&"'!"&AE$56&ROW(INDIRECT("'"&$N80&"'!"&AE$58))) -> 0 | AF80: =Part19!H79 -> 0 | AG80: =Part19!H80 -> 0 | AH80: =SUM(Z80:AG80) -> 0 | AI80: =INDIRECT("'"&$N80&"'!"&AI$56&ROW(INDIRECT("'"&$N80&"'!"&AI$58))) -> 0 | AJ80: =INDIRECT("'"&$N80&"'!"&AJ$56&ROW(INDIRECT("'"&$N80&"'!"&AJ$58))) -> 0 | AK80: =INDIRECT("'"&$N80&"'!"&AK$56&ROW(INDIRECT("'"&$N80&"'!"&AK$58))) -> 0 | AL80: =INDIRECT("'"&$N80&"'!"&AL$56&ROW(INDIRECT("'"&$N80&"'!"&AL$58))) -> 0 | AM80: =INDIRECT("'"&$N80&"'!"&AM$56&ROW(INDIRECT("'"&$N80&"'!"&AM$58))) -> 0 | AN80: =INDIRECT("'"&$N80&"'!"&AN$56&ROW(INDIRECT("'"&$N80&"'!"&AN$58))) -> 0 | AO80: =SUM(AI80:AN80) -> 0 | AP80: =INDIRECT("'"&$N80&"'!"&AP$56&ROW(INDIRECT("'"&$N80&"'!"&AP$58))) -> 0 | AQ80: =INDIRECT("'"&$N80&"'!"&AQ$56&ROW(INDIRECT("'"&$N80&"'!"&AQ$58))) | AR80: =INDIRECT("'"&$N80&"'!"&AR$56&ROW(INDIRECT("'"&$N80&"'!"&AR$58))) | AS80: =INDIRECT("'"&$N80&"'!"&AS$56&ROW(INDIRECT("'"&$N80&"'!"&AS$58))) -> 0 | AT80: =INDIRECT("'"&$N80&"'!"&AT$56&ROW(INDIRECT("'"&$N80&"'!"&AT$58))) -> 0 | AU80: =INDIRECT("'"&$N80&"'!"&AU$56&ROW(INDIRECT("'"&$N80&"'!"&AU$58))) -> 0 | AV80: =INDIRECT("'"&$N80&"'!"&AV$56&ROW(INDIRECT("'"&$N80&"'!"&AV$58))) -> 0 | AW80: =INDIRECT("'"&$N80&"'!"&AW$56&ROW(INDIRECT("'"&$N80&"'!"&AW$58))) -> 0 | AX80: =INDIRECT("'"&$N80&"'!"&AX$56&ROW(INDIRECT("'"&$N80&"'!"&AX$58))) -> 0 | AY80: =Part19!L10 -> Part. non finançable | AZ80: =Part19!D74 -> 0 | BA80: =(AH80-AE80)*AZ80 -> 0 | BC80: =INDIRECT("'"&$N80&"'!"&BC$56&ROW(INDIRECT("'"&$N80&"'!"&BC$58))) -> 0 | BD80: 1 | BF80: =B80 | BG80: =E80
A81: 20 | B81: =IF(INDIRECT("'"&N81&"'!D$9")="","",INDIRECT("'"&N81&"'!D$9")) | E81: =IF(INDIRECT("'"&N81&"'!D$7")="","",INDIRECT("'"&N81&"'!D$7")) | G81: =Y81 -> 0 | H81: =AH81 -> 0 | I81: =AZ81 -> 0 | J81: =H81*I81 -> 0 | K81: =G81-J81 -> 0 | M81: xxxx | N81: ="Part"&A81 -> Part20 | P81: =INDIRECT("'"&$N81&"'!"&P$56&ROW(INDIRECT("'"&$N81&"'!"&P$58))) -> 0 | Q81: =INDIRECT("'"&$N81&"'!"&Q$56&ROW(INDIRECT("'"&$N81&"'!"&Q$58))) -> 0 | R81: =INDIRECT("'"&$N81&"'!"&R$56&ROW(INDIRECT("'"&$N81&"'!"&R$58))) -> 0 | S81: =INDIRECT("'"&$N81&"'!"&S$56&ROW(INDIRECT("'"&$N81&"'!"&S$58))) -> 0 | T81: =INDIRECT("'"&$N81&"'!"&T$56&ROW(INDIRECT("'"&$N81&"'!"&T$58))) -> 0 | U81: =INDIRECT("'"&$N81&"'!"&U$56&ROW(INDIRECT("'"&$N81&"'!"&U$58))) -> 0 | V81: =INDIRECT("'"&$N81&"'!"&V$56&ROW(INDIRECT("'"&$N81&"'!"&V$58))) -> 0 | W81: =Part20!G79 -> 0 | X81: =Part20!G80 -> 0 | Y81: =SUM(P81:X81) -> 0 | Z81: =INDIRECT("'"&$N81&"'!"&Z$56&ROW(INDIRECT("'"&$N81&"'!"&Z$58))) -> 0 | AA81: =INDIRECT("'"&$N81&"'!"&AA$56&ROW(INDIRECT("'"&$N81&"'!"&AA$58))) -> 0 | AB81: =INDIRECT("'"&$N81&"'!"&AB$56&ROW(INDIRECT("'"&$N81&"'!"&AB$58))) -> 0 | AC81: =INDIRECT("'"&$N81&"'!"&AC$56&ROW(INDIRECT("'"&$N81&"'!"&AC$58))) -> 0 | AD81: =INDIRECT("'"&$N81&"'!"&AD$56&ROW(INDIRECT("'"&$N81&"'!"&AD$58))) -> 0 | AE81: =INDIRECT("'"&$N81&"'!"&AE$56&ROW(INDIRECT("'"&$N81&"'!"&AE$58))) -> 0 | AF81: =Part20!H79 -> 0 | AG81: =Part20!H80 -> 0 | AH81: =SUM(Z81:AG81) -> 0 | AI81: =INDIRECT("'"&$N81&"'!"&AI$56&ROW(INDIRECT("'"&$N81&"'!"&AI$58))) -> 0 | AJ81: =INDIRECT("'"&$N81&"'!"&AJ$56&ROW(INDIRECT("'"&$N81&"'!"&AJ$58))) -> 0 | AK81: =INDIRECT("'"&$N81&"'!"&AK$56&ROW(INDIRECT("'"&$N81&"'!"&AK$58))) -> 0 | AL81: =INDIRECT("'"&$N81&"'!"&AL$56&ROW(INDIRECT("'"&$N81&"'!"&AL$58))) -> 0 | AM81: =INDIRECT("'"&$N81&"'!"&AM$56&ROW(INDIRECT("'"&$N81&"'!"&AM$58))) -> 0 | AN81: =INDIRECT("'"&$N81&"'!"&AN$56&ROW(INDIRECT("'"&$N81&"'!"&AN$58))) -> 0 | AO81: =SUM(AI81:AN81) -> 0 | AP81: =INDIRECT("'"&$N81&"'!"&AP$56&ROW(INDIRECT("'"&$N81&"'!"&AP$58))) -> 0 | AQ81: =INDIRECT("'"&$N81&"'!"&AQ$56&ROW(INDIRECT("'"&$N81&"'!"&AQ$58))) | AR81: =INDIRECT("'"&$N81&"'!"&AR$56&ROW(INDIRECT("'"&$N81&"'!"&AR$58))) | AS81: =INDIRECT("'"&$N81&"'!"&AS$56&ROW(INDIRECT("'"&$N81&"'!"&AS$58))) -> 0 | AT81: =INDIRECT("'"&$N81&"'!"&AT$56&ROW(INDIRECT("'"&$N81&"'!"&AT$58))) -> 0 | AU81: =INDIRECT("'"&$N81&"'!"&AU$56&ROW(INDIRECT("'"&$N81&"'!"&AU$58))) -> 0 | AV81: =INDIRECT("'"&$N81&"'!"&AV$56&ROW(INDIRECT("'"&$N81&"'!"&AV$58))) -> 0 | AW81: =INDIRECT("'"&$N81&"'!"&AW$56&ROW(INDIRECT("'"&$N81&"'!"&AW$58))) -> 0 | AX81: =INDIRECT("'"&$N81&"'!"&AX$56&ROW(INDIRECT("'"&$N81&"'!"&AX$58))) -> 0 | AY81: =Part20!L10 -> Part. non finançable | AZ81: =Part20!D74 -> 0 | BA81: =(AH81-AE81)*AZ81 -> 0 | BC81: =INDIRECT("'"&$N81&"'!"&BC$56&ROW(INDIRECT("'"&$N81&"'!"&BC$58))) -> 0 | BD81: 1 | BF81: =B81 | BG81: =E81
B82: Total (les montants sont arrondis à l'euro supérieur) | G82: =SUM(J82:K82) -> 100 | H82: =SUM(H62:H81) -> 100 | J82: =ROUNDUP((SUM(J62:J81)),0) -> 0 | K82: =ROUNDUP((SUM(K62:K81)),0) -> 100 | P82: équipt | Q82: RH | R82: Fctmt | S82: factu int | T82: frais struct | U82: frais gestion | V82: frais env | Z82: équipt | AA82: RH | AB82: Fctmt | AC82: presta service externes | AD82: factu int | AE82: frais généraux | AF82: Frais struc pers | AG82: Frais struc autre | AH82: TOTAL | AI82: équipt | AJ82: RH | AK82: Fctmt | AL82: factu int | AM82: frais struct | AN82: frais env
B84: Récapitulatif des aides demandées par partenaire et par catégorie | Y84: Total aide demandée | Z84: =SUMPRODUCT(Z62:Z81,$AZ$62:$AZ$81) -> 0 | AA84: =SUMPRODUCT(AA62:AA81,$AZ$62:$AZ$81) -> 0 | AB84: =SUMPRODUCT(AB62:AB81,$AZ$62:$AZ$81) -> 0 | AC84: =SUMPRODUCT(AC62:AC81,$AZ$62:$AZ$81) -> 0 | AD84: =SUMPRODUCT(AD62:AD81,$AZ$62:$AZ$81) -> 0 | AE84: =SUMPRODUCT(AE62:AE81,$AZ$62:$AZ$81) -> 0 | AF84: =SUMPRODUCT(AF62:AF81,$AZ$62:$AZ$81) -> 0 | AG84: =SUMPRODUCT(AG62:AG81,$AZ$62:$AZ$81) -> 0 | AH84: =SUMPRODUCT(AH62:AH81,$AZ$62:$AZ$81) -> 0
B86: Type de partenaire | D86: Nom du partenaire | E86: Equipement | F86: Personnel | G86: Fonctionnement | H86: Prestations de services | I86: Facturation interne | J86: Frais généraux | K86: Frais de structure
A88: 1 | B88: =IF(INDIRECT("'"&N62&"'!D$9")="","",INDIRECT("'"&N62&"'!D$9")) | D88: =IF(INDIRECT("'"&N62&"'!D$7")="","",INDIRECT("'"&N62&"'!D$7")) | E88: =Z62*AZ62 -> 0 | F88: =AA62*AZ62 -> 0 | G88: =AB62*AZ62 -> 0 | H88: =AC62*AZ62 -> 0 | I88: =AD62*AZ62 -> 0 | J88: =AE62*AZ62 -> 0 | K88: =(AF62+AG62)*AZ62 -> 0
A89: 2 | B89: =IF(INDIRECT("'"&N63&"'!D$9")="","",INDIRECT("'"&N63&"'!D$9")) | D89: =IF(INDIRECT("'"&N63&"'!D$7")="","",INDIRECT(N63&"!D$7")) | E89: =Z63*AZ63 -> 0 | F89: =AA63*AZ63 -> 0 | G89: =AB63*AZ63 -> 0 | H89: =AC63*AZ63 -> 0 | I89: =AD63*AZ63 -> 0 | J89: =AE63*AZ63 -> 0 | K89: =(AF63+AG63)*AZ63 -> 0
A90: 3 | B90: =IF(INDIRECT("'"&N64&"'!D$9")="","",INDIRECT("'"&N64&"'!D$9")) | D90: =IF(INDIRECT("'"&N64&"'!D$7")="","",INDIRECT(N64&"!D$7")) | E90: =Z64*AZ64 -> 0 | F90: =AA64*AZ64 -> 0 | G90: =AB64*AZ64 -> 0 | H90: =AC64*AZ64 -> 0 | I90: =AD64*AZ64 -> 0 | J90: =AE64*AZ64 -> 0 | K90: =(AF64+AG64)*AZ64 -> 0
A91: 4 | B91: =IF(INDIRECT("'"&N65&"'!D$9")="","",INDIRECT("'"&N65&"'!D$9")) | D91: =IF(INDIRECT("'"&N65&"'!D$7")="","",INDIRECT(N65&"!D$7")) | E91: =Z65*AZ65 -> 0 | F91: =AA65*AZ65 -> 0 | G91: =AB65*AZ65 -> 0 | H91: =AC65*AZ65 -> 0 | I91: =AD65*AZ65 -> 0 | J91: =AE65*AZ65 -> 0 | K91: =(AF65+AG65)*AZ65 -> 0
A92: 5 | B92: =IF(INDIRECT("'"&N66&"'!D$9")="","",INDIRECT("'"&N66&"'!D$9")) | D92: =IF(INDIRECT("'"&N66&"'!D$7")="","",INDIRECT(N66&"!D$7")) | E92: =Z66*AZ66 -> 0 | F92: =AA66*AZ66 -> 0 | G92: =AB66*AZ66 -> 0 | H92: =AC66*AZ66 -> 0 | I92: =AD66*AZ66 -> 0 | J92: =AE66*AZ66 -> 0 | K92: =(AF66+AG66)*AZ66 -> 0
A93: 6 | B93: =IF(INDIRECT("'"&N67&"'!D$9")="","",INDIRECT("'"&N67&"'!D$9")) | D93: =IF(INDIRECT("'"&N67&"'!D$7")="","",INDIRECT(N67&"!D$7")) | E93: =Z67*AZ67 -> 0 | F93: =AA67*AZ67 -> 0 | G93: =AB67*AZ67 -> 0 | H93: =AC67*AZ67 -> 0 | I93: =AD67*AZ67 -> 0 | J93: =AE67*AZ67 -> 0 | K93: =(AF67+AG67)*AZ67 -> 0
A94: 7 | B94: =IF(INDIRECT("'"&N68&"'!D$9")="","",INDIRECT("'"&N68&"'!D$9")) | D94: =IF(INDIRECT("'"&N68&"'!D$7")="","",INDIRECT(N68&"!D$7")) | E94: =Z68*AZ68 -> 0 | F94: =AA68*AZ68 -> 0 | G94: =AB68*AZ68 -> 0 | H94: =AC68*AZ68 -> 0 | I94: =AD68*AZ68 -> 0 | J94: =AE68*AZ68 -> 0 | K94: =(AF68+AG68)*AZ68 -> 0
A95: 8 | B95: =IF(INDIRECT("'"&N69&"'!D$9")="","",INDIRECT("'"&N69&"'!D$9")) | D95: =IF(INDIRECT("'"&N69&"'!D$7")="","",INDIRECT(N69&"!D$7")) | E95: =Z69*AZ69 -> 0 | F95: =AA69*AZ69 -> 0 | G95: =AB69*AZ69 -> 0 | H95: =AC69*AZ69 -> 0 | I95: =AD69*AZ69 -> 0 | J95: =AE69*AZ69 -> 0 | K95: =(AF69+AG69)*AZ69 -> 0
A96: 9 | B96: =IF(INDIRECT("'"&N70&"'!D$9")="","",INDIRECT("'"&N70&"'!D$9")) | D96: =IF(INDIRECT("'"&N70&"'!D$7")="","",INDIRECT(N70&"!D$7")) | E96: =Z70*AZ70 -> 0 | F96: =AA70*AZ70 -> 0 | G96: =AB70*AZ70 -> 0 | H96: =AC70*AZ70 -> 0 | I96: =AD70*AZ70 -> 0 | J96: =AE70*AZ70 -> 0 | K96: =(AF70+AG70)*AZ70 -> 0
A97: 10 | B97: =IF(INDIRECT("'"&N71&"'!D$9")="","",INDIRECT("'"&N71&"'!D$9")) | D97: =IF(INDIRECT("'"&N71&"'!D$7")="","",INDIRECT(N71&"!D$7")) | E97: =Z71*AZ71 -> 0 | F97: =AA71*AZ71 -> 0 | G97: =AB71*AZ71 -> 0 | H97: =AC71*AZ71 -> 0 | I97: =AD71*AZ71 -> 0 | J97: =AE71*AZ71 -> 0 | K97: =(AF71+AG71)*AZ71 -> 0
A98: 11 | B98: =IF(INDIRECT("'"&N72&"'!D$9")="","",INDIRECT("'"&N72&"'!D$9")) | D98: =IF(INDIRECT("'"&N72&"'!D$7")="","",INDIRECT(N72&"!D$7")) | E98: =Z72*AZ72 -> 0 | F98: =AA72*AZ72 -> 0 | G98: =AB72*AZ72 -> 0 | H98: =AC72*AZ72 -> 0 | I98: =AD72*AZ72 -> 0 | J98: =AE72*AZ72 -> 0 | K98: =(AF72+AG72)*AZ72 -> 0
A99: 12 | B99: =IF(INDIRECT("'"&N73&"'!D$9")="","",INDIRECT("'"&N73&"'!D$9")) | D99: =IF(INDIRECT("'"&N73&"'!D$7")="","",INDIRECT(N73&"!D$7")) | E99: =Z73*AZ73 -> 0 | F99: =AA73*AZ73 -> 0 | G99: =AB73*AZ73 -> 0 | H99: =AC73*AZ73 -> 0 | I99: =AD73*AZ73 -> 0 | J99: =AE73*AZ73 -> 0 | K99: =(AF73+AG73)*AZ73 -> 0
A100: 13 | B100: =IF(INDIRECT("'"&N74&"'!D$9")="","",INDIRECT("'"&N74&"'!D$9")) | D100: =IF(INDIRECT("'"&N74&"'!D$7")="","",INDIRECT(N74&"!D$7")) | E100: =Z74*AZ74 -> 0 | F100: =AA74*AZ74 -> 0 | G100: =AB74*AZ74 -> 0 | H100: =AC74*AZ74 -> 0 | I100: =AD74*AZ74 -> 0 | J100: =AE74*AZ74 -> 0 | K100: =(AF74+AG74)*AZ74 -> 0
... A107: 20 | B107: =IF(INDIRECT("'"&N81&"'!D$9")="","",INDIRECT("'"&N81&"'!D$9")) | D107: =IF(INDIRECT("'"&N81&"'!D$7")="","",INDIRECT(N81&"!D$7")) | E107: =Z81*AZ81 -> 0 | F107: =AA81*AZ81 -> 0 | G107: =AB81*AZ81 -> 0 | H107: =AC81*AZ81 -> 0 | I107: =AD81*AZ81 -> 0 | J107: =AE81*AZ81 -> 0 | K107: =(AF81+AG81)*AZ81 -> 0
B108: Total | E108: =SUM(E88:E107) -> 0 | F108: =SUM(F88:F107) -> 0 | G108: =SUM(G88:G107) -> 0 | H108: =SUM(H88:H107) -> 0 | I108: =SUM(I88:I107) -> 0 | J108: =SUM(J88:J107) -> 0 | K108: =SUM(K88:K107) -> 0
B110: Aide demandée / Coût total** | E110: =IF(ISNUMBER((G56/(E56-E55))*100),((G56/(E56-E55))*100),"") -> 0 | F110: %
B111: Aide demandée Équipements / Aide demandée totale* (max 30% sauf dérogation) | E111: =E108/(J82+0.01-J108)*100 -> 0 | F111: %
B112: Aide demandée Prestations de services / Aide demandée totale* (max 30% sauf dérogation) | E112: =H108/(J82+0.01-J108)*100 -> 0 | F112: %
B113: Aide demandée pour des personnels statutaires | E113: =AP60 -> 0 | F113: €
B114: ="Aide demandée pers statutaires / Aide demandée tot* (max "&Réglages!M19&"%)" -> Aide demandée pers statutaires / Aide demandée tot* (max 0%) | E114: =E113/(I82+0.1-K108)*100 -> 0 | F114: % | G114: =IF(E114>Réglages!M19,"Attention : taux d’aide des personnels statutaires dépassé","")
B115: ="Frais généraux demandés / Aide demandée totale* (max "&Réglages!M16&"%)" -> Frais généraux demandés / Aide demandée totale* (max 20%) | E115: =J108/(J82+0.01-J108)*100 -> 0 | F115: % | G115: =IF(E115>Réglages!M16,"Attention : maximum de frais généraux dépassé","")
B116: ="Total des demandes de Décharges d’enseignement (max "&Réglages!M22&"k€/an)" -> Total des demandes de Décharges d’enseignement (max 0k€/an) | E116: =AT60 -> 0 | F116: soit | G116: =IF(#REF!<>"",E116/#REF!*12,"") -> #REF! | H116: par an | I116: =IF(AND(G116>Réglages!M22*1000,G116<>""),"Attention : maximum dépassé","") -> #REF!
B117: * hors frais généraux | C117: ** hors frais d'environnement
B119: Récapitulatif des autres établissements déclarant des personnels fonctionnaires sur la fiche d’un partenaire
B121: Sigle de l’établissement | D121: SIRET | F121: Le tableau ci-contre récapitule les établissements employeurs pour lesquels les demandes et les apports de personnel fonctionnaire sont faites via la fiche d’un autre établissement gestionnaire (au sens des délégations de gestion entre tutelles d’une UMR). Le rapprochement des établissements est fait à l’aide des numéros SIRET. Ceux-ci doivent être remplis avec soin.
...

Sheet Part1-Coord
A1: Identification de l'établissement coordinateur | K1: eligible à l’aide : | L1: =(SUMIF(Table_type_coord6[Type étab coord],D9,Table_type_coord6[Eligible]))>0 -> FALSE | M1: (à régler dans la page réglage)
F2: Acronyme | H2: =IF(VoletGeneral!D9<>"",VoletGeneral!D9,"") | J2: =IF((COUNTIF(I27:I41,"<0")+COUNTIF(I45:I58,"<0")+COUNTIF(I124:I135,"<0")+COUNTIF(I118:I121,"<0")+COUNTIF(I107:I116,"<0")+COUNTIF(I142:I148,"<0"))>0,"Attention, pour "&COUNTIF(I27:I41,"<0")+COUNTIF(I45:I58,"<0")+COUNTIF(I124:I135,"<0")+COUNTIF(I118:I121,"<0")+COUNTIF(I107:I116,"<0")+COUNTIF(I142:I148,"<0")&" ligne"&IF(COUNTIF(I27:I41,"<0")+COUNTIF(I45:I58,"<0")+COUNTIF(I124:I135,"<0")+COUNTIF(I118:I121,"<0")+COUNTIF(I107:I116,"<0")+COUNTIF(I142:I148,"<0")>1,"s","")&" la partie aidée est supérieure au coût total."&CHAR(10),"")&IF(COUNTIF(E27:E41,"<4000")>0,"Attention, pour "&COUNTIF(E27:E41,"<4000")&" ligne"&IF(COUNTIF(E27:E41,"<4000")>1,"s","")&" le coût unitaire de l'équipement est inférieur à 4000 € hors taxes.","")
F3: Partenaire | H3: Part1-Coord | K3: éligible au cout marginal : | L3: =(SUMIF(Table_type_coord6[Type étab coord],D9,Table_type_coord6[cout marginal]))>0 -> FALSE | M3: (à régler dans la page réglage)
C4: 20408 | D4: =C4&"-0" -> 20408-0 | K4: Prise en compte des couts | L4: =IF(L1,IF(L3,"Cout marginal", "Cout complet"),"Part. non finançable") -> Part. non finançable
B5: Nom complet de l'établissement coordinateur | K5: frais environnement possible : | L5: =(SUMIF(Table_type_coord6[Type étab coord],D9,Table_type_coord6[frais env]))>0 -> FALSE | M5: (à régler dans la page réglage)
K6: décharges possible : | L6: =(SUMIF(Table_type_coord6[Type étab coord],D9,Table_type_coord6[Décharges]))>0 -> FALSE | M6: (à régler dans la page réglage)
C7: Nom complet du partenaire | D7: =IF(VoletGeneral!D31="","",VoletGeneral!D31)
C8: Sigle du partenaire | D8: =IF(VoletGeneral!D32="","",VoletGeneral!D32)
C9: Type de partenaire | D9: =IF(VoletGeneral!D33="","",VoletGeneral!D33) | K9: taux d’aide lié à la struture du part : | L9: =SUMIF(Table_type_coord6[Type étab coord],D9,Table_type_coord6[taux d’aide]) -> 0 | M9: (à régler dans la page réglage)
C10: Numéro SIRET | D10: =IF(VoletGeneral!D34="","",VoletGeneral!D34) | K10: taux d’aide lié à la catégorie de recherche : | L10: =Tableau6[taux] -> 1 | M10: (à régler dans la page réglage) | N10: (Eligible)
K11: taux d’aide applicable : | L11: =L9*L10 -> 0
B12: Personne habilitée à engager juridiquement l'établissement coordinateur
K13: Régle de couleur des cases :
C14: Genre | D14: =IF(VoletGeneral!D38="","",VoletGeneral!D38) | K14: nom de la zone | L14: Booléen | M14: description
C15: Nom | D15: =IF(VoletGeneral!D39="","",VoletGeneral!D39) | K15: rouge _si_cout_complet | L15: =(AND(L1,NOT(L3))) -> FALSE | M15: éligible ET non(cout marg)
C16: Prénom | D16: =IF(VoletGeneral!D40="","",VoletGeneral!D40)
C17: Qualité | D17: =IF(VoletGeneral!D41="","",VoletGeneral!D41) | K17: rouge_si_cout_marginal | L17: =(OR(L3,NOT(L1))) -> TRUE | M17: cout marginal OU non eligible
C18: Courriel | D18: =IF(VoletGeneral!D42="","",VoletGeneral!D42)
C19: Téléphone | D19: =IF(VoletGeneral!D43="","",VoletGeneral!D43) | K19: rouge_si_inneligible | L19: =NOT(L1) -> TRUE
B21: =IF(L1, IF(L3, "Ce partenaire est finançable à coût marginal. Le taux d’aide est de 100%. Les frais généraux forfaitaires sont de "&Réglages!M16&"% maximum.", "Ce partenaire est finançable à coût complet."&" Le taux d’aide maximum dépend du type de structure, il est indiqué en bas de ce formulaire. L’aide demandée est automatiquement calculée"&" par multiplication de l’assiette totale de l’aide par le taux d’aide retenu. Les frais de structure, en deux catégories, sont à demander à la fin de ce formulaire."), "Merci de sélectionner un type de partenaire dans le volet général.") -> Merci de sélectionner un type de partenaire dans le volet général.
K22: Etab Fonctionnaire | L22: =IF(OR(L3,L6),"VRAI","FAUX") -> FAUX
B23: Demande financière ANR détaillée du projet
B24: Personnel | K24: Entreprise | L24: =(SUMIF(Réglages!E24:E26,D8,Table_type_part7[taux d’aide]))>0 -> FALSE
B25: Personnel avec demande de financement | E25: Coût moyen | F25: Nb. p.mois | G25: Coût total | H25: Aide demandée | I25: Apport
B26: Personnel de recherche - Fonctionnaires (voir Notice) | E26: =IF(AND(ISNUMBER(F26),ISNUMBER(G26)),G26/F26," ") | I26: =IF(OR(ISNUMBER(G26),ISNUMBER(H26)),ROUND(IF(ISNUMBER(G26),G26,0)-IF(ISNUMBER(H26),H26,0),2)," ")
B27: Personnel de recherche - Non fonctionnaires (CDI/CDD) | E27: =IF(AND(ISNUMBER(F27),ISNUMBER(G27)),G27/F27," ") | I27: =IF(OR(ISNUMBER(G27),ISNUMBER(H27)),ROUND(IF(ISNUMBER(G27),G27,0)-IF(ISNUMBER(H27),H27,0),2)," ")
B28: Doctorants | E28: =IF(AND(ISNUMBER(F28),ISNUMBER(G28)),G28/F28," ") | I28: =IF(OR(ISNUMBER(G28),ISNUMBER(H28)),ROUND(IF(ISNUMBER(G28),G28,0)-IF(ISNUMBER(H28),H28,0),2)," ")
B29: Post-doctorants | E29: =IF(AND(ISNUMBER(F29),ISNUMBER(G29)),G29/F29," ") | I29: =IF(OR(ISNUMBER(G29),ISNUMBER(H29)),ROUND(IF(ISNUMBER(G29),G29,0)-IF(ISNUMBER(H29),H29,0),2)," ")
B30: Autres (personnel support, stagiaires, vacations, etc.) | E30: =IF(AND(ISNUMBER(F30),ISNUMBER(G30)),G30/F30," ") | I30: =IF(OR(ISNUMBER(G30),ISNUMBER(H30)),ROUND(IF(ISNUMBER(G30),G30,0)-IF(ISNUMBER(H30),H30,0),2)," ")
B31: Primes | I31: =IF(OR(ISNUMBER(G31),ISNUMBER(H31)),ROUND(IF(ISNUMBER(G31),G31,0)-IF(ISNUMBER(H31),H31,0),2),"")
B32: Heures complémentaires | I32: =IF(OR(ISNUMBER(G32),ISNUMBER(H32)),ROUND(IF(ISNUMBER(G32),G32,0)-IF(ISNUMBER(H32),H32,0),2),"")
B33: Décharges d’enseignement | I33: =IF(OR(ISNUMBER(G33),ISNUMBER(H33)),ROUND(IF(ISNUMBER(G33),G33,0)-IF(ISNUMBER(H33),H33,0),2),"")
B34: Personnel sans demande de financement | E34: Coût moyen | F34: Nb. p.mois | G34: Coût total | H34: Aide demandée | I34: Apport
B35: Personnel de recherche - Fonctionnaires | D35: Enseignants-chercheurs et chercheurs | E35: =IF(AND(ISNUMBER(F35),ISNUMBER(G35)),G35/F35," ") | I35: =IF(OR(ISNUMBER(G35),ISNUMBER(H35)),ROUND(IF(ISNUMBER(G35),G35,0)-IF(ISNUMBER(H35),H35,0),2)," ")
D36: Ingénieurs et techniciens | E36: =IF(AND(ISNUMBER(F36),ISNUMBER(G36)),G36/F36," ") | I36: =IF(OR(ISNUMBER(G36),ISNUMBER(H36)),ROUND(IF(ISNUMBER(G36),G36,0)-IF(ISNUMBER(H36),H36,0),2)," ")
B37: Personnel de recherche - Non fonctionnaires (CDI/CDD) | E37: =IF(AND(ISNUMBER(F37),ISNUMBER(G37)),G37/F37," ") | I37: =IF(OR(ISNUMBER(G37),ISNUMBER(H37)),ROUND(IF(ISNUMBER(G37),G37,0)-IF(ISNUMBER(H37),H37,0),2)," ")
B38: Doctorants | E38: =IF(AND(ISNUMBER(F38),ISNUMBER(G38)),G38/F38," ") | I38: =IF(OR(ISNUMBER(G38),ISNUMBER(H38)),ROUND(IF(ISNUMBER(G38),G38,0)-IF(ISNUMBER(H38),H38,0),2)," ")
B39: Post-doctorants | E39: =IF(AND(ISNUMBER(F39),ISNUMBER(G39)),G39/F39," ") | I39: =IF(OR(ISNUMBER(G39),ISNUMBER(H39)),ROUND(IF(ISNUMBER(G39),G39,0)-IF(ISNUMBER(H39),H39,0),2)," ")
B40: Autres (personnel support, stagiaires, vacations, etc.) | E40: =IF(AND(ISNUMBER(F40),ISNUMBER(G40)),G40/F40," ") | I40: =IF(OR(ISNUMBER(G40),ISNUMBER(H40)),ROUND(IF(ISNUMBER(G40),G40,0)-IF(ISNUMBER(H40),H40,0),2)," ")
B42: Total personnel | F42: =SUM(F26:F30,F35:F40) -> 0 | G42: =SUM(G26:G33,G35:G40) -> 0 | H42: =SUM(H26:H33) -> 0 | I42: =SUM(I26:I33,I35:I41) -> 0
B44: Equipement (coût unitaire HT - si le partenaire récupère la TVA, indiquer le coût hors TVA)
B45: Veuillez renseigner le seuil d'immobilisation avant de renseigner le coût total et l'aide demandée | G45: Coût total | H45: Aide demandée | I45: Apport
C46: Seuil d'immobilisation (€) | E46: Equipement | I46: =IF(OR(ISNUMBER(G46),ISNUMBER(H46)),ROUND(IF(ISNUMBER(G46),G46,0)-IF(ISNUMBER(H46),H46,0),2),0) -> 0
B48: Fonctionnement (si le partenaire récupère la TVA, indiquer le coût hors TVA)
G49: Coût total | H49: Aide demandée | I49: Apport
B50: Coûts d’infrastructures ou de plateformes | I50: =IF(OR(ISNUMBER(G50),ISNUMBER(H50)),ROUND(IF(ISNUMBER(G50),G50,0)-IF(ISNUMBER(H50),H50,0),2)," ")
B51: Missions | I51: =IF(OR(ISNUMBER(G51),ISNUMBER(H51)),ROUND(IF(ISNUMBER(G51),G51,0)-IF(ISNUMBER(H51),H51,0),2)," ")
B52: Autres dépenses de fonctionnement | I52: =IF(OR(ISNUMBER(G52),ISNUMBER(H52)),ROUND(IF(ISNUMBER(G52),G52,0)-IF(ISNUMBER(H52),H52,0),2)," ")
B53: Total dépenses de fonctionnement | G53: =SUM(G50:G52) -> 0 | H53: =SUM(H50:H52) -> 0 | I53: =SUM(I50:I52) -> 0
B55: Prestations de service externes
G56: Coût total | H56: Aide demandée | I56: Apport
B57: Prestations de service externes | I57: =IF(OR(ISNUMBER(G57),ISNUMBER(H57)),ROUND(IF(ISNUMBER(G57),G57,0)-IF(ISNUMBER(H57),H57,0),2),0) -> 0
B59: Facturation interne
G60: Coût total | H60: Aide demandée | I60: Apport
B61: Facturation interne | I61: =IF(OR(ISNUMBER(G61),ISNUMBER(H61)),ROUND(IF(ISNUMBER(G61),G61,0)-IF(ISNUMBER(H61),H61,0),2),0) -> 0
B63: Synthèse de la demande financière
C65: Prise en compte des couts : | D65: =L4 -> Part. non finançable
C66: Taux maximum d’aide : | D66: =$L$11 -> 0
C67: Taux d’aide demandé : | D67: =D66 -> 0
C68: Taux d’aide retenu : | D68: =IF(L3,1,(MIN(D66,D67+0))) -> 0
G70: Coût complet | H70: Aide demandée | I70: Apport
B71: Total hors frais généraux ou frais de structure | G71: =SUM(G42,G46,G53,G57,G61) -> 0 | H71: =SUM(H42,H46,H53,H57,H61) -> 0 | I71: =SUM(I42,I46,I53,I57,I61) -> 0
B72: ="Frais généraux (max : "&Réglages!M16&"% pour l’ensemble du projet)" -> Frais généraux (max : 20% pour l’ensemble du projet) | F72: % (taux) | G72: =H72 -> 0 | H72: =IF($L$1,(H71)*E72/100,0) -> 0
B73: ="Frais de structure - part « personnel » (max "&Réglages!M25&"%)" -> Frais de structure - part « personnel » (max 68%) | F73: % (taux) | G73: =IF($L$86,$E$73/100*G42,0) -> 0 | H73: =IF($L$86,$E$73/100*H42,0) -> 0 | I73: =IF($L$86,$E$73/100*I42,0) -> 0
B74: ="Frais de structure - part hors perso et hors factu interne (max "&Réglages!M28&"%)" -> Frais de structure - part hors perso et hors factu interne (max 7%) | F74: % (taux) | G74: =IF($L$87,$E$74/100*(G71-G42-G61),0) -> 0 | H74: =IF($L$87,$E$74/100*(H71-H42-H61),0) -> 0 | I74: =IF($L$87,$E$74/100*(I71-I42-I61),0) -> 0
B75: Frais d'environnement | F75: % (taux) | G75: =IF($L$5,(G42-G31)*E75/100,0) -> 0 | I75: =G75 -> 0
B76: Total | G76: =G71+G72+G73+G74+G75 -> 0 | H76: =IF($L$1,H71+H72+H73+H74,0) -> 0 | I76: =I71+I75+I73+I74 -> 0
B79: Assiette totale de l’aide : | E79: =H76 -> 0
B80: Aide demandée : | E80: =E79*D68 -> 0
B81: Apports complétant l’assiette de l’aide : | E81: =E79*(1-D68) -> 0 | G81: L'apport total correspond à la somme : - des apports hors assiette de l’aide (colonne I); - du reliquat après application du taux d'aide à l’assiette de l’aide.
B82: Apports et contributions totaux : | E82: =I76 -> 0
B83: Coût complet total : | E83: =E80+E82 -> 0
K85: calcul condition validité frais gestion : | L85: =AND(L1,L3) -> FALSE | M85: (Eligible ET cout marginal ET inf au max)
B86: Aide totale demandée pour des personnels fonctionnaires : | G86: =H26 -> 0 | H86: € | K86: calcul condition validité FS «pers» : | L86: =AND(L1,NOT(L3),E73<=Réglages!M25) -> FALSE | M86: (Eligible ET cout complet ET inf au max)
B87: ="Aide demandée pers fonctionnaires / Aide demandée hors frais généraux (max "&Réglages!$M$19&"%) : " -> Aide demandée pers fonctionnaires / Aide demandée hors frais généraux (max 0%) : | G87: =G86/(H71+0.0001)*100 -> 0 | H87: % | K87: calcul condition validité FS hors pers et FI : | L87: =AND(L1,NOT(L3),E74<=Réglages!M28) -> FALSE | M87: (Eligible ET cout complet ET inf au max)
G88: =IF(G87>Réglages!$M$19,"Attention : taux d’aide des personnels fonctionnaires dépassé","")
B90: Autres soutiens financiers sollicités ou obtenus liés au projet
B92: Nom des financeurs | D92: Nature et objet du financement | H92: Sollicité | I92: Obtenu
B93: Hors cofinancements européens
B94: 1
B95: 2
B96: 3
B97: 4
B98: 5
B99: Total des autres financements (hors Europe) | H99: =SUM(H94:H98) -> 0 | I99: =SUM(I94:I98) -> 0
B100: Cofinancements européens (au sens de l’art. 4.2 du règlement financier)
B101: 1
B102: 2
B103: 3
B104: Total des financements européens | H104: =SUM(H101:H103) -> 0 | I104: =SUM(I101:I103) -> 0
B105: Total des co-financements | H105: =H99+H104 -> 0 | I105: =I99+I104 -> 0
B107: Commentaires (le cas échéant)
B116: Les informations personnelles transmises dans ces documents sont obligatoires et seront conservées en fichiers par l'ANR pour assurer la conduite opérationnelle de l'évaluation et l'administration des dossiers. Conformément à la loi n° 78-17 du 6 janvier 1978 modifiée, relative à l'Informatique, aux Fichiers et aux Libertés, les personnes concernées disposent d'un droit d'accès et de rectification des données personnelles les concernant. Les personnes concernées peuvent exercer ce droit en s'adressant à l'ANR (voir coordonnées dans le texte de l’appel à projets).
B117: Engagement de l'établissement partenaire
B119: Chaque signataire, ayant le pouvoir d'engager juridiquement l'établissement ci-dessus, ou l’un des partenaires détaillés ci-dessous, déclare : - avoir pris connaissance du dossier complet de dépôt (document scientifique, y compris son annexe, et document administratif et financier) tel que déposé sur le site de l’ANR et du règlement relatif aux modalités d'attribution des aides au titre de l’action ; - m'engager à négocier et signer, lorsqu’il est exigé, un accord de consortium (ou équivalent), et mettre en œuvre tous les moyens nécessaires pour finaliser ce document dans les conditions et délais prévus par le règlement relatif aux modalités d'attribution des aides précité ; - m'engager à mettre en œuvre tous les moyens nécessaires à la réalisation du projet tels que décrits dans le dossier de dépôt, dans les conditions prévues par le règlement relatif aux modalités d'attribution des aides précité ; - m'engager à respecter les engagements financiers tels que détaillés dans le document administratif et financier du dossier déposé ; - m’engager à mettre en œuvre les recrutements sur contrat des personnels nécessaires à la réalisation de la proposition déposée et cela en conformité avec tous les lois et règlements en vigueur applicables ; à mettre à disposition des personnels engagés dans la réalisation du projet les surfaces de travail nécessaires à l’accomplissement de leurs missions pendant la durée du projet ; - souscrire aux obligations qui découlent du financement du projet par l’ANR, notamment à des fins d'évaluation globale de l'action.
D121: Personne habilitée à engager l'établissement partenaire
D122: Prénom | F122: Nom
D123: =IF(D$16="","",D$16) | F123: =IF(D$15="","",D$15)
D124: Qualité
D125: =IF(D$17="","",D$17)
...

Sheet Part2
A1: Identification de l'établissement partenaire
F2: Acronyme | H2: =IF(VoletGeneral!D9<>"",VoletGeneral!D9,"")
F3: Partenaire | H3: Part2
C4: 20408 | D4: =C4&"-0" -> 20408-0
B5: Nom complet du partenaire
C7: Nom complet du partenaire | K7: eligible à l’aide : | L7: =(SUMIF(Table_type_part7[Type étab partenaire],D9,Table_type_part7[Eligible]))>0 -> FALSE | M7: (à régler dans la page réglage)
C8: Sigle du partenaire
C9: Type de partenaire | K9: éligible au cout marginal : | L9: =(SUMIF(Table_type_part7[Type étab partenaire],D9,Table_type_part7[cout marginal]))>0 -> FALSE | M9: (à régler dans la page réglage)
C10: Numéro SIRET | K10: Prise en compte des couts | L10: =IF(L7,IF(L9,"Cout marginal", "Cout complet"),"Part. non finançable") -> Part. non finançable | N10: (Eligible)
C11: =IF(L31,"Si l’établissement partenaire est une entreprise : dans la case Commentaires en bas de l'onglet, veuillez renseigner le(s) Work Package(s) qui est (sont) associé(s)"& "à la catégorie de recherche (Recherche fondamentale / Recherche industrielle / Développement expérimental) choisie en cellule D9","")
C12: =IF(L7, IF(L9, "Ce partenaire est finançable à coût marginal. Le taux d’aide est de 100%. Les frais généraux forfaitaires sont de "&Réglages!M16&"% maximum.", "Ce partenaire est finançable à coût complet."&" Le taux d’aide maximum dépend du type de structure, il est indiqué en bas de ce formulaire. L’aide demandée est automatiquement calculée"&" par multiplication de l’assiette totale de l’aide par le taux d’aide retenu. Les frais de structure, en deux catégories, sont à demander à la fin de ce formulaire."), "Ce partenaire n’est pas finançable : merci de sélectionner un type de partenaire ci-dessus. Si le type partenaire est déjà sélectionné, merci de remplir des apports.") -> Ce partenaire n’est pas finançable : merci de sélectionner un type de partenaire ci-dessus. Si le type partenaire est déjà sélectionné, merci de remplir des apports. | K12: frais environnement possible : | L12: =(SUMIF(Table_type_part7[Type étab partenaire],D9,Table_type_part7[frais env]))>0 -> FALSE | M12: (à régler dans la page réglage)
B13: Personne habilitée à engager juridiquement l'établissement partenaire | K13: décharges possible : | L13: =(SUMIF(Table_type_part7[Type étab partenaire],D9,Table_type_part7[Décharges]))>0 -> FALSE | M13: (à régler dans la page réglage)
C15: Genre
C16: Nom
C17: Prénom | K17: taux d’aide lié à la struture du part : | L17: =SUMIF(Table_type_part7[Type étab partenaire],D9,Table_type_part7[taux d’aide]) -> 0 | M17: (à régler dans la page réglage)
C18: Qualité | K18: taux d’aide lié à la catégorie de recherche : | L18: =Tableau6[taux] -> 1 | M18: (à régler dans la page réglage)
C19: Courriel | K19: taux d’aide applicable : | L19: =L17*L18 -> 0
C20: Téléphone
K21: Régle de couleur des cases :
B22: Correspondant du projet | K22: nom de la zone | L22: Booléen | M22: description
K23: rouge _si_cout_complet | L23: =(AND(L7,NOT(L9))) -> FALSE | M23: éligible ET non(cout marg)
B24: Nom
B25: Prénom | K25: rouge_si_cout_marginal | L25: =(OR(L9,NOT(L7))) -> TRUE | M25: cout marginal OU non eligible
B26: Courriel
B27: Téléphone | K27: rouge_si_inneligible | L27: =NOT(L7) -> TRUE
B29: Demande financière ANR du projet | K29: Etab Fonctionnaire | L29: =IF(OR(L9,L12),"VRAI","FAUX") -> FAUX
B30: Personnel
B31: Personnel avec demande de financement | E31: Coût moyen | F31: Nb. p.mois | G31: Coût total | H31: Aide demandée | I31: Apport | K31: Entreprise | L31: =(SUMIF(Réglages!E24:E26,D9,Table_type_part7[taux d’aide]))>0 -> FALSE
B32: Personnel de recherche - Fonctionnaires (voir Notice) | E32: =IF(AND(ISNUMBER(F32),ISNUMBER(G32)),G32/F32," ") | I32: =IF(OR(ISNUMBER(G32),ISNUMBER(H32)),ROUND(IF(ISNUMBER(G32),G32,0)-IF(ISNUMBER(H32),H32,0),2)," ")
B33: Personnel de recherche - Non fonctionnaires (CDI/CDD) | E33: =IF(AND(ISNUMBER(F33),ISNUMBER(G33)),G33/F33," ") | I33: =IF(OR(ISNUMBER(G33),ISNUMBER(H33)),ROUND(IF(ISNUMBER(G33),G33,0)-IF(ISNUMBER(H33),H33,0),2)," ")
B34: Doctorants | E34: =IF(AND(ISNUMBER(F34),ISNUMBER(G34)),G34/F34," ") | I34: =IF(OR(ISNUMBER(G34),ISNUMBER(H34)),ROUND(IF(ISNUMBER(G34),G34,0)-IF(ISNUMBER(H34),H34,0),2)," ")
B35: Post-doctorants | E35: =IF(AND(ISNUMBER(F35),ISNUMBER(G35)),G35/F35," ") | I35: =IF(OR(ISNUMBER(G35),ISNUMBER(H35)),ROUND(IF(ISNUMBER(G35),G35,0)-IF(ISNUMBER(H35),H35,0),2)," ")
B36: Autres (personnel support, stagiaires, vacations, etc.) | E36: =IF(AND(ISNUMBER(F36),ISNUMBER(G36)),G36/F36," ") | I36: =IF(OR(ISNUMBER(G36),ISNUMBER(H36)),ROUND(IF(ISNUMBER(G36),G36,0)-IF(ISNUMBER(H36),H36,0),2)," ")
B37: Primes | I37: =IF(OR(ISNUMBER(G37),ISNUMBER(H37)),ROUND(IF(ISNUMBER(G37),G37,0)-IF(ISNUMBER(H37),H37,0),2),"")
B38: Heures complémentaires | I38: =IF(OR(ISNUMBER(G38),ISNUMBER(H38)),ROUND(IF(ISNUMBER(G38),G38,0)-IF(ISNUMBER(H38),H38,0),2),"")
B39: Décharges d’enseignement | I39: =IF(OR(ISNUMBER(G39),ISNUMBER(H39)),ROUND(IF(ISNUMBER(G39),G39,0)-IF(ISNUMBER(H39),H39,0),2),"")
B40: Personnel sans demande de financement | E40: Coût moyen | F40: Nb. p.mois | G40: Coût total | H40: Aide demandée | I40: Apport
B41: Personnel de recherche - Fonctionnaires | D41: Enseignants-chercheurs et chercheurs | E41: =IF(AND(ISNUMBER(F41),ISNUMBER(G41)),G41/F41," ") | I41: =IF(OR(ISNUMBER(G41),ISNUMBER(H41)),ROUND(IF(ISNUMBER(G41),G41,0)-IF(ISNUMBER(H41),H41,0),2)," ")
D42: Ingénieurs et techniciens | E42: =IF(AND(ISNUMBER(F42),ISNUMBER(G42)),G42/F42," ") | I42: =IF(OR(ISNUMBER(G42),ISNUMBER(H42)),ROUND(IF(ISNUMBER(G42),G42,0)-IF(ISNUMBER(H42),H42,0),2)," ")
B43: Personnel de recherche - Non fonctionnaires (CDI/CDD) | E43: =IF(AND(ISNUMBER(F43),ISNUMBER(G43)),G43/F43," ") | I43: =IF(OR(ISNUMBER(G43),ISNUMBER(H43)),ROUND(IF(ISNUMBER(G43),G43,0)-IF(ISNUMBER(H43),H43,0),2)," ")
B44: Doctorants | E44: =IF(AND(ISNUMBER(F44),ISNUMBER(G44)),G44/F44," ") | I44: =IF(OR(ISNUMBER(G44),ISNUMBER(H44)),ROUND(IF(ISNUMBER(G44),G44,0)-IF(ISNUMBER(H44),H44,0),2)," ")
B45: Post-doctorants | E45: =IF(AND(ISNUMBER(F45),ISNUMBER(G45)),G45/F45," ") | I45: =IF(OR(ISNUMBER(G45),ISNUMBER(H45)),ROUND(IF(ISNUMBER(G45),G45,0)-IF(ISNUMBER(H45),H45,0),2)," ")
B46: Autres (personnel support, stagiaires, vacations, etc.) | E46: =IF(AND(ISNUMBER(F46),ISNUMBER(G46)),G46/F46," ") | I46: =IF(OR(ISNUMBER(G46),ISNUMBER(H46)),ROUND(IF(ISNUMBER(G46),G46,0)-IF(ISNUMBER(H46),H46,0),2)," ")
B48: Total personnel | F48: =SUM(F32:F36,F41:F46) -> 0 | G48: =SUM(G32:G39,G41:G46) -> 0 | H48: =SUM(H32:H39) -> 0 | I48: =SUM(I32:I39,I41:I47) -> 0
B50: Equipement (coût unitaire HT - si le partenaire récupère la TVA, indiquer le coût hors TVA)
B51: Veuillez renseigner le seuil d'immobilisation avant de renseigner le coût total et l'aide demandée | G51: Coût total | H51: Aide demandée | I51: Apport
C52: Seuil d'immobilisation (€) | E52: Equipement | I52: =IF(OR(ISNUMBER(G52),ISNUMBER(H52)),ROUND(IF(ISNUMBER(G52),G52,0)-IF(ISNUMBER(H52),H52,0),2),0) -> 0
B54: Fonctionnement (si le partenaire récupère la TVA, indiquer le coût hors TVA)
G55: Coût total | H55: Aide demandée | I55: Apport
B56: Coûts d’infrastructures ou de plateformes | I56: =IF(OR(ISNUMBER(G56),ISNUMBER(H56)),ROUND(IF(ISNUMBER(G56),G56,0)-IF(ISNUMBER(H56),H56,0),2)," ")
B57: Missions | I57: =IF(OR(ISNUMBER(G57),ISNUMBER(H57)),ROUND(IF(ISNUMBER(G57),G57,0)-IF(ISNUMBER(H57),H57,0),2)," ")
B58: Autres dépenses de fonctionnement | I58: =IF(OR(ISNUMBER(G58),ISNUMBER(H58)),ROUND(IF(ISNUMBER(G58),G58,0)-IF(ISNUMBER(H58),H58,0),2)," ")
B59: Total dépenses de fonctionnement | G59: =SUM(G56:G58) -> 0 | H59: =SUM(H56:H58) -> 0 | I59: =SUM(I56:I58) -> 0
B61: Prestations de service externes
G62: Coût total | H62: Aide demandée | I62: Apport
B63: Prestations de service externes | G63: 100 | H63: 100 | I63: =IF(OR(ISNUMBER(G63),ISNUMBER(H63)),ROUND(IF(ISNUMBER(G63),G63,0)-IF(ISNUMBER(H63),H63,0),2),0) -> 0
B65: Facturation interne
G66: Coût total | H66: Aide demandée | I66: Apport
B67: Facturation interne | I67: =IF(OR(ISNUMBER(G67),ISNUMBER(H67)),ROUND(IF(ISNUMBER(G67),G67,0)-IF(ISNUMBER(H67),H67,0),2),0) -> 0
B69: Synthèse de la demande financière
C71: Prise en compte des couts : | D71: =L10 -> Part. non finançable
C72: Taux maximum d’aide : | D72: =$L$19 -> 0
C73: Taux d’aide demandé : | D73: =D72 -> 0
C74: Taux d’aide retenu : | D74: =IF(L9,1,(MIN(D72,D73+0))) -> 0
G76: Coût complet | H76: Aide demandée | I76: Apport
B77: Total hors frais généraux ou frais de structure | G77: =SUM(G48,G52,G59,G63,G67) -> 100 | H77: =SUM(H48,H52,H59,H63,H67) -> 100 | I77: =SUM(I48,I52,I59,I63,I67) -> 0
B78: ="Frais généraux (max : "&Réglages!M16&"% pour l’ensemble du projet)" -> Frais généraux (max : 20% pour l’ensemble du projet) | F78: % (taux) | G78: =H78 -> 0 | H78: =IF($L$7,(H77)*E78/100,0) -> 0
B79: ="Frais de structure - part « personnel » (max "&Réglages!M25&"%)" -> Frais de structure - part « personnel » (max 68%) | F79: % (taux) | G79: =IF($L$93,$E$79/100*G48,0) -> 0 | H79: =IF($L$93,$E$79/100*H48,0) -> 0 | I79: =IF($L$93,$E$79/100*I48,0) -> 0
B80: ="Frais de structure - part hors perso et hors factu interne (max "&Réglages!M28&"%)" -> Frais de structure - part hors perso et hors factu interne (max 7%) | F80: % (taux) | G80: =IF($L$94,$E$80/100*(G77-G48-G67),0) -> 0 | H80: =IF($L$94,$E$80/100*(H77-H48-H67),0) -> 0 | I80: =IF($L$94,$E$80/100*(I77-I48-I67),0) -> 0
B81: Frais d'environnement | F81: % (taux) | G81: =IF($L$12,(G48-G37)*E81/100,0) -> 0 | I81: =G81 -> 0
B82: Total | G82: =G77+G78+G79+G80+G81 -> 100 | H82: =IF($L$7,H77+H78+H79+H80,0) -> 0 | I82: =I77+I81+I79+I80 -> 0
B84: Assiette totale de l’aide : | E84: =H82 -> 0
B85: Aide demandée : | E85: =E84*D74 -> 0
B86: Apport complétant l’assiette de l’aide : | E86: =E84*(1-D74) -> 0 | G86: L'apport total correspond à la somme des apports hors assiette de l’aide (colonne I) et du reliquat après application du taux d'aide à l’assiette de l’aide.
B87: Apport total : | E87: =E86+I82 -> 0
B88: Coût complet total : | E88: =G82 -> 100
B90: Aide totale demandée pour des personnels fonctionnaires : | G90: =H32 -> 0 | H90: €
B91: ="Aide demandée pers fonctionnaires / Aide demandée hors frais généraux (max "&Réglages!$M$19&"%) : " -> Aide demandée pers fonctionnaires / Aide demandée hors frais généraux (max 0%) : | G91: =G90/(H77+0.0001)*100 -> 0 | H91: %
K92: calcul condition validité frais gestion : | L92: =AND(L7,L9) -> FALSE | M92: (Eligible ET cout marginal ET inf au max)
B93: Autres soutiens financiers sollicités ou obtenus liés au projet | K93: calcul condition validité FS «pers» : | L93: =AND(L7,NOT(L9),E79<=Réglages!M25) -> FALSE | M93: (Eligible ET cout complet ET inf au max)
K94: calcul condition validité FS hors pers et FI : | L94: =AND(L7,NOT(L9),E80<=Réglages!M28) -> FALSE | M94: (Eligible ET cout complet ET inf au max)
B95: Nom des financeurs | D95: Nature et objet du financement | H95: Sollicité | I95: Obtenu
B96: Hors cofinancements européens
B97: 1
B98: 2
B99: 3
B100: 4
B101: 5
B102: Total des autres financements (hors Europe) | H102: =SUM(H97:H101) -> 0 | I102: =SUM(I97:I101) -> 0
B103: Cofinancements européens
B104: 1
B105: 2
B106: 3
B107: Total des financements européens | H107: =SUM(H104:H106) -> 0 | I107: =SUM(I104:I106) -> 0
B108: Total des co-financements | H108: =H102+H107 -> 0 | I108: =I102+I107 -> 0
B110: Commentaires (le cas échéant)
B119: Les informations personnelles transmises dans ces documents sont obligatoires et seront conservées en fichiers par l'ANR pour assurer la conduite opérationnelle de l'évaluation et l'administration des dossiers. Conformément à la loi n° 78-17 du 6 janvier 1978 modifiée, relative à l'Informatique, aux Fichiers et aux Libertés, les personnes concernées disposent d'un droit d'accès et de rectification des données personnelles les concernant. Les personnes concernées peuvent exercer ce droit en s'adressant à l'ANR (voir coordonnées dans le texte de l’appel à projets).
B120: Engagement de l'établissement partenaire
B122: Chaque signataire, ayant le pouvoir d'engager juridiquement l'établissement ci-dessus, ou l’un des partenaires détaillés ci-dessous, déclare : - avoir pris connaissance du dossier complet de dépôt (document scientifique, y compris son annexe, et document administratif et financier) tel que déposé sur le site de l’ANR et du règlement relatif aux modalités d'attribution des aides au titre de l’action ; - s'engager à négocier et signer, lorsqu’il est exigé, un accord de consortium (ou équivalent), et mettre en œuvre tous les moyens nécessaires pour finaliser ce document dans les conditions et délais prévus par le règlement relatif aux modalités d'attribution des aides précité ; - s'engager à mettre en œuvre tous les moyens nécessaires à la réalisation du projet tels que décrits dans le dossier de dépôt, dans les conditions prévues par le règlement relatif aux modalités d'attribution des aides précité ; - s'engager à respecter les engagements financiers tels que détaillés dans le document administratif et financier du dossier déposé ; - s’engager à mettre en œuvre les recrutements sur contrat des personnels nécessaires à la réalisation de la proposition déposée et cela en conformité avec tous les lois et règlements en vigueur applicables ; à mettre à disposition des personnels engagés dans la réalisation du projet les surfaces de travail nécessaires à l’accomplissement de leurs missions pendant la durée du projet ; - souscrire aux obligations qui découlent du financement du projet par l’ANR, notamment à des fins d'évaluation globale de l'action.
B123: - avoir pris connaissance du dossier complet de dépôt (document scientifique, y compris son annexe, et document administratif et financier) tel que déposé sur le site de l’ANR et du règlement relatif aux modalités d'attribution des aides au titre de l’action ;
...

Sheet Part3
A1: Identification de l'établissement partenaire
F2: Acronyme | H2: =IF(VoletGeneral!D9<>"",VoletGeneral!D9,"")
F3: Partenaire | H3: Part3
C4: 20408 | D4: =C4&"-0" -> 20408-0
B5: Nom complet du partenaire
C7: Nom complet du partenaire | K7: eligible à l’aide : | L7: =(SUMIF(Table_type_part7[Type étab partenaire],D9,Table_type_part7[Eligible]))>0 -> FALSE | M7: (à régler dans la page réglage)
C8: Sigle du partenaire
C9: Type de partenaire | K9: éligible au cout marginal : | L9: =(SUMIF(Table_type_part7[Type étab partenaire],D9,Table_type_part7[cout marginal]))>0 -> FALSE | M9: (à régler dans la page réglage)
C10: Numéro SIRET | K10: Prise en compte des couts | L10: =IF(L7,IF(L9,"Cout marginal", "Cout complet"),"Part. non finançable") -> Part. non finançable | N10: (Eligible)
C11: =IF(L31,"Si l’établissement partenaire est une entreprise : dans la case Commentaires en bas de l'onglet, veuillez renseigner le(s) Work Package(s) qui est (sont) associé(s)"& "à la catégorie de recherche (Recherche fondamentale / Recherche industrielle / Développement expérimental) choisie en cellule D9","")
C12: =IF(L7, IF(L9, "Ce partenaire est finançable à coût marginal. Le taux d’aide est de 100%. Les frais généraux forfaitaires sont de "&Réglages!M16&"% maximum.", "Ce partenaire est finançable à coût complet."&" Le taux d’aide maximum dépend du type de structure, il est indiqué en bas de ce formulaire. L’aide demandée est automatiquement calculée"&" par multiplication de l’assiette totale de l’aide par le taux d’aide retenu. Les frais de structure, en deux catégories, sont à demander à la fin de ce formulaire."), "Ce partenaire n’est pas finançable : merci de sélectionner un type de partenaire ci-dessus. Si le type partenaire est déjà sélectionné, merci de remplir des apports.") -> Ce partenaire n’est pas finançable : merci de sélectionner un type de partenaire ci-dessus. Si le type partenaire est déjà sélectionné, merci de remplir des apports. | K12: frais environnement possible : | L12: =(SUMIF(Table_type_part7[Type étab partenaire],D9,Table_type_part7[frais env]))>0 -> FALSE | M12: (à régler dans la page réglage)
B13: Personne habilitée à engager juridiquement l'établissement partenaire | K13: décharges possible : | L13: =(SUMIF(Table_type_part7[Type étab partenaire],D9,Table_type_part7[Décharges]))>0 -> FALSE | M13: (à régler dans la page réglage)
C15: Genre
C16: Nom
C17: Prénom | K17: taux d’aide lié à la struture du part : | L17: =SUMIF(Table_type_part7[Type étab partenaire],D9,Table_type_part7[taux d’aide]) -> 0 | M17: (à régler dans la page réglage)
C18: Qualité | K18: taux d’aide lié à la catégorie de recherche : | L18: =Tableau6[taux] -> 1 | M18: (à régler dans la page réglage)
C19: Courriel | K19: taux d’aide applicable : | L19: =L17*L18 -> 0
C20: Téléphone
K21: Régle de couleur des cases :
B22: Correspondant du projet | K22: nom de la zone | L22: Booléen | M22: description
K23: rouge _si_cout_complet | L23: =(AND(L7,NOT(L9))) -> FALSE | M23: éligible ET non(cout marg)
B24: Nom
B25: Prénom | K25: rouge_si_cout_marginal | L25: =(OR(L9,NOT(L7))) -> TRUE | M25: cout marginal OU non eligible
B26: Courriel
B27: Téléphone | K27: rouge_si_inneligible | L27: =NOT(L7) -> TRUE
B29: Demande financière ANR du projet | K29: Etab Fonctionnaire | L29: =IF(OR(L9,L12),"VRAI","FAUX") -> FAUX
B30: Personnel
B31: Personnel avec demande de financement | E31: Coût moyen | F31: Nb. p.mois | G31: Coût total | H31: Aide demandée | I31: Apport | K31: Entreprise | L31: =(SUMIF(Réglages!E24:E26,D9,Table_type_part7[taux d’aide]))>0 -> FALSE
B32: Personnel de recherche - Fonctionnaires (voir Notice) | E32: =IF(AND(ISNUMBER(F32),ISNUMBER(G32)),G32/F32," ") | I32: =IF(OR(ISNUMBER(G32),ISNUMBER(H32)),ROUND(IF(ISNUMBER(G32),G32,0)-IF(ISNUMBER(H32),H32,0),2)," ")
B33: Personnel de recherche - Non fonctionnaires (CDI/CDD) | E33: =IF(AND(ISNUMBER(F33),ISNUMBER(G33)),G33/F33," ") | I33: =IF(OR(ISNUMBER(G33),ISNUMBER(H33)),ROUND(IF(ISNUMBER(G33),G33,0)-IF(ISNUMBER(H33),H33,0),2)," ")
B34: Doctorants | E34: =IF(AND(ISNUMBER(F34),ISNUMBER(G34)),G34/F34," ") | I34: =IF(OR(ISNUMBER(G34),ISNUMBER(H34)),ROUND(IF(ISNUMBER(G34),G34,0)-IF(ISNUMBER(H34),H34,0),2)," ")
B35: Post-doctorants | E35: =IF(AND(ISNUMBER(F35),ISNUMBER(G35)),G35/F35," ") | I35: =IF(OR(ISNUMBER(G35),ISNUMBER(H35)),ROUND(IF(ISNUMBER(G35),G35,0)-IF(ISNUMBER(H35),H35,0),2)," ")
B36: Autres (personnel support, stagiaires, vacations, etc.) | E36: =IF(AND(ISNUMBER(F36),ISNUMBER(G36)),G36/F36," ") | I36: =IF(OR(ISNUMBER(G36),ISNUMBER(H36)),ROUND(IF(ISNUMBER(G36),G36,0)-IF(ISNUMBER(H36),H36,0),2)," ")
B37: Primes | I37: =IF(OR(ISNUMBER(G37),ISNUMBER(H37)),ROUND(IF(ISNUMBER(G37),G37,0)-IF(ISNUMBER(H37),H37,0),2),"")
B38: Heures complémentaires | I38: =IF(OR(ISNUMBER(G38),ISNUMBER(H38)),ROUND(IF(ISNUMBER(G38),G38,0)-IF(ISNUMBER(H38),H38,0),2),"")
B39: Décharges d’enseignement | I39: =IF(OR(ISNUMBER(G39),ISNUMBER(H39)),ROUND(IF(ISNUMBER(G39),G39,0)-IF(ISNUMBER(H39),H39,0),2),"")
B40: Personnel sans demande de financement | E40: Coût moyen | F40: Nb. p.mois | G40: Coût total | H40: Aide demandée | I40: Apport
B41: Personnel de recherche - Fonctionnaires | D41: Enseignants-chercheurs et chercheurs | E41: =IF(AND(ISNUMBER(F41),ISNUMBER(G41)),G41/F41," ") | I41: =IF(OR(ISNUMBER(G41),ISNUMBER(H41)),ROUND(IF(ISNUMBER(G41),G41,0)-IF(ISNUMBER(H41),H41,0),2)," ")
D42: Ingénieurs et techniciens | E42: =IF(AND(ISNUMBER(F42),ISNUMBER(G42)),G42/F42," ") | I42: =IF(OR(ISNUMBER(G42),ISNUMBER(H42)),ROUND(IF(ISNUMBER(G42),G42,0)-IF(ISNUMBER(H42),H42,0),2)," ")
B43: Personnel de recherche - Non fonctionnaires (CDI/CDD) | E43: =IF(AND(ISNUMBER(F43),ISNUMBER(G43)),G43/F43," ") | I43: =IF(OR(ISNUMBER(G43),ISNUMBER(H43)),ROUND(IF(ISNUMBER(G43),G43,0)-IF(ISNUMBER(H43),H43,0),2)," ")
B44: Doctorants | E44: =IF(AND(ISNUMBER(F44),ISNUMBER(G44)),G44/F44," ") | I44: =IF(OR(ISNUMBER(G44),ISNUMBER(H44)),ROUND(IF(ISNUMBER(G44),G44,0)-IF(ISNUMBER(H44),H44,0),2)," ")
B45: Post-doctorants | E45: =IF(AND(ISNUMBER(F45),ISNUMBER(G45)),G45/F45," ") | I45: =IF(OR(ISNUMBER(G45),ISNUMBER(H45)),ROUND(IF(ISNUMBER(G45),G45,0)-IF(ISNUMBER(H45),H45,0),2)," ")
B46: Autres (personnel support, stagiaires, vacations, etc.) | E46: =IF(AND(ISNUMBER(F46),ISNUMBER(G46)),G46/F46," ") | I46: =IF(OR(ISNUMBER(G46),ISNUMBER(H46)),ROUND(IF(ISNUMBER(G46),G46,0)-IF(ISNUMBER(H46),H46,0),2)," ")
B48: Total personnel | F48: =SUM(F32:F36,F41:F46) -> 0 | G48: =SUM(G32:G39,G41:G46) -> 0 | H48: =SUM(H32:H39) -> 0 | I48: =SUM(I32:I39,I41:I47) -> 0
B50: Equipement (coût unitaire HT - si le partenaire récupère la TVA, indiquer le coût hors TVA)
B51: Veuillez renseigner le seuil d'immobilisation avant de renseigner le coût total et l'aide demandée | G51: Coût total | H51: Aide demandée | I51: Apport
C52: Seuil d'immobilisation (€) | E52: Equipement | I52: =IF(OR(ISNUMBER(G52),ISNUMBER(H52)),ROUND(IF(ISNUMBER(G52),G52,0)-IF(ISNUMBER(H52),H52,0),2),0) -> 0
B54: Fonctionnement (si le partenaire récupère la TVA, indiquer le coût hors TVA)
G55: Coût total | H55: Aide demandée | I55: Apport
B56: Coûts d’infrastructures ou de plateformes | I56: =IF(OR(ISNUMBER(G56),ISNUMBER(H56)),ROUND(IF(ISNUMBER(G56),G56,0)-IF(ISNUMBER(H56),H56,0),2)," ")
B57: Missions | I57: =IF(OR(ISNUMBER(G57),ISNUMBER(H57)),ROUND(IF(ISNUMBER(G57),G57,0)-IF(ISNUMBER(H57),H57,0),2)," ")
B58: Autres dépenses de fonctionnement | I58: =IF(OR(ISNUMBER(G58),ISNUMBER(H58)),ROUND(IF(ISNUMBER(G58),G58,0)-IF(ISNUMBER(H58),H58,0),2)," ")
B59: Total dépenses de fonctionnement | G59: =SUM(G56:G58) -> 0 | H59: =SUM(H56:H58) -> 0 | I59: =SUM(I56:I58) -> 0
B61: Prestations de service externes
G62: Coût total | H62: Aide demandée | I62: Apport
B63: Prestations de service externes | I63: =IF(OR(ISNUMBER(G63),ISNUMBER(H63)),ROUND(IF(ISNUMBER(G63),G63,0)-IF(ISNUMBER(H63),H63,0),2),0) -> 0
B65: Facturation interne
G66: Coût total | H66: Aide demandée | I66: Apport
B67: Facturation interne | I67: =IF(OR(ISNUMBER(G67),ISNUMBER(H67)),ROUND(IF(ISNUMBER(G67),G67,0)-IF(ISNUMBER(H67),H67,0),2),0) -> 0
B69: Synthèse de la demande financière
C71: Prise en compte des couts : | D71: =L10 -> Part. non finançable
C72: Taux maximum d’aide : | D72: =$L$19 -> 0
C73: Taux d’aide demandé : | D73: =D72 -> 0
C74: Taux d’aide retenu : | D74: =IF(L9,1,(MIN(D72,D73+0))) -> 0
G76: Coût complet | H76: Aide demandée | I76: Apport
B77: Total hors frais généraux ou frais de structure | G77: =SUM(G48,G52,G59,G63,G67) -> 0 | H77: =SUM(H48,H52,H59,H63,H67) -> 0 | I77: =SUM(I48,I52,I59,I63,I67) -> 0
B78: ="Frais généraux (max : "&Réglages!M16&"% pour l’ensemble du projet)" -> Frais généraux (max : 20% pour l’ensemble du projet) | F78: % (taux) | G78: =H78 -> 0 | H78: =IF($L$7,(H77)*E78/100,0) -> 0
B79: ="Frais de structure - part « personnel » (max "&Réglages!M25&"%)" -> Frais de structure - part « personnel » (max 68%) | F79: % (taux) | G79: =IF($L$93,$E$79/100*G48,0) -> 0 | H79: =IF($L$93,$E$79/100*H48,0) -> 0 | I79: =IF($L$93,$E$79/100*I48,0) -> 0
B80: ="Frais de structure - part hors perso et hors factu interne (max "&Réglages!M28&"%)" -> Frais de structure - part hors perso et hors factu interne (max 7%) | F80: % (taux) | G80: =IF($L$94,$E$80/100*(G77-G48-G67),0) -> 0 | H80: =IF($L$94,$E$80/100*(H77-H48-H67),0) -> 0 | I80: =IF($L$94,$E$80/100*(I77-I48-I67),0) -> 0
B81: Frais d'environnement | F81: % (taux) | G81: =IF($L$12,(G48-G37)*E81/100,0) -> 0 | I81: =G81 -> 0
B82: Total | G82: =G77+G78+G79+G80+G81 -> 0 | H82: =IF($L$7,H77+H78+H79+H80,0) -> 0 | I82: =I77+I81+I79+I80 -> 0
B84: Assiette totale de l’aide : | E84: =H82 -> 0
B85: Aide demandée : | E85: =E84*D74 -> 0
B86: Apport complétant l’assiette de l’aide : | E86: =E84*(1-D74) -> 0 | G86: L'apport total correspond à la somme des apports hors assiette de l’aide (colonne I) et du reliquat après application du taux d'aide à l’assiette de l’aide.
B87: Apport total : | E87: =E86+I82 -> 0
B88: Coût complet total : | E88: =G82 -> 0
B90: Aide totale demandée pour des personnels fonctionnaires : | G90: =H32 -> 0 | H90: €
B91: ="Aide demandée pers fonctionnaires / Aide demandée hors frais généraux (max "&Réglages!$M$19&"%) : " -> Aide demandée pers fonctionnaires / Aide demandée hors frais généraux (max 0%) : | G91: =G90/(H77+0.0001)*100 -> 0 | H91: %
K92: calcul condition validité frais gestion : | L92: =AND(L7,L9) -> FALSE | M92: (Eligible ET cout marginal ET inf au max)
B93: Autres soutiens financiers sollicités ou obtenus liés au projet | K93: calcul condition validité FS «pers» : | L93: =AND(L7,NOT(L9),E79<=Réglages!M25) -> FALSE | M93: (Eligible ET cout complet ET inf au max)
K94: calcul condition validité FS hors pers et FI : | L94: =AND(L7,NOT(L9),E80<=Réglages!M28) -> FALSE | M94: (Eligible ET cout complet ET inf au max)
B95: Nom des financeurs | D95: Nature et objet du financement | H95: Sollicité | I95: Obtenu
B96: Hors cofinancements européens
B97: 1
B98: 2
B99: 3
B100: 4
B101: 5
B102: Total des autres financements (hors Europe) | H102: =SUM(H97:H101) -> 0 | I102: =SUM(I97:I101) -> 0
B103: Cofinancements européens
B104: 1
B105: 2
B106: 3
B107: Total des financements européens | H107: =SUM(H104:H106) -> 0 | I107: =SUM(I104:I106) -> 0
B108: Total des co-financements | H108: =H102+H107 -> 0 | I108: =I102+I107 -> 0
B110: Commentaires (le cas échéant)
B119: Les informations personnelles transmises dans ces documents sont obligatoires et seront conservées en fichiers par l'ANR pour assurer la conduite opérationnelle de l'évaluation et l'administration des dossiers. Conformément à la loi n° 78-17 du 6 janvier 1978 modifiée, relative à l'Informatique, aux Fichiers et aux Libertés, les personnes concernées disposent d'un droit d'accès et de rectification des données personnelles les concernant. Les personnes concernées peuvent exercer ce droit en s'adressant à l'ANR (voir coordonnées dans le texte de l’appel à projets).
B120: Engagement de l'établissement partenaire
B122: Chaque signataire, ayant le pouvoir d'engager juridiquement l'établissement ci-dessus, ou l’un des partenaires détaillés ci-dessous, déclare : - avoir pris connaissance du dossier complet de dépôt (document scientifique, y compris son annexe, et document administratif et financier) tel que déposé sur le site de l’ANR et du règlement relatif aux modalités d'attribution des aides au titre de l’action ; - s'engager à négocier et signer, lorsqu’il est exigé, un accord de consortium (ou équivalent), et mettre en œuvre tous les moyens nécessaires pour finaliser ce document dans les conditions et délais prévus par le règlement relatif aux modalités d'attribution des aides précité ; - s'engager à mettre en œuvre tous les moyens nécessaires à la réalisation du projet tels que décrits dans le dossier de dépôt, dans les conditions prévues par le règlement relatif aux modalités d'attribution des aides précité ; - s'engager à respecter les engagements financiers tels que détaillés dans le document administratif et financier du dossier déposé ; - s’engager à mettre en œuvre les recrutements sur contrat des personnels nécessaires à la réalisation de la proposition déposée et cela en conformité avec tous les lois et règlements en vigueur applicables ; à mettre à disposition des personnels engagés dans la réalisation du projet les surfaces de travail nécessaires à l’accomplissement de leurs missions pendant la durée du projet ; - souscrire aux obligations qui découlent du financement du projet par l’ANR, notamment à des fins d'évaluation globale de l'action.
B123: - avoir pris connaissance du dossier complet de dépôt (document scientifique, y compris son annexe, et document administratif et financier) tel que déposé sur le site de l’ANR et du règlement relatif aux modalités d'attribution des aides au titre de l’action ;
...

Sheet Part4
A1: Identification de l'établissement partenaire
F2: Acronyme | H2: =IF(VoletGeneral!D9<>"",VoletGeneral!D9,"")
F3: Partenaire | H3: Part4
C4: 20408 | D4: =C4&"-0" -> 20408-0
B5: Nom complet du partenaire
C7: Nom complet du partenaire | K7: eligible à l’aide : | L7: =(SUMIF(Table_type_part7[Type étab partenaire],D9,Table_type_part7[Eligible]))>0 -> FALSE | M7: (à régler dans la page réglage)
C8: Sigle du partenaire
C9: Type de partenaire | K9: éligible au cout marginal : | L9: =(SUMIF(Table_type_part7[Type étab partenaire],D9,Table_type_part7[cout marginal]))>0 -> FALSE | M9: (à régler dans la page réglage)
C10: Numéro SIRET | K10: Prise en compte des couts | L10: =IF(L7,IF(L9,"Cout marginal", "Cout complet"),"Part. non finançable") -> Part. non finançable | N10: (Eligible)
C11: =IF(L31,"Si l’établissement partenaire est une entreprise : dans la case Commentaires en bas de l'onglet, veuillez renseigner le(s) Work Package(s) qui est (sont) associé(s)"& "à la catégorie de recherche (Recherche fondamentale / Recherche industrielle / Développement expérimental) choisie en cellule D9","")
C12: =IF(L7, IF(L9, "Ce partenaire est finançable à coût marginal. Le taux d’aide est de 100%. Les frais généraux forfaitaires sont de "&Réglages!M16&"% maximum.", "Ce partenaire est finançable à coût complet."&" Le taux d’aide maximum dépend du type de structure, il est indiqué en bas de ce formulaire. L’aide demandée est automatiquement calculée"&" par multiplication de l’assiette totale de l’aide par le taux d’aide retenu. Les frais de structure, en deux catégories, sont à demander à la fin de ce formulaire."), "Ce partenaire n’est pas finançable : merci de sélectionner un type de partenaire ci-dessus. Si le type partenaire est déjà sélectionné, merci de remplir des apports.") -> Ce partenaire n’est pas finançable : merci de sélectionner un type de partenaire ci-dessus. Si le type partenaire est déjà sélectionné, merci de remplir des apports. | K12: frais environnement possible : | L12: =(SUMIF(Table_type_part7[Type étab partenaire],D9,Table_type_part7[frais env]))>0 -> FALSE | M12: (à régler dans la page réglage)
B13: Personne habilitée à engager juridiquement l'établissement partenaire | K13: décharges possible : | L13: =(SUMIF(Table_type_part7[Type étab partenaire],D9,Table_type_part7[Décharges]))>0 -> FALSE | M13: (à régler dans la page réglage)
C15: Genre
C16: Nom
C17: Prénom | K17: taux d’aide lié à la struture du part : | L17: =SUMIF(Table_type_part7[Type étab partenaire],D9,Table_type_part7[taux d’aide]) -> 0 | M17: (à régler dans la page réglage)
C18: Qualité | K18: taux d’aide lié à la catégorie de recherche : | L18: =Tableau6[taux] -> 1 | M18: (à régler dans la page réglage)
C19: Courriel | K19: taux d’aide applicable : | L19: =L17*L18 -> 0
C20: Téléphone
K21: Régle de couleur des cases :
B22: Correspondant du projet | K22: nom de la zone | L22: Booléen | M22: description
K23: rouge _si_cout_complet | L23: =(AND(L7,NOT(L9))) -> FALSE | M23: éligible ET non(cout marg)
B24: Nom
B25: Prénom | K25: rouge_si_cout_marginal | L25: =(OR(L9,NOT(L7))) -> TRUE | M25: cout marginal OU non eligible
B26: Courriel
B27: Téléphone | K27: rouge_si_inneligible | L27: =NOT(L7) -> TRUE
B29: Demande financière ANR du projet | K29: Etab Fonctionnaire | L29: =IF(OR(L9,L12),"VRAI","FAUX") -> FAUX
B30: Personnel
B31: Personnel avec demande de financement | E31: Coût moyen | F31: Nb. p.mois | G31: Coût total | H31: Aide demandée | I31: Apport | K31: Entreprise | L31: =(SUMIF(Réglages!E24:E26,D9,Table_type_part7[taux d’aide]))>0 -> FALSE
B32: Personnel de recherche - Fonctionnaires (voir Notice) | E32: =IF(AND(ISNUMBER(F32),ISNUMBER(G32)),G32/F32," ") | I32: =IF(OR(ISNUMBER(G32),ISNUMBER(H32)),ROUND(IF(ISNUMBER(G32),G32,0)-IF(ISNUMBER(H32),H32,0),2)," ")
B33: Personnel de recherche - Non fonctionnaires (CDI/CDD) | E33: =IF(AND(ISNUMBER(F33),ISNUMBER(G33)),G33/F33," ") | I33: =IF(OR(ISNUMBER(G33),ISNUMBER(H33)),ROUND(IF(ISNUMBER(G33),G33,0)-IF(ISNUMBER(H33),H33,0),2)," ")
B34: Doctorants | E34: =IF(AND(ISNUMBER(F34),ISNUMBER(G34)),G34/F34," ") | I34: =IF(OR(ISNUMBER(G34),ISNUMBER(H34)),ROUND(IF(ISNUMBER(G34),G34,0)-IF(ISNUMBER(H34),H34,0),2)," ")
B35: Post-doctorants | E35: =IF(AND(ISNUMBER(F35),ISNUMBER(G35)),G35/F35," ") | I35: =IF(OR(ISNUMBER(G35),ISNUMBER(H35)),ROUND(IF(ISNUMBER(G35),G35,0)-IF(ISNUMBER(H35),H35,0),2)," ")
B36: Autres (personnel support, stagiaires, vacations, etc.) | E36: =IF(AND(ISNUMBER(F36),ISNUMBER(G36)),G36/F36," ") | I36: =IF(OR(ISNUMBER(G36),ISNUMBER(H36)),ROUND(IF(ISNUMBER(G36),G36,0)-IF(ISNUMBER(H36),H36,0),2)," ")
B37: Primes | I37: =IF(OR(ISNUMBER(G37),ISNUMBER(H37)),ROUND(IF(ISNUMBER(G37),G37,0)-IF(ISNUMBER(H37),H37,0),2),"")
B38: Heures complémentaires | I38: =IF(OR(ISNUMBER(G38),ISNUMBER(H38)),ROUND(IF(ISNUMBER(G38),G38,0)-IF(ISNUMBER(H38),H38,0),2),"")
B39: Décharges d’enseignement | I39: =IF(OR(ISNUMBER(G39),ISNUMBER(H39)),ROUND(IF(ISNUMBER(G39),G39,0)-IF(ISNUMBER(H39),H39,0),2),"")
B40: Personnel sans demande de financement | E40: Coût moyen | F40: Nb. p.mois | G40: Coût total | H40: Aide demandée | I40: Apport
B41: Personnel de recherche - Fonctionnaires | D41: Enseignants-chercheurs et chercheurs | E41: =IF(AND(ISNUMBER(F41),ISNUMBER(G41)),G41/F41," ") | I41: =IF(OR(ISNUMBER(G41),ISNUMBER(H41)),ROUND(IF(ISNUMBER(G41),G41,0)-IF(ISNUMBER(H41),H41,0),2)," ")
D42: Ingénieurs et techniciens | E42: =IF(AND(ISNUMBER(F42),ISNUMBER(G42)),G42/F42," ") | I42: =IF(OR(ISNUMBER(G42),ISNUMBER(H42)),ROUND(IF(ISNUMBER(G42),G42,0)-IF(ISNUMBER(H42),H42,0),2)," ")
B43: Personnel de recherche - Non fonctionnaires (CDI/CDD) | E43: =IF(AND(ISNUMBER(F43),ISNUMBER(G43)),G43/F43," ") | I43: =IF(OR(ISNUMBER(G43),ISNUMBER(H43)),ROUND(IF(ISNUMBER(G43),G43,0)-IF(ISNUMBER(H43),H43,0),2)," ")
B44: Doctorants | E44: =IF(AND(ISNUMBER(F44),ISNUMBER(G44)),G44/F44," ") | I44: =IF(OR(ISNUMBER(G44),ISNUMBER(H44)),ROUND(IF(ISNUMBER(G44),G44,0)-IF(ISNUMBER(H44),H44,0),2)," ")
B45: Post-doctorants | E45: =IF(AND(ISNUMBER(F45),ISNUMBER(G45)),G45/F45," ") | I45: =IF(OR(ISNUMBER(G45),ISNUMBER(H45)),ROUND(IF(ISNUMBER(G45),G45,0)-IF(ISNUMBER(H45),H45,0),2)," ")
B46: Autres (personnel support, stagiaires, vacations, etc.) | E46: =IF(AND(ISNUMBER(F46),ISNUMBER(G46)),G46/F46," ") | I46: =IF(OR(ISNUMBER(G46),ISNUMBER(H46)),ROUND(IF(ISNUMBER(G46),G46,0)-IF(ISNUMBER(H46),H46,0),2)," ")
B48: Total personnel | F48: =SUM(F32:F36,F41:F46) -> 0 | G48: =SUM(G32:G39,G41:G46) -> 0 | H48: =SUM(H32:H39) -> 0 | I48: =SUM(I32:I39,I41:I47) -> 0
B50: Equipement (coût unitaire HT - si le partenaire récupère la TVA, indiquer le coût hors TVA)
B51: Veuillez renseigner le seuil d'immobilisation avant de renseigner le coût total et l'aide demandée | G51: Coût total | H51: Aide demandée | I51: Apport
C52: Seuil d'immobilisation (€) | E52: Equipement | I52: =IF(OR(ISNUMBER(G52),ISNUMBER(H52)),ROUND(IF(ISNUMBER(G52),G52,0)-IF(ISNUMBER(H52),H52,0),2),0) -> 0
B54: Fonctionnement (si le partenaire récupère la TVA, indiquer le coût hors TVA)
G55: Coût total | H55: Aide demandée | I55: Apport
B56: Coûts d’infrastructures ou de plateformes | I56: =IF(OR(ISNUMBER(G56),ISNUMBER(H56)),ROUND(IF(ISNUMBER(G56),G56,0)-IF(ISNUMBER(H56),H56,0),2)," ")
B57: Missions | I57: =IF(OR(ISNUMBER(G57),ISNUMBER(H57)),ROUND(IF(ISNUMBER(G57),G57,0)-IF(ISNUMBER(H57),H57,0),2)," ")
B58: Autres dépenses de fonctionnement | I58: =IF(OR(ISNUMBER(G58),ISNUMBER(H58)),ROUND(IF(ISNUMBER(G58),G58,0)-IF(ISNUMBER(H58),H58,0),2)," ")
B59: Total dépenses de fonctionnement | G59: =SUM(G56:G58) -> 0 | H59: =SUM(H56:H58) -> 0 | I59: =SUM(I56:I58) -> 0
B61: Prestations de service externes
G62: Coût total | H62: Aide demandée | I62: Apport
B63: Prestations de service externes | I63: =IF(OR(ISNUMBER(G63),ISNUMBER(H63)),ROUND(IF(ISNUMBER(G63),G63,0)-IF(ISNUMBER(H63),H63,0),2),0) -> 0
B65: Facturation interne
G66: Coût total | H66: Aide demandée | I66: Apport
B67: Facturation interne | I67: =IF(OR(ISNUMBER(G67),ISNUMBER(H67)),ROUND(IF(ISNUMBER(G67),G67,0)-IF(ISNUMBER(H67),H67,0),2),0) -> 0
B69: Synthèse de la demande financière
C71: Prise en compte des couts : | D71: =L10 -> Part. non finançable
C72: Taux maximum d’aide : | D72: =$L$19 -> 0
C73: Taux d’aide demandé : | D73: =D72 -> 0
C74: Taux d’aide retenu : | D74: =IF(L9,1,(MIN(D72,D73+0))) -> 0
G76: Coût complet | H76: Aide demandée | I76: Apport
B77: Total hors frais généraux ou frais de structure | G77: =SUM(G48,G52,G59,G63,G67) -> 0 | H77: =SUM(H48,H52,H59,H63,H67) -> 0 | I77: =SUM(I48,I52,I59,I63,I67) -> 0
B78: ="Frais généraux (max : "&Réglages!M16&"% pour l’ensemble du projet)" -> Frais généraux (max : 20% pour l’ensemble du projet) | F78: % (taux) | G78: =H78 -> 0 | H78: =IF($L$7,(H77)*E78/100,0) -> 0
B79: ="Frais de structure - part « personnel » (max "&Réglages!M25&"%)" -> Frais de structure - part « personnel » (max 68%) | F79: % (taux) | G79: =IF($L$93,$E$79/100*G48,0) -> 0 | H79: =IF($L$93,$E$79/100*H48,0) -> 0 | I79: =IF($L$93,$E$79/100*I48,0) -> 0
B80: ="Frais de structure - part hors perso et hors factu interne (max "&Réglages!M28&"%)" -> Frais de structure - part hors perso et hors factu interne (max 7%) | F80: % (taux) | G80: =IF($L$94,$E$80/100*(G77-G48-G67),0) -> 0 | H80: =IF($L$94,$E$80/100*(H77-H48-H67),0) -> 0 | I80: =IF($L$94,$E$80/100*(I77-I48-I67),0) -> 0
B81: Frais d'environnement | F81: % (taux) | G81: =IF($L$12,(G48-G37)*E81/100,0) -> 0 | I81: =G81 -> 0
B82: Total | G82: =G77+G78+G79+G80+G81 -> 0 | H82: =IF($L$7,H77+H78+H79+H80,0) -> 0 | I82: =I77+I81+I79+I80 -> 0
B84: Assiette totale de l’aide : | E84: =H82 -> 0
B85: Aide demandée : | E85: =E84*D74 -> 0
B86: Apport complétant l’assiette de l’aide : | E86: =E84*(1-D74) -> 0 | G86: L'apport total correspond à la somme des apports hors assiette de l’aide (colonne I) et du reliquat après application du taux d'aide à l’assiette de l’aide.
B87: Apport total : | E87: =E86+I82 -> 0
B88: Coût complet total : | E88: =G82 -> 0
B90: Aide totale demandée pour des personnels fonctionnaires : | G90: =H32 -> 0 | H90: €
B91: ="Aide demandée pers fonctionnaires / Aide demandée hors frais généraux (max "&Réglages!$M$19&"%) : " -> Aide demandée pers fonctionnaires / Aide demandée hors frais généraux (max 0%) : | G91: =G90/(H77+0.0001)*100 -> 0 | H91: %
K92: calcul condition validité frais gestion : | L92: =AND(L7,L9) -> FALSE | M92: (Eligible ET cout marginal ET inf au max)
B93: Autres soutiens financiers sollicités ou obtenus liés au projet | K93: calcul condition validité FS «pers» : | L93: =AND(L7,NOT(L9),E79<=Réglages!M25) -> FALSE | M93: (Eligible ET cout complet ET inf au max)
K94: calcul condition validité FS hors pers et FI : | L94: =AND(L7,NOT(L9),E80<=Réglages!M28) -> FALSE | M94: (Eligible ET cout complet ET inf au max)
B95: Nom des financeurs | D95: Nature et objet du financement | H95: Sollicité | I95: Obtenu
B96: Hors cofinancements européens
B97: 1
B98: 2
B99: 3
B100: 4
B101: 5
B102: Total des autres financements (hors Europe) | H102: =SUM(H97:H101) -> 0 | I102: =SUM(I97:I101) -> 0
B103: Cofinancements européens
B104: 1
B105: 2
B106: 3
B107: Total des financements européens | H107: =SUM(H104:H106) -> 0 | I107: =SUM(I104:I106) -> 0
B108: Total des co-financements | H108: =H102+H107 -> 0 | I108: =I102+I107 -> 0
B110: Commentaires (le cas échéant)
B119: Les informations personnelles transmises dans ces documents sont obligatoires et seront conservées en fichiers par l'ANR pour assurer la conduite opérationnelle de l'évaluation et l'administration des dossiers. Conformément à la loi n° 78-17 du 6 janvier 1978 modifiée, relative à l'Informatique, aux Fichiers et aux Libertés, les personnes concernées disposent d'un droit d'accès et de rectification des données personnelles les concernant. Les personnes concernées peuvent exercer ce droit en s'adressant à l'ANR (voir coordonnées dans le texte de l’appel à projets).
B120: Engagement de l'établissement partenaire
B122: Chaque signataire, ayant le pouvoir d'engager juridiquement l'établissement ci-dessus, ou l’un des partenaires détaillés ci-dessous, déclare : - avoir pris connaissance du dossier complet de dépôt (document scientifique, y compris son annexe, et document administratif et financier) tel que déposé sur le site de l’ANR et du règlement relatif aux modalités d'attribution des aides au titre de l’action ; - s'engager à négocier et signer, lorsqu’il est exigé, un accord de consortium (ou équivalent), et mettre en œuvre tous les moyens nécessaires pour finaliser ce document dans les conditions et délais prévus par le règlement relatif aux modalités d'attribution des aides précité ; - s'engager à mettre en œuvre tous les moyens nécessaires à la réalisation du projet tels que décrits dans le dossier de dépôt, dans les conditions prévues par le règlement relatif aux modalités d'attribution des aides précité ; - s'engager à respecter les engagements financiers tels que détaillés dans le document administratif et financier du dossier déposé ; - s’engager à mettre en œuvre les recrutements sur contrat des personnels nécessaires à la réalisation de la proposition déposée et cela en conformité avec tous les lois et règlements en vigueur applicables ; à mettre à disposition des personnels engagés dans la réalisation du projet les surfaces de travail nécessaires à l’accomplissement de leurs missions pendant la durée du projet ; - souscrire aux obligations qui découlent du financement du projet par l’ANR, notamment à des fins d'évaluation globale de l'action.
B123: - avoir pris connaissance du dossier complet de dépôt (document scientifique, y compris son annexe, et document administratif et financier) tel que déposé sur le site de l’ANR et du règlement relatif aux modalités d'attribution des aides au titre de l’action ;
...

Sheet Part5
A1: Identification de l'établissement partenaire
F2: Acronyme | H2: =IF(VoletGeneral!D9<>"",VoletGeneral!D9,"")
F3: Partenaire | H3: Part5
C4: 20408 | D4: =C4&"-0" -> 20408-0
B5: Nom complet du partenaire
C7: Nom complet du partenaire | K7: eligible à l’aide : | L7: =(SUMIF(Table_type_part7[Type étab partenaire],D9,Table_type_part7[Eligible]))>0 -> FALSE | M7: (à régler dans la page réglage)
C8: Sigle du partenaire
C9: Type de partenaire | K9: éligible au cout marginal : | L9: =(SUMIF(Table_type_part7[Type étab partenaire],D9,Table_type_part7[cout marginal]))>0 -> FALSE | M9: (à régler dans la page réglage)
C10: Numéro SIRET | K10: Prise en compte des couts | L10: =IF(L7,IF(L9,"Cout marginal", "Cout complet"),"Part. non finançable") -> Part. non finançable | N10: (Eligible)
C11: =IF(L31,"Si l’établissement partenaire est une entreprise : dans la case Commentaires en bas de l'onglet, veuillez renseigner le(s) Work Package(s) qui est (sont) associé(s)"& "à la catégorie de recherche (Recherche fondamentale / Recherche industrielle / Développement expérimental) choisie en cellule D9","")
C12: =IF(L7, IF(L9, "Ce partenaire est finançable à coût marginal. Le taux d’aide est de 100%. Les frais généraux forfaitaires sont de "&Réglages!M16&"% maximum.", "Ce partenaire est finançable à coût complet."&" Le taux d’aide maximum dépend du type de structure, il est indiqué en bas de ce formulaire. L’aide demandée est automatiquement calculée"&" par multiplication de l’assiette totale de l’aide par le taux d’aide retenu. Les frais de structure, en deux catégories, sont à demander à la fin de ce formulaire."), "Ce partenaire n’est pas finançable : merci de sélectionner un type de partenaire ci-dessus. Si le type partenaire est déjà sélectionné, merci de remplir des apports.") -> Ce partenaire n’est pas finançable : merci de sélectionner un type de partenaire ci-dessus. Si le type partenaire est déjà sélectionné, merci de remplir des apports. | K12: frais environnement possible : | L12: =(SUMIF(Table_type_part7[Type étab partenaire],D9,Table_type_part7[frais env]))>0 -> FALSE | M12: (à régler dans la page réglage)
B13: Personne habilitée à engager juridiquement l'établissement partenaire | K13: décharges possible : | L13: =(SUMIF(Table_type_part7[Type étab partenaire],D9,Table_type_part7[Décharges]))>0 -> FALSE | M13: (à régler dans la page réglage)
C15: Genre
C16: Nom
C17: Prénom | K17: taux d’aide lié à la struture du part : | L17: =SUMIF(Table_type_part7[Type étab partenaire],D9,Table_type_part7[taux d’aide]) -> 0 | M17: (à régler dans la page réglage)
C18: Qualité | K18: taux d’aide lié à la catégorie de recherche : | L18: =Tableau6[taux] -> 1 | M18: (à régler dans la page réglage)
C19: Courriel | K19: taux d’aide applicable : | L19: =L17*L18 -> 0
C20: Téléphone
K21: Régle de couleur des cases :
B22: Correspondant du projet | K22: nom de la zone | L22: Booléen | M22: description
K23: rouge _si_cout_complet | L23: =(AND(L7,NOT(L9))) -> FALSE | M23: éligible ET non(cout marg)
B24: Nom
B25: Prénom | K25: rouge_si_cout_marginal | L25: =(OR(L9,NOT(L7))) -> TRUE | M25: cout marginal OU non eligible
B26: Courriel
B27: Téléphone | K27: rouge_si_inneligible | L27: =NOT(L7) -> TRUE
B29: Demande financière ANR du projet | K29: Etab Fonctionnaire | L29: =IF(OR(L9,L12),"VRAI","FAUX") -> FAUX
B30: Personnel
B31: Personnel avec demande de financement | E31: Coût moyen | F31: Nb. p.mois | G31: Coût total | H31: Aide demandée | I31: Apport | K31: Entreprise | L31: =(SUMIF(Réglages!E24:E26,D9,Table_type_part7[taux d’aide]))>0 -> FALSE
B32: Personnel de recherche - Fonctionnaires (voir Notice) | E32: =IF(AND(ISNUMBER(F32),ISNUMBER(G32)),G32/F32," ") | I32: =IF(OR(ISNUMBER(G32),ISNUMBER(H32)),ROUND(IF(ISNUMBER(G32),G32,0)-IF(ISNUMBER(H32),H32,0),2)," ")
B33: Personnel de recherche - Non fonctionnaires (CDI/CDD) | E33: =IF(AND(ISNUMBER(F33),ISNUMBER(G33)),G33/F33," ") | I33: =IF(OR(ISNUMBER(G33),ISNUMBER(H33)),ROUND(IF(ISNUMBER(G33),G33,0)-IF(ISNUMBER(H33),H33,0),2)," ")
B34: Doctorants | E34: =IF(AND(ISNUMBER(F34),ISNUMBER(G34)),G34/F34," ") | I34: =IF(OR(ISNUMBER(G34),ISNUMBER(H34)),ROUND(IF(ISNUMBER(G34),G34,0)-IF(ISNUMBER(H34),H34,0),2)," ")
B35: Post-doctorants | E35: =IF(AND(ISNUMBER(F35),ISNUMBER(G35)),G35/F35," ") | I35: =IF(OR(ISNUMBER(G35),ISNUMBER(H35)),ROUND(IF(ISNUMBER(G35),G35,0)-IF(ISNUMBER(H35),H35,0),2)," ")
B36: Autres (personnel support, stagiaires, vacations, etc.) | E36: =IF(AND(ISNUMBER(F36),ISNUMBER(G36)),G36/F36," ") | I36: =IF(OR(ISNUMBER(G36),ISNUMBER(H36)),ROUND(IF(ISNUMBER(G36),G36,0)-IF(ISNUMBER(H36),H36,0),2)," ")
B37: Primes | I37: =IF(OR(ISNUMBER(G37),ISNUMBER(H37)),ROUND(IF(ISNUMBER(G37),G37,0)-IF(ISNUMBER(H37),H37,0),2),"")
B38: Heures complémentaires | I38: =IF(OR(ISNUMBER(G38),ISNUMBER(H38)),ROUND(IF(ISNUMBER(G38),G38,0)-IF(ISNUMBER(H38),H38,0),2),"")
B39: Décharges d’enseignement | I39: =IF(OR(ISNUMBER(G39),ISNUMBER(H39)),ROUND(IF(ISNUMBER(G39),G39,0)-IF(ISNUMBER(H39),H39,0),2),"")
B40: Personnel sans demande de financement | E40: Coût moyen | F40: Nb. p.mois | G40: Coût total | H40: Aide demandée | I40: Apport
B41: Personnel de recherche - Fonctionnaires | D41: Enseignants-chercheurs et chercheurs | E41: =IF(AND(ISNUMBER(F41),ISNUMBER(G41)),G41/F41," ") | I41: =IF(OR(ISNUMBER(G41),ISNUMBER(H41)),ROUND(IF(ISNUMBER(G41),G41,0)-IF(ISNUMBER(H41),H41,0),2)," ")
D42: Ingénieurs et techniciens | E42: =IF(AND(ISNUMBER(F42),ISNUMBER(G42)),G42/F42," ") | I42: =IF(OR(ISNUMBER(G42),ISNUMBER(H42)),ROUND(IF(ISNUMBER(G42),G42,0)-IF(ISNUMBER(H42),H42,0),2)," ")
B43: Personnel de recherche - Non fonctionnaires (CDI/CDD) | E43: =IF(AND(ISNUMBER(F43),ISNUMBER(G43)),G43/F43," ") | I43: =IF(OR(ISNUMBER(G43),ISNUMBER(H43)),ROUND(IF(ISNUMBER(G43),G43,0)-IF(ISNUMBER(H43),H43,0),2)," ")
B44: Doctorants | E44: =IF(AND(ISNUMBER(F44),ISNUMBER(G44)),G44/F44," ") | I44: =IF(OR(ISNUMBER(G44),ISNUMBER(H44)),ROUND(IF(ISNUMBER(G44),G44,0)-IF(ISNUMBER(H44),H44,0),2)," ")
B45: Post-doctorants | E45: =IF(AND(ISNUMBER(F45),ISNUMBER(G45)),G45/F45," ") | I45: =IF(OR(ISNUMBER(G45),ISNUMBER(H45)),ROUND(IF(ISNUMBER(G45),G45,0)-IF(ISNUMBER(H45),H45,0),2)," ")
B46: Autres (personnel support, stagiaires, vacations, etc.) | E46: =IF(AND(ISNUMBER(F46),ISNUMBER(G46)),G46/F46," ") | I46: =IF(OR(ISNUMBER(G46),ISNUMBER(H46)),ROUND(IF(ISNUMBER(G46),G46,0)-IF(ISNUMBER(H46),H46,0),2)," ")
B48: Total personnel | F48: =SUM(F32:F36,F41:F46) -> 0 | G48: =SUM(G32:G39,G41:G46) -> 0 | H48: =SUM(H32:H39) -> 0 | I48: =SUM(I32:I39,I41:I47) -> 0
B50: Equipement (coût unitaire HT - si le partenaire récupère la TVA, indiquer le coût hors TVA)
B51: Veuillez renseigner le seuil d'immobilisation avant de renseigner le coût total et l'aide demandée | G51: Coût total | H51: Aide demandée | I51: Apport
C52: Seuil d'immobilisation (€) | E52: Equipement | I52: =IF(OR(ISNUMBER(G52),ISNUMBER(H52)),ROUND(IF(ISNUMBER(G52),G52,0)-IF(ISNUMBER(H52),H52,0),2),0) -> 0
B54: Fonctionnement (si le partenaire récupère la TVA, indiquer le coût hors TVA)
G55: Coût total | H55: Aide demandée | I55: Apport
B56: Coûts d’infrastructures ou de plateformes | I56: =IF(OR(ISNUMBER(G56),ISNUMBER(H56)),ROUND(IF(ISNUMBER(G56),G56,0)-IF(ISNUMBER(H56),H56,0),2)," ")
B57: Missions | I57: =IF(OR(ISNUMBER(G57),ISNUMBER(H57)),ROUND(IF(ISNUMBER(G57),G57,0)-IF(ISNUMBER(H57),H57,0),2)," ")
B58: Autres dépenses de fonctionnement | I58: =IF(OR(ISNUMBER(G58),ISNUMBER(H58)),ROUND(IF(ISNUMBER(G58),G58,0)-IF(ISNUMBER(H58),H58,0),2)," ")
B59: Total dépenses de fonctionnement | G59: =SUM(G56:G58) -> 0 | H59: =SUM(H56:H58) -> 0 | I59: =SUM(I56:I58) -> 0
B61: Prestations de service externes
G62: Coût total | H62: Aide demandée | I62: Apport
B63: Prestations de service externes | I63: =IF(OR(ISNUMBER(G63),ISNUMBER(H63)),ROUND(IF(ISNUMBER(G63),G63,0)-IF(ISNUMBER(H63),H63,0),2),0) -> 0
B65: Facturation interne
G66: Coût total | H66: Aide demandée | I66: Apport
B67: Facturation interne | I67: =IF(OR(ISNUMBER(G67),ISNUMBER(H67)),ROUND(IF(ISNUMBER(G67),G67,0)-IF(ISNUMBER(H67),H67,0),2),0) -> 0
B69: Synthèse de la demande financière
C71: Prise en compte des couts : | D71: =L10 -> Part. non finançable
C72: Taux maximum d’aide : | D72: =$L$19 -> 0
C73: Taux d’aide demandé : | D73: =D72 -> 0
C74: Taux d’aide retenu : | D74: =IF(L9,1,(MIN(D72,D73+0))) -> 0
G76: Coût complet | H76: Aide demandée | I76: Apport
B77: Total hors frais généraux ou frais de structure | G77: =SUM(G48,G52,G59,G63,G67) -> 0 | H77: =SUM(H48,H52,H59,H63,H67) -> 0 | I77: =SUM(I48,I52,I59,I63,I67) -> 0
B78: ="Frais généraux (max : "&Réglages!M16&"% pour l’ensemble du projet)" -> Frais généraux (max : 20% pour l’ensemble du projet) | F78: % (taux) | G78: =H78 -> 0 | H78: =IF($L$7,(H77)*E78/100,0) -> 0
B79: ="Frais de structure - part « personnel » (max "&Réglages!M25&"%)" -> Frais de structure - part « personnel » (max 68%) | F79: % (taux) | G79: =IF($L$93,$E$79/100*G48,0) -> 0 | H79: =IF($L$93,$E$79/100*H48,0) -> 0 | I79: =IF($L$93,$E$79/100*I48,0) -> 0
B80: ="Frais de structure - part hors perso et hors factu interne (max "&Réglages!M28&"%)" -> Frais de structure - part hors perso et hors factu interne (max 7%) | F80: % (taux) | G80: =IF($L$94,$E$80/100*(G77-G48-G67),0) -> 0 | H80: =IF($L$94,$E$80/100*(H77-H48-H67),0) -> 0 | I80: =IF($L$94,$E$80/100*(I77-I48-I67),0) -> 0
B81: Frais d'environnement | F81: % (taux) | G81: =IF($L$12,(G48-G37)*E81/100,0) -> 0 | I81: =G81 -> 0
B82: Total | G82: =G77+G78+G79+G80+G81 -> 0 | H82: =IF($L$7,H77+H78+H79+H80,0) -> 0 | I82: =I77+I81+I79+I80 -> 0
B84: Assiette totale de l’aide : | E84: =H82 -> 0
B85: Aide demandée : | E85: =E84*D74 -> 0
B86: Apport complétant l’assiette de l’aide : | E86: =E84*(1-D74) -> 0 | G86: L'apport total correspond à la somme des apports hors assiette de l’aide (colonne I) et du reliquat après application du taux d'aide à l’assiette de l’aide.
B87: Apport total : | E87: =E86+I82 -> 0
B88: Coût complet total : | E88: =G82 -> 0
B90: Aide totale demandée pour des personnels fonctionnaires : | G90: =H32 -> 0 | H90: €
B91: ="Aide demandée pers fonctionnaires / Aide demandée hors frais généraux (max "&Réglages!$M$19&"%) : " -> Aide demandée pers fonctionnaires / Aide demandée hors frais généraux (max 0%) : | G91: =G90/(H77+0.0001)*100 -> 0 | H91: %
K92: calcul condition validité frais gestion : | L92: =AND(L7,L9) -> FALSE | M92: (Eligible ET cout marginal ET inf au max)
B93: Autres soutiens financiers sollicités ou obtenus liés au projet | K93: calcul condition validité FS «pers» : | L93: =AND(L7,NOT(L9),E79<=Réglages!M25) -> FALSE | M93: (Eligible ET cout complet ET inf au max)
K94: calcul condition validité FS hors pers et FI : | L94: =AND(L7,NOT(L9),E80<=Réglages!M28) -> FALSE | M94: (Eligible ET cout complet ET inf au max)
B95: Nom des financeurs | D95: Nature et objet du financement | H95: Sollicité | I95: Obtenu
B96: Hors cofinancements européens
B97: 1
B98: 2
B99: 3
B100: 4
B101: 5
B102: Total des autres financements (hors Europe) | H102: =SUM(H97:H101) -> 0 | I102: =SUM(I97:I101) -> 0
B103: Cofinancements européens
B104: 1
B105: 2
B106: 3
B107: Total des financements européens | H107: =SUM(H104:H106) -> 0 | I107: =SUM(I104:I106) -> 0
B108: Total des co-financements | H108: =H102+H107 -> 0 | I108: =I102+I107 -> 0
B110: Commentaires (le cas échéant)
B119: Les informations personnelles transmises dans ces documents sont obligatoires et seront conservées en fichiers par l'ANR pour assurer la conduite opérationnelle de l'évaluation et l'administration des dossiers. Conformément à la loi n° 78-17 du 6 janvier 1978 modifiée, relative à l'Informatique, aux Fichiers et aux Libertés, les personnes concernées disposent d'un droit d'accès et de rectification des données personnelles les concernant. Les personnes concernées peuvent exercer ce droit en s'adressant à l'ANR (voir coordonnées dans le texte de l’appel à projets).
B120: Engagement de l'établissement partenaire
B122: Chaque signataire, ayant le pouvoir d'engager juridiquement l'établissement ci-dessus, ou l’un des partenaires détaillés ci-dessous, déclare : - avoir pris connaissance du dossier complet de dépôt (document scientifique, y compris son annexe, et document administratif et financier) tel que déposé sur le site de l’ANR et du règlement relatif aux modalités d'attribution des aides au titre de l’action ; - s'engager à négocier et signer, lorsqu’il est exigé, un accord de consortium (ou équivalent), et mettre en œuvre tous les moyens nécessaires pour finaliser ce document dans les conditions et délais prévus par le règlement relatif aux modalités d'attribution des aides précité ; - s'engager à mettre en œuvre tous les moyens nécessaires à la réalisation du projet tels que décrits dans le dossier de dépôt, dans les conditions prévues par le règlement relatif aux modalités d'attribution des aides précité ; - s'engager à respecter les engagements financiers tels que détaillés dans le document administratif et financier du dossier déposé ; - s’engager à mettre en œuvre les recrutements sur contrat des personnels nécessaires à la réalisation de la proposition déposée et cela en conformité avec tous les lois et règlements en vigueur applicables ; à mettre à disposition des personnels engagés dans la réalisation du projet les surfaces de travail nécessaires à l’accomplissement de leurs missions pendant la durée du projet ; - souscrire aux obligations qui découlent du financement du projet par l’ANR, notamment à des fins d'évaluation globale de l'action.
B123: - avoir pris connaissance du dossier complet de dépôt (document scientifique, y compris son annexe, et document administratif et financier) tel que déposé sur le site de l’ANR et du règlement relatif aux modalités d'attribution des aides au titre de l’action ;
...

Sheet Part6
A1: Identification de l'établissement partenaire
F2: Acronyme | H2: =IF(VoletGeneral!D9<>"",VoletGeneral!D9,"")
F3: Partenaire | H3: Part6
C4: 20408 | D4: =C4&"-0" -> 20408-0
B5: Nom complet du partenaire
C7: Nom complet du partenaire | K7: eligible à l’aide : | L7: =(SUMIF(Table_type_part7[Type étab partenaire],D9,Table_type_part7[Eligible]))>0 -> FALSE | M7: (à régler dans la page réglage)
C8: Sigle du partenaire
C9: Type de partenaire | K9: éligible au cout marginal : | L9: =(SUMIF(Table_type_part7[Type étab partenaire],D9,Table_type_part7[cout marginal]))>0 -> FALSE | M9: (à régler dans la page réglage)
C10: Numéro SIRET | K10: Prise en compte des couts | L10: =IF(L7,IF(L9,"Cout marginal", "Cout complet"),"Part. non finançable") -> Part. non finançable | N10: (Eligible)
C11: =IF(L31,"Si l’établissement partenaire est une entreprise : dans la case Commentaires en bas de l'onglet, veuillez renseigner le(s) Work Package(s) qui est (sont) associé(s)"& "à la catégorie de recherche (Recherche fondamentale / Recherche industrielle / Développement expérimental) choisie en cellule D9","")
C12: =IF(L7, IF(L9, "Ce partenaire est finançable à coût marginal. Le taux d’aide est de 100%. Les frais généraux forfaitaires sont de "&Réglages!M16&"% maximum.", "Ce partenaire est finançable à coût complet."&" Le taux d’aide maximum dépend du type de structure, il est indiqué en bas de ce formulaire. L’aide demandée est automatiquement calculée"&" par multiplication de l’assiette totale de l’aide par le taux d’aide retenu. Les frais de structure, en deux catégories, sont à demander à la fin de ce formulaire."), "Ce partenaire n’est pas finançable : merci de sélectionner un type de partenaire ci-dessus. Si le type partenaire est déjà sélectionné, merci de remplir des apports.") -> Ce partenaire n’est pas finançable : merci de sélectionner un type de partenaire ci-dessus. Si le type partenaire est déjà sélectionné, merci de remplir des apports. | K12: frais environnement possible : | L12: =(SUMIF(Table_type_part7[Type étab partenaire],D9,Table_type_part7[frais env]))>0 -> FALSE | M12: (à régler dans la page réglage)
B13: Personne habilitée à engager juridiquement l'établissement partenaire | K13: décharges possible : | L13: =(SUMIF(Table_type_part7[Type étab partenaire],D9,Table_type_part7[Décharges]))>0 -> FALSE | M13: (à régler dans la page réglage)
C15: Genre
C16: Nom
C17: Prénom | K17: taux d’aide lié à la struture du part : | L17: =SUMIF(Table_type_part7[Type étab partenaire],D9,Table_type_part7[taux d’aide]) -> 0 | M17: (à régler dans la page réglage)
C18: Qualité | K18: taux d’aide lié à la catégorie de recherche : | L18: =Tableau6[taux] -> 1 | M18: (à régler dans la page réglage)
C19: Courriel | K19: taux d’aide applicable : | L19: =L17*L18 -> 0
C20: Téléphone
K21: Régle de couleur des cases :
B22: Correspondant du projet | K22: nom de la zone | L22: Booléen | M22: description
K23: rouge _si_cout_complet | L23: =(AND(L7,NOT(L9))) -> FALSE | M23: éligible ET non(cout marg)
B24: Nom
B25: Prénom | K25: rouge_si_cout_marginal | L25: =(OR(L9,NOT(L7))) -> TRUE | M25: cout marginal OU non eligible
B26: Courriel
B27: Téléphone | K27: rouge_si_inneligible | L27: =NOT(L7) -> TRUE
B29: Demande financière ANR du projet | K29: Etab Fonctionnaire | L29: =IF(OR(L9,L12),"VRAI","FAUX") -> FAUX
B30: Personnel
B31: Personnel avec demande de financement | E31: Coût moyen | F31: Nb. p.mois | G31: Coût total | H31: Aide demandée | I31: Apport | K31: Entreprise | L31: =(SUMIF(Réglages!E24:E26,D9,Table_type_part7[taux d’aide]))>0 -> FALSE
B32: Personnel de recherche - Fonctionnaires (voir Notice) | E32: =IF(AND(ISNUMBER(F32),ISNUMBER(G32)),G32/F32," ") | I32: =IF(OR(ISNUMBER(G32),ISNUMBER(H32)),ROUND(IF(ISNUMBER(G32),G32,0)-IF(ISNUMBER(H32),H32,0),2)," ")
B33: Personnel de recherche - Non fonctionnaires (CDI/CDD) | E33: =IF(AND(ISNUMBER(F33),ISNUMBER(G33)),G33/F33," ") | I33: =IF(OR(ISNUMBER(G33),ISNUMBER(H33)),ROUND(IF(ISNUMBER(G33),G33,0)-IF(ISNUMBER(H33),H33,0),2)," ")
B34: Doctorants | E34: =IF(AND(ISNUMBER(F34),ISNUMBER(G34)),G34/F34," ") | I34: =IF(OR(ISNUMBER(G34),ISNUMBER(H34)),ROUND(IF(ISNUMBER(G34),G34,0)-IF(ISNUMBER(H34),H34,0),2)," ")
B35: Post-doctorants | E35: =IF(AND(ISNUMBER(F35),ISNUMBER(G35)),G35/F35," ") | I35: =IF(OR(ISNUMBER(G35),ISNUMBER(H35)),ROUND(IF(ISNUMBER(G35),G35,0)-IF(ISNUMBER(H35),H35,0),2)," ")
B36: Autres (personnel support, stagiaires, vacations, etc.) | E36: =IF(AND(ISNUMBER(F36),ISNUMBER(G36)),G36/F36," ") | I36: =IF(OR(ISNUMBER(G36),ISNUMBER(H36)),ROUND(IF(ISNUMBER(G36),G36,0)-IF(ISNUMBER(H36),H36,0),2)," ")
B37: Primes | I37: =IF(OR(ISNUMBER(G37),ISNUMBER(H37)),ROUND(IF(ISNUMBER(G37),G37,0)-IF(ISNUMBER(H37),H37,0),2),"")
B38: Heures complémentaires | I38: =IF(OR(ISNUMBER(G38),ISNUMBER(H38)),ROUND(IF(ISNUMBER(G38),G38,0)-IF(ISNUMBER(H38),H38,0),2),"")
B39: Décharges d’enseignement | I39: =IF(OR(ISNUMBER(G39),ISNUMBER(H39)),ROUND(IF(ISNUMBER(G39),G39,0)-IF(ISNUMBER(H39),H39,0),2),"")
B40: Personnel sans demande de financement | E40: Coût moyen | F40: Nb. p.mois | G40: Coût total | H40: Aide demandée | I40: Apport
B41: Personnel de recherche - Fonctionnaires | D41: Enseignants-chercheurs et chercheurs | E41: =IF(AND(ISNUMBER(F41),ISNUMBER(G41)),G41/F41," ") | I41: =IF(OR(ISNUMBER(G41),ISNUMBER(H41)),ROUND(IF(ISNUMBER(G41),G41,0)-IF(ISNUMBER(H41),H41,0),2)," ")
D42: Ingénieurs et techniciens | E42: =IF(AND(ISNUMBER(F42),ISNUMBER(G42)),G42/F42," ") | I42: =IF(OR(ISNUMBER(G42),ISNUMBER(H42)),ROUND(IF(ISNUMBER(G42),G42,0)-IF(ISNUMBER(H42),H42,0),2)," ")
B43: Personnel de recherche - Non fonctionnaires (CDI/CDD) | E43: =IF(AND(ISNUMBER(F43),ISNUMBER(G43)),G43/F43," ") | I43: =IF(OR(ISNUMBER(G43),ISNUMBER(H43)),ROUND(IF(ISNUMBER(G43),G43,0)-IF(ISNUMBER(H43),H43,0),2)," ")
B44: Doctorants | E44: =IF(AND(ISNUMBER(F44),ISNUMBER(G44)),G44/F44," ") | I44: =IF(OR(ISNUMBER(G44),ISNUMBER(H44)),ROUND(IF(ISNUMBER(G44),G44,0)-IF(ISNUMBER(H44),H44,0),2)," ")
B45: Post-doctorants | E45: =IF(AND(ISNUMBER(F45),ISNUMBER(G45)),G45/F45," ") | I45: =IF(OR(ISNUMBER(G45),ISNUMBER(H45)),ROUND(IF(ISNUMBER(G45),G45,0)-IF(ISNUMBER(H45),H45,0),2)," ")
B46: Autres (personnel support, stagiaires, vacations, etc.) | E46: =IF(AND(ISNUMBER(F46),ISNUMBER(G46)),G46/F46," ") | I46: =IF(OR(ISNUMBER(G46),ISNUMBER(H46)),ROUND(IF(ISNUMBER(G46),G46,0)-IF(ISNUMBER(H46),H46,0),2)," ")
B48: Total personnel | F48: =SUM(F32:F36,F41:F46) -> 0 | G48: =SUM(G32:G39,G41:G46) -> 0 | H48: =SUM(H32:H39) -> 0 | I48: =SUM(I32:I39,I41:I47) -> 0
B50: Equipement (coût unitaire HT - si le partenaire récupère la TVA, indiquer le coût hors TVA)
B51: Veuillez renseigner le seuil d'immobilisation avant de renseigner le coût total et l'aide demandée | G51: Coût total | H51: Aide demandée | I51: Apport
C52: Seuil d'immobilisation (€) | E52: Equipement | I52: =IF(OR(ISNUMBER(G52),ISNUMBER(H52)),ROUND(IF(ISNUMBER(G52),G52,0)-IF(ISNUMBER(H52),H52,0),2),0) -> 0
B54: Fonctionnement (si le partenaire récupère la TVA, indiquer le coût hors TVA)
G55: Coût total | H55: Aide demandée | I55: Apport
B56: Coûts d’infrastructures ou de plateformes | I56: =IF(OR(ISNUMBER(G56),ISNUMBER(H56)),ROUND(IF(ISNUMBER(G56),G56,0)-IF(ISNUMBER(H56),H56,0),2)," ")
B57: Missions | I57: =IF(OR(ISNUMBER(G57),ISNUMBER(H57)),ROUND(IF(ISNUMBER(G57),G57,0)-IF(ISNUMBER(H57),H57,0),2)," ")
B58: Autres dépenses de fonctionnement | I58: =IF(OR(ISNUMBER(G58),ISNUMBER(H58)),ROUND(IF(ISNUMBER(G58),G58,0)-IF(ISNUMBER(H58),H58,0),2)," ")
B59: Total dépenses de fonctionnement | G59: =SUM(G56:G58) -> 0 | H59: =SUM(H56:H58) -> 0 | I59: =SUM(I56:I58) -> 0
B61: Prestations de service externes
G62: Coût total | H62: Aide demandée | I62: Apport
B63: Prestations de service externes | I63: =IF(OR(ISNUMBER(G63),ISNUMBER(H63)),ROUND(IF(ISNUMBER(G63),G63,0)-IF(ISNUMBER(H63),H63,0),2),0) -> 0
B65: Facturation interne
G66: Coût total | H66: Aide demandée | I66: Apport
B67: Facturation interne | I67: =IF(OR(ISNUMBER(G67),ISNUMBER(H67)),ROUND(IF(ISNUMBER(G67),G67,0)-IF(ISNUMBER(H67),H67,0),2),0) -> 0
B69: Synthèse de la demande financière
C71: Prise en compte des couts : | D71: =L10 -> Part. non finançable
C72: Taux maximum d’aide : | D72: =$L$19 -> 0
C73: Taux d’aide demandé : | D73: =D72 -> 0
C74: Taux d’aide retenu : | D74: =IF(L9,1,(MIN(D72,D73+0))) -> 0
G76: Coût complet | H76: Aide demandée | I76: Apport
B77: Total hors frais généraux ou frais de structure | G77: =SUM(G48,G52,G59,G63,G67) -> 0 | H77: =SUM(H48,H52,H59,H63,H67) -> 0 | I77: =SUM(I48,I52,I59,I63,I67) -> 0
B78: ="Frais généraux (max : "&Réglages!M16&"% pour l’ensemble du projet)" -> Frais généraux (max : 20% pour l’ensemble du projet) | F78: % (taux) | G78: =H78 -> 0 | H78: =IF($L$7,(H77)*E78/100,0) -> 0
B79: ="Frais de structure - part « personnel » (max "&Réglages!M25&"%)" -> Frais de structure - part « personnel » (max 68%) | F79: % (taux) | G79: =IF($L$93,$E$79/100*G48,0) -> 0 | H79: =IF($L$93,$E$79/100*H48,0) -> 0 | I79: =IF($L$93,$E$79/100*I48,0) -> 0
B80: ="Frais de structure - part hors perso et hors factu interne (max "&Réglages!M28&"%)" -> Frais de structure - part hors perso et hors factu interne (max 7%) | F80: % (taux) | G80: =IF($L$94,$E$80/100*(G77-G48-G67),0) -> 0 | H80: =IF($L$94,$E$80/100*(H77-H48-H67),0) -> 0 | I80: =IF($L$94,$E$80/100*(I77-I48-I67),0) -> 0
B81: Frais d'environnement | F81: % (taux) | G81: =IF($L$12,(G48-G37)*E81/100,0) -> 0 | I81: =G81 -> 0
B82: Total | G82: =G77+G78+G79+G80+G81 -> 0 | H82: =IF($L$7,H77+H78+H79+H80,0) -> 0 | I82: =I77+I81+I79+I80 -> 0
B84: Assiette totale de l’aide : | E84: =H82 -> 0
B85: Aide demandée : | E85: =E84*D74 -> 0
B86: Apport complétant l’assiette de l’aide : | E86: =E84*(1-D74) -> 0 | G86: L'apport total correspond à la somme des apports hors assiette de l’aide (colonne I) et du reliquat après application du taux d'aide à l’assiette de l’aide.
B87: Apport total : | E87: =E86+I82 -> 0
B88: Coût complet total : | E88: =G82 -> 0
B90: Aide totale demandée pour des personnels fonctionnaires : | G90: =H32 -> 0 | H90: €
B91: ="Aide demandée pers fonctionnaires / Aide demandée hors frais généraux (max "&Réglages!$M$19&"%) : " -> Aide demandée pers fonctionnaires / Aide demandée hors frais généraux (max 0%) : | G91: =G90/(H77+0.0001)*100 -> 0 | H91: %
K92: calcul condition validité frais gestion : | L92: =AND(L7,L9) -> FALSE | M92: (Eligible ET cout marginal ET inf au max)
B93: Autres soutiens financiers sollicités ou obtenus liés au projet | K93: calcul condition validité FS «pers» : | L93: =AND(L7,NOT(L9),E79<=Réglages!M25) -> FALSE | M93: (Eligible ET cout complet ET inf au max)
K94: calcul condition validité FS hors pers et FI : | L94: =AND(L7,NOT(L9),E80<=Réglages!M28) -> FALSE | M94: (Eligible ET cout complet ET inf au max)
B95: Nom des financeurs | D95: Nature et objet du financement | H95: Sollicité | I95: Obtenu
B96: Hors cofinancements européens
B97: 1
B98: 2
B99: 3
B100: 4
B101: 5
B102: Total des autres financements (hors Europe) | H102: =SUM(H97:H101) -> 0 | I102: =SUM(I97:I101) -> 0
B103: Cofinancements européens
B104: 1
B105: 2
B106: 3
B107: Total des financements européens | H107: =SUM(H104:H106) -> 0 | I107: =SUM(I104:I106) -> 0
B108: Total des co-financements | H108: =H102+H107 -> 0 | I108: =I102+I107 -> 0
B110: Commentaires (le cas échéant)
B119: Les informations personnelles transmises dans ces documents sont obligatoires et seront conservées en fichiers par l'ANR pour assurer la conduite opérationnelle de l'évaluation et l'administration des dossiers. Conformément à la loi n° 78-17 du 6 janvier 1978 modifiée, relative à l'Informatique, aux Fichiers et aux Libertés, les personnes concernées disposent d'un droit d'accès et de rectification des données personnelles les concernant. Les personnes concernées peuvent exercer ce droit en s'adressant à l'ANR (voir coordonnées dans le texte de l’appel à projets).
B120: Engagement de l'établissement partenaire
B122: Chaque signataire, ayant le pouvoir d'engager juridiquement l'établissement ci-dessus, ou l’un des partenaires détaillés ci-dessous, déclare : - avoir pris connaissance du dossier complet de dépôt (document scientifique, y compris son annexe, et document administratif et financier) tel que déposé sur le site de l’ANR et du règlement relatif aux modalités d'attribution des aides au titre de l’action ; - s'engager à négocier et signer, lorsqu’il est exigé, un accord de consortium (ou équivalent), et mettre en œuvre tous les moyens nécessaires pour finaliser ce document dans les conditions et délais prévus par le règlement relatif aux modalités d'attribution des aides précité ; - s'engager à mettre en œuvre tous les moyens nécessaires à la réalisation du projet tels que décrits dans le dossier de dépôt, dans les conditions prévues par le règlement relatif aux modalités d'attribution des aides précité ; - s'engager à respecter les engagements financiers tels que détaillés dans le document administratif et financier du dossier déposé ; - s’engager à mettre en œuvre les recrutements sur contrat des personnels nécessaires à la réalisation de la proposition déposée et cela en conformité avec tous les lois et règlements en vigueur applicables ; à mettre à disposition des personnels engagés dans la réalisation du projet les surfaces de travail nécessaires à l’accomplissement de leurs missions pendant la durée du projet ; - souscrire aux obligations qui découlent du financement du projet par l’ANR, notamment à des fins d'évaluation globale de l'action.
B123: - avoir pris connaissance du dossier complet de dépôt (document scientifique, y compris son annexe, et document administratif et financier) tel que déposé sur le site de l’ANR et du règlement relatif aux modalités d'attribution des aides au titre de l’action ;
...

Sheet Part7
A1: Identification de l'établissement partenaire
F2: Acronyme | H2: =IF(VoletGeneral!D9<>"",VoletGeneral!D9,"")
F3: Partenaire | H3: Part7
C4: 20408 | D4: =C4&"-0" -> 20408-0
B5: Nom complet du partenaire
C7: Nom complet du partenaire | K7: eligible à l’aide : | L7: =(SUMIF(Table_type_part7[Type étab partenaire],D9,Table_type_part7[Eligible]))>0 -> FALSE | M7: (à régler dans la page réglage)
C8: Sigle du partenaire
C9: Type de partenaire | K9: éligible au cout marginal : | L9: =(SUMIF(Table_type_part7[Type étab partenaire],D9,Table_type_part7[cout marginal]))>0 -> FALSE | M9: (à régler dans la page réglage)
C10: Numéro SIRET | K10: Prise en compte des couts | L10: =IF(L7,IF(L9,"Cout marginal", "Cout complet"),"Part. non finançable") -> Part. non finançable | N10: (Eligible)
C11: =IF(L31,"Si l’établissement partenaire est une entreprise : dans la case Commentaires en bas de l'onglet, veuillez renseigner le(s) Work Package(s) qui est (sont) associé(s)"& "à la catégorie de recherche (Recherche fondamentale / Recherche industrielle / Développement expérimental) choisie en cellule D9","")
C12: =IF(L7, IF(L9, "Ce partenaire est finançable à coût marginal. Le taux d’aide est de 100%. Les frais généraux forfaitaires sont de "&Réglages!M16&"% maximum.", "Ce partenaire est finançable à coût complet."&" Le taux d’aide maximum dépend du type de structure, il est indiqué en bas de ce formulaire. L’aide demandée est automatiquement calculée"&" par multiplication de l’assiette totale de l’aide par le taux d’aide retenu. Les frais de structure, en deux catégories, sont à demander à la fin de ce formulaire."), "Ce partenaire n’est pas finançable : merci de sélectionner un type de partenaire ci-dessus. Si le type partenaire est déjà sélectionné, merci de remplir des apports.") -> Ce partenaire n’est pas finançable : merci de sélectionner un type de partenaire ci-dessus. Si le type partenaire est déjà sélectionné, merci de remplir des apports. | K12: frais environnement possible : | L12: =(SUMIF(Table_type_part7[Type étab partenaire],D9,Table_type_part7[frais env]))>0 -> FALSE | M12: (à régler dans la page réglage)
B13: Personne habilitée à engager juridiquement l'établissement partenaire | K13: décharges possible : | L13: =(SUMIF(Table_type_part7[Type étab partenaire],D9,Table_type_part7[Décharges]))>0 -> FALSE | M13: (à régler dans la page réglage)
C15: Genre
C16: Nom
C17: Prénom | K17: taux d’aide lié à la struture du part : | L17: =SUMIF(Table_type_part7[Type étab partenaire],D9,Table_type_part7[taux d’aide]) -> 0 | M17: (à régler dans la page réglage)
C18: Qualité | K18: taux d’aide lié à la catégorie de recherche : | L18: =Tableau6[taux] -> 1 | M18: (à régler dans la page réglage)
C19: Courriel | K19: taux d’aide applicable : | L19: =L17*L18 -> 0
C20: Téléphone
K21: Régle de couleur des cases :
B22: Correspondant du projet | K22: nom de la zone | L22: Booléen | M22: description
K23: rouge _si_cout_complet | L23: =(AND(L7,NOT(L9))) -> FALSE | M23: éligible ET non(cout marg)
B24: Nom
B25: Prénom | K25: rouge_si_cout_marginal | L25: =(OR(L9,NOT(L7))) -> TRUE | M25: cout marginal OU non eligible
B26: Courriel
B27: Téléphone | K27: rouge_si_inneligible | L27: =NOT(L7) -> TRUE
B29: Demande financière ANR du projet | K29: Etab Fonctionnaire | L29: =IF(OR(L9,L12),"VRAI","FAUX") -> FAUX
B30: Personnel
B31: Personnel avec demande de financement | E31: Coût moyen | F31: Nb. p.mois | G31: Coût total | H31: Aide demandée | I31: Apport | K31: Entreprise | L31: =(SUMIF(Réglages!E24:E26,D9,Table_type_part7[taux d’aide]))>0 -> FALSE
B32: Personnel de recherche - Fonctionnaires (voir Notice) | E32: =IF(AND(ISNUMBER(F32),ISNUMBER(G32)),G32/F32," ") | I32: =IF(OR(ISNUMBER(G32),ISNUMBER(H32)),ROUND(IF(ISNUMBER(G32),G32,0)-IF(ISNUMBER(H32),H32,0),2)," ")
B33: Personnel de recherche - Non fonctionnaires (CDI/CDD) | E33: =IF(AND(ISNUMBER(F33),ISNUMBER(G33)),G33/F33," ") | I33: =IF(OR(ISNUMBER(G33),ISNUMBER(H33)),ROUND(IF(ISNUMBER(G33),G33,0)-IF(ISNUMBER(H33),H33,0),2)," ")
B34: Doctorants | E34: =IF(AND(ISNUMBER(F34),ISNUMBER(G34)),G34/F34," ") | I34: =IF(OR(ISNUMBER(G34),ISNUMBER(H34)),ROUND(IF(ISNUMBER(G34),G34,0)-IF(ISNUMBER(H34),H34,0),2)," ")
B35: Post-doctorants | E35: =IF(AND(ISNUMBER(F35),ISNUMBER(G35)),G35/F35," ") | I35: =IF(OR(ISNUMBER(G35),ISNUMBER(H35)),ROUND(IF(ISNUMBER(G35),G35,0)-IF(ISNUMBER(H35),H35,0),2)," ")
B36: Autres (personnel support, stagiaires, vacations, etc.) | E36: =IF(AND(ISNUMBER(F36),ISNUMBER(G36)),G36/F36," ") | I36: =IF(OR(ISNUMBER(G36),ISNUMBER(H36)),ROUND(IF(ISNUMBER(G36),G36,0)-IF(ISNUMBER(H36),H36,0),2)," ")
B37: Primes | I37: =IF(OR(ISNUMBER(G37),ISNUMBER(H37)),ROUND(IF(ISNUMBER(G37),G37,0)-IF(ISNUMBER(H37),H37,0),2),"")
B38: Heures complémentaires | I38: =IF(OR(ISNUMBER(G38),ISNUMBER(H38)),ROUND(IF(ISNUMBER(G38),G38,0)-IF(ISNUMBER(H38),H38,0),2),"")
B39: Décharges d’enseignement | I39: =IF(OR(ISNUMBER(G39),ISNUMBER(H39)),ROUND(IF(ISNUMBER(G39),G39,0)-IF(ISNUMBER(H39),H39,0),2),"")
B40: Personnel sans demande de financement | E40: Coût moyen | F40: Nb. p.mois | G40: Coût total | H40: Aide demandée | I40: Apport
B41: Personnel de recherche - Fonctionnaires | D41: Enseignants-chercheurs et chercheurs | E41: =IF(AND(ISNUMBER(F41),ISNUMBER(G41)),G41/F41," ") | I41: =IF(OR(ISNUMBER(G41),ISNUMBER(H41)),ROUND(IF(ISNUMBER(G41),G41,0)-IF(ISNUMBER(H41),H41,0),2)," ")
D42: Ingénieurs et techniciens | E42: =IF(AND(ISNUMBER(F42),ISNUMBER(G42)),G42/F42," ") | I42: =IF(OR(ISNUMBER(G42),ISNUMBER(H42)),ROUND(IF(ISNUMBER(G42),G42,0)-IF(ISNUMBER(H42),H42,0),2)," ")
B43: Personnel de recherche - Non fonctionnaires (CDI/CDD) | E43: =IF(AND(ISNUMBER(F43),ISNUMBER(G43)),G43/F43," ") | I43: =IF(OR(ISNUMBER(G43),ISNUMBER(H43)),ROUND(IF(ISNUMBER(G43),G43,0)-IF(ISNUMBER(H43),H43,0),2)," ")
B44: Doctorants | E44: =IF(AND(ISNUMBER(F44),ISNUMBER(G44)),G44/F44," ") | I44: =IF(OR(ISNUMBER(G44),ISNUMBER(H44)),ROUND(IF(ISNUMBER(G44),G44,0)-IF(ISNUMBER(H44),H44,0),2)," ")
B45: Post-doctorants | E45: =IF(AND(ISNUMBER(F45),ISNUMBER(G45)),G45/F45," ") | I45: =IF(OR(ISNUMBER(G45),ISNUMBER(H45)),ROUND(IF(ISNUMBER(G45),G45,0)-IF(ISNUMBER(H45),H45,0),2)," ")
B46: Autres (personnel support, stagiaires, vacations, etc.) | E46: =IF(AND(ISNUMBER(F46),ISNUMBER(G46)),G46/F46," ") | I46: =IF(OR(ISNUMBER(G46),ISNUMBER(H46)),ROUND(IF(ISNUMBER(G46),G46,0)-IF(ISNUMBER(H46),H46,0),2)," ")
B48: Total personnel | F48: =SUM(F32:F36,F41:F46) -> 0 | G48: =SUM(G32:G39,G41:G46) -> 0 | H48: =SUM(H32:H39) -> 0 | I48: =SUM(I32:I39,I41:I47) -> 0
B50: Equipement (coût unitaire HT - si le partenaire récupère la TVA, indiquer le coût hors TVA)
B51: Veuillez renseigner le seuil d'immobilisation avant de renseigner le coût total et l'aide demandée | G51: Coût total | H51: Aide demandée | I51: Apport
C52: Seuil d'immobilisation (€) | E52: Equipement | I52: =IF(OR(ISNUMBER(G52),ISNUMBER(H52)),ROUND(IF(ISNUMBER(G52),G52,0)-IF(ISNUMBER(H52),H52,0),2),0) -> 0
B54: Fonctionnement (si le partenaire récupère la TVA, indiquer le coût hors TVA)
G55: Coût total | H55: Aide demandée | I55: Apport
B56: Coûts d’infrastructures ou de plateformes | I56: =IF(OR(ISNUMBER(G56),ISNUMBER(H56)),ROUND(IF(ISNUMBER(G56),G56,0)-IF(ISNUMBER(H56),H56,0),2)," ")
B57: Missions | I57: =IF(OR(ISNUMBER(G57),ISNUMBER(H57)),ROUND(IF(ISNUMBER(G57),G57,0)-IF(ISNUMBER(H57),H57,0),2)," ")
B58: Autres dépenses de fonctionnement | I58: =IF(OR(ISNUMBER(G58),ISNUMBER(H58)),ROUND(IF(ISNUMBER(G58),G58,0)-IF(ISNUMBER(H58),H58,0),2)," ")
B59: Total dépenses de fonctionnement | G59: =SUM(G56:G58) -> 0 | H59: =SUM(H56:H58) -> 0 | I59: =SUM(I56:I58) -> 0
B61: Prestations de service externes
G62: Coût total | H62: Aide demandée | I62: Apport
B63: Prestations de service externes | I63: =IF(OR(ISNUMBER(G63),ISNUMBER(H63)),ROUND(IF(ISNUMBER(G63),G63,0)-IF(ISNUMBER(H63),H63,0),2),0) -> 0
B65: Facturation interne
G66: Coût total | H66: Aide demandée | I66: Apport
B67: Facturation interne | I67: =IF(OR(ISNUMBER(G67),ISNUMBER(H67)),ROUND(IF(ISNUMBER(G67),G67,0)-IF(ISNUMBER(H67),H67,0),2),0) -> 0
B69: Synthèse de la demande financière
C71: Prise en compte des couts : | D71: =L10 -> Part. non finançable
C72: Taux maximum d’aide : | D72: =$L$19 -> 0
C73: Taux d’aide demandé : | D73: =D72 -> 0
C74: Taux d’aide retenu : | D74: =IF(L9,1,(MIN(D72,D73+0))) -> 0
G76: Coût complet | H76: Aide demandée | I76: Apport
B77: Total hors frais généraux ou frais de structure | G77: =SUM(G48,G52,G59,G63,G67) -> 0 | H77: =SUM(H48,H52,H59,H63,H67) -> 0 | I77: =SUM(I48,I52,I59,I63,I67) -> 0
B78: ="Frais généraux (max : "&Réglages!M16&"% pour l’ensemble du projet)" -> Frais généraux (max : 20% pour l’ensemble du projet) | F78: % (taux) | G78: =H78 -> 0 | H78: =IF($L$7,(H77)*E78/100,0) -> 0
B79: ="Frais de structure - part « personnel » (max "&Réglages!M25&"%)" -> Frais de structure - part « personnel » (max 68%) | F79: % (taux) | G79: =IF($L$93,$E$79/100*G48,0) -> 0 | H79: =IF($L$93,$E$79/100*H48,0) -> 0 | I79: =IF($L$93,$E$79/100*I48,0) -> 0
B80: ="Frais de structure - part hors perso et hors factu interne (max "&Réglages!M28&"%)" -> Frais de structure - part hors perso et hors factu interne (max 7%) | F80: % (taux) | G80: =IF($L$94,$E$80/100*(G77-G48-G67),0) -> 0 | H80: =IF($L$94,$E$80/100*(H77-H48-H67),0) -> 0 | I80: =IF($L$94,$E$80/100*(I77-I48-I67),0) -> 0
B81: Frais d'environnement | F81: % (taux) | G81: =IF($L$12,(G48-G37)*E81/100,0) -> 0 | I81: =G81 -> 0
B82: Total | G82: =G77+G78+G79+G80+G81 -> 0 | H82: =IF($L$7,H77+H78+H79+H80,0) -> 0 | I82: =I77+I81+I79+I80 -> 0
B84: Assiette totale de l’aide : | E84: =H82 -> 0
B85: Aide demandée : | E85: =E84*D74 -> 0
B86: Apport complétant l’assiette de l’aide : | E86: =E84*(1-D74) -> 0 | G86: L'apport total correspond à la somme des apports hors assiette de l’aide (colonne I) et du reliquat après application du taux d'aide à l’assiette de l’aide.
B87: Apport total : | E87: =E86+I82 -> 0
B88: Coût complet total : | E88: =G82 -> 0
B90: Aide totale demandée pour des personnels fonctionnaires : | G90: =H32 -> 0 | H90: €
B91: ="Aide demandée pers fonctionnaires / Aide demandée hors frais généraux (max "&Réglages!$M$19&"%) : " -> Aide demandée pers fonctionnaires / Aide demandée hors frais généraux (max 0%) : | G91: =G90/(H77+0.0001)*100 -> 0 | H91: %
K92: calcul condition validité frais gestion : | L92: =AND(L7,L9) -> FALSE | M92: (Eligible ET cout marginal ET inf au max)
B93: Autres soutiens financiers sollicités ou obtenus liés au projet | K93: calcul condition validité FS «pers» : | L93: =AND(L7,NOT(L9),E79<=Réglages!M25) -> FALSE | M93: (Eligible ET cout complet ET inf au max)
K94: calcul condition validité FS hors pers et FI : | L94: =AND(L7,NOT(L9),E80<=Réglages!M28) -> FALSE | M94: (Eligible ET cout complet ET inf au max)
B95: Nom des financeurs | D95: Nature et objet du financement | H95: Sollicité | I95: Obtenu
B96: Hors cofinancements européens
B97: 1
B98: 2
B99: 3
B100: 4
B101: 5
B102: Total des autres financements (hors Europe) | H102: =SUM(H97:H101) -> 0 | I102: =SUM(I97:I101) -> 0
B103: Cofinancements européens
B104: 1
B105: 2
B106: 3
B107: Total des financements européens | H107: =SUM(H104:H106) -> 0 | I107: =SUM(I104:I106) -> 0
B108: Total des co-financements | H108: =H102+H107 -> 0 | I108: =I102+I107 -> 0
B110: Commentaires (le cas échéant)
B119: Les informations personnelles transmises dans ces documents sont obligatoires et seront conservées en fichiers par l'ANR pour assurer la conduite opérationnelle de l'évaluation et l'administration des dossiers. Conformément à la loi n° 78-17 du 6 janvier 1978 modifiée, relative à l'Informatique, aux Fichiers et aux Libertés, les personnes concernées disposent d'un droit d'accès et de rectification des données personnelles les concernant. Les personnes concernées peuvent exercer ce droit en s'adressant à l'ANR (voir coordonnées dans le texte de l’appel à projets).
B120: Engagement de l'établissement partenaire
B122: Chaque signataire, ayant le pouvoir d'engager juridiquement l'établissement ci-dessus, ou l’un des partenaires détaillés ci-dessous, déclare : - avoir pris connaissance du dossier complet de dépôt (document scientifique, y compris son annexe, et document administratif et financier) tel que déposé sur le site de l’ANR et du règlement relatif aux modalités d'attribution des aides au titre de l’action ; - s'engager à négocier et signer, lorsqu’il est exigé, un accord de consortium (ou équivalent), et mettre en œuvre tous les moyens nécessaires pour finaliser ce document dans les conditions et délais prévus par le règlement relatif aux modalités d'attribution des aides précité ; - s'engager à mettre en œuvre tous les moyens nécessaires à la réalisation du projet tels que décrits dans le dossier de dépôt, dans les conditions prévues par le règlement relatif aux modalités d'attribution des aides précité ; - s'engager à respecter les engagements financiers tels que détaillés dans le document administratif et financier du dossier déposé ; - s’engager à mettre en œuvre les recrutements sur contrat des personnels nécessaires à la réalisation de la proposition déposée et cela en conformité avec tous les lois et règlements en vigueur applicables ; à mettre à disposition des personnels engagés dans la réalisation du projet les surfaces de travail nécessaires à l’accomplissement de leurs missions pendant la durée du projet ; - souscrire aux obligations qui découlent du financement du projet par l’ANR, notamment à des fins d'évaluation globale de l'action.
B123: - avoir pris connaissance du dossier complet de dépôt (document scientifique, y compris son annexe, et document administratif et financier) tel que déposé sur le site de l’ANR et du règlement relatif aux modalités d'attribution des aides au titre de l’action ;
...

Sheet Part8
A1: Identification de l'établissement partenaire
F2: Acronyme | H2: =IF(VoletGeneral!D9<>"",VoletGeneral!D9,"")
F3: Partenaire | H3: Part8
C4: 20408 | D4: =C4&"-0" -> 20408-0
B5: Nom complet du partenaire
C7: Nom complet du partenaire | K7: eligible à l’aide : | L7: =(SUMIF(Table_type_part7[Type étab partenaire],D9,Table_type_part7[Eligible]))>0 -> FALSE | M7: (à régler dans la page réglage)
C8: Sigle du partenaire
C9: Type de partenaire | K9: éligible au cout marginal : | L9: =(SUMIF(Table_type_part7[Type étab partenaire],D9,Table_type_part7[cout marginal]))>0 -> FALSE | M9: (à régler dans la page réglage)
C10: Numéro SIRET | K10: Prise en compte des couts | L10: =IF(L7,IF(L9,"Cout marginal", "Cout complet"),"Part. non finançable") -> Part. non finançable | N10: (Eligible)
C11: =IF(L31,"Si l’établissement partenaire est une entreprise : dans la case Commentaires en bas de l'onglet, veuillez renseigner le(s) Work Package(s) qui est (sont) associé(s)"& "à la catégorie de recherche (Recherche fondamentale / Recherche industrielle / Développement expérimental) choisie en cellule D9","")
C12: =IF(L7, IF(L9, "Ce partenaire est finançable à coût marginal. Le taux d’aide est de 100%. Les frais généraux forfaitaires sont de "&Réglages!M16&"% maximum.", "Ce partenaire est finançable à coût complet."&" Le taux d’aide maximum dépend du type de structure, il est indiqué en bas de ce formulaire. L’aide demandée est automatiquement calculée"&" par multiplication de l’assiette totale de l’aide par le taux d’aide retenu. Les frais de structure, en deux catégories, sont à demander à la fin de ce formulaire."), "Ce partenaire n’est pas finançable : merci de sélectionner un type de partenaire ci-dessus. Si le type partenaire est déjà sélectionné, merci de remplir des apports.") -> Ce partenaire n’est pas finançable : merci de sélectionner un type de partenaire ci-dessus. Si le type partenaire est déjà sélectionné, merci de remplir des apports. | K12: frais environnement possible : | L12: =(SUMIF(Table_type_part7[Type étab partenaire],D9,Table_type_part7[frais env]))>0 -> FALSE | M12: (à régler dans la page réglage)
B13: Personne habilitée à engager juridiquement l'établissement partenaire | K13: décharges possible : | L13: =(SUMIF(Table_type_part7[Type étab partenaire],D9,Table_type_part7[Décharges]))>0 -> FALSE | M13: (à régler dans la page réglage)
C15: Genre
C16: Nom
C17: Prénom | K17: taux d’aide lié à la struture du part : | L17: =SUMIF(Table_type_part7[Type étab partenaire],D9,Table_type_part7[taux d’aide]) -> 0 | M17: (à régler dans la page réglage)
C18: Qualité | K18: taux d’aide lié à la catégorie de recherche : | L18: =Tableau6[taux] -> 1 | M18: (à régler dans la page réglage)
C19: Courriel | K19: taux d’aide applicable : | L19: =L17*L18 -> 0
C20: Téléphone
K21: Régle de couleur des cases :
B22: Correspondant du projet | K22: nom de la zone | L22: Booléen | M22: description
K23: rouge _si_cout_complet | L23: =(AND(L7,NOT(L9))) -> FALSE | M23: éligible ET non(cout marg)
B24: Nom
B25: Prénom | K25: rouge_si_cout_marginal | L25: =(OR(L9,NOT(L7))) -> TRUE | M25: cout marginal OU non eligible
B26: Courriel
B27: Téléphone | K27: rouge_si_inneligible | L27: =NOT(L7) -> TRUE
B29: Demande financière ANR du projet | K29: Etab Fonctionnaire | L29: =IF(OR(L9,L12),"VRAI","FAUX") -> FAUX
B30: Personnel
B31: Personnel avec demande de financement | E31: Coût moyen | F31: Nb. p.mois | G31: Coût total | H31: Aide demandée | I31: Apport | K31: Entreprise | L31: =(SUMIF(Réglages!E24:E26,D9,Table_type_part7[taux d’aide]))>0 -> FALSE
B32: Personnel de recherche - Fonctionnaires (voir Notice) | E32: =IF(AND(ISNUMBER(F32),ISNUMBER(G32)),G32/F32," ") | I32: =IF(OR(ISNUMBER(G32),ISNUMBER(H32)),ROUND(IF(ISNUMBER(G32),G32,0)-IF(ISNUMBER(H32),H32,0),2)," ")
B33: Personnel de recherche - Non fonctionnaires (CDI/CDD) | E33: =IF(AND(ISNUMBER(F33),ISNUMBER(G33)),G33/F33," ") | I33: =IF(OR(ISNUMBER(G33),ISNUMBER(H33)),ROUND(IF(ISNUMBER(G33),G33,0)-IF(ISNUMBER(H33),H33,0),2)," ")
B34: Doctorants | E34: =IF(AND(ISNUMBER(F34),ISNUMBER(G34)),G34/F34," ") | I34: =IF(OR(ISNUMBER(G34),ISNUMBER(H34)),ROUND(IF(ISNUMBER(G34),G34,0)-IF(ISNUMBER(H34),H34,0),2)," ")
B35: Post-doctorants | E35: =IF(AND(ISNUMBER(F35),ISNUMBER(G35)),G35/F35," ") | I35: =IF(OR(ISNUMBER(G35),ISNUMBER(H35)),ROUND(IF(ISNUMBER(G35),G35,0)-IF(ISNUMBER(H35),H35,0),2)," ")
B36: Autres (personnel support, stagiaires, vacations, etc.) | E36: =IF(AND(ISNUMBER(F36),ISNUMBER(G36)),G36/F36," ") | I36: =IF(OR(ISNUMBER(G36),ISNUMBER(H36)),ROUND(IF(ISNUMBER(G36),G36,0)-IF(ISNUMBER(H36),H36,0),2)," ")
B37: Primes | I37: =IF(OR(ISNUMBER(G37),ISNUMBER(H37)),ROUND(IF(ISNUMBER(G37),G37,0)-IF(ISNUMBER(H37),H37,0),2),"")
B38: Heures complémentaires | I38: =IF(OR(ISNUMBER(G38),ISNUMBER(H38)),ROUND(IF(ISNUMBER(G38),G38,0)-IF(ISNUMBER(H38),H38,0),2),"")
B39: Décharges d’enseignement | I39: =IF(OR(ISNUMBER(G39),ISNUMBER(H39)),ROUND(IF(ISNUMBER(G39),G39,0)-IF(ISNUMBER(H39),H39,0),2),"")
B40: Personnel sans demande de financement | E40: Coût moyen | F40: Nb. p.mois | G40: Coût total | H40: Aide demandée | I40: Apport
B41: Personnel de recherche - Fonctionnaires | D41: Enseignants-chercheurs et chercheurs | E41: =IF(AND(ISNUMBER(F41),ISNUMBER(G41)),G41/F41," ") | I41: =IF(OR(ISNUMBER(G41),ISNUMBER(H41)),ROUND(IF(ISNUMBER(G41),G41,0)-IF(ISNUMBER(H41),H41,0),2)," ")
D42: Ingénieurs et techniciens | E42: =IF(AND(ISNUMBER(F42),ISNUMBER(G42)),G42/F42," ") | I42: =IF(OR(ISNUMBER(G42),ISNUMBER(H42)),ROUND(IF(ISNUMBER(G42),G42,0)-IF(ISNUMBER(H42),H42,0),2)," ")
B43: Personnel de recherche - Non fonctionnaires (CDI/CDD) | E43: =IF(AND(ISNUMBER(F43),ISNUMBER(G43)),G43/F43," ") | I43: =IF(OR(ISNUMBER(G43),ISNUMBER(H43)),ROUND(IF(ISNUMBER(G43),G43,0)-IF(ISNUMBER(H43),H43,0),2)," ")
B44: Doctorants | E44: =IF(AND(ISNUMBER(F44),ISNUMBER(G44)),G44/F44," ") | I44: =IF(OR(ISNUMBER(G44),ISNUMBER(H44)),ROUND(IF(ISNUMBER(G44),G44,0)-IF(ISNUMBER(H44),H44,0),2)," ")
B45: Post-doctorants | E45: =IF(AND(ISNUMBER(F45),ISNUMBER(G45)),G45/F45," ") | I45: =IF(OR(ISNUMBER(G45),ISNUMBER(H45)),ROUND(IF(ISNUMBER(G45),G45,0)-IF(ISNUMBER(H45),H45,0),2)," ")
B46: Autres (personnel support, stagiaires, vacations, etc.) | E46: =IF(AND(ISNUMBER(F46),ISNUMBER(G46)),G46/F46," ") | I46: =IF(OR(ISNUMBER(G46),ISNUMBER(H46)),ROUND(IF(ISNUMBER(G46),G46,0)-IF(ISNUMBER(H46),H46,0),2)," ")
B48: Total personnel | F48: =SUM(F32:F36,F41:F46) -> 0 | G48: =SUM(G32:G39,G41:G46) -> 0 | H48: =SUM(H32:H39) -> 0 | I48: =SUM(I32:I39,I41:I47) -> 0
B50: Equipement (coût unitaire HT - si le partenaire récupère la TVA, indiquer le coût hors TVA)
B51: Veuillez renseigner le seuil d'immobilisation avant de renseigner le coût total et l'aide demandée | G51: Coût total | H51: Aide demandée | I51: Apport
C52: Seuil d'immobilisation (€) | E52: Equipement | I52: =IF(OR(ISNUMBER(G52),ISNUMBER(H52)),ROUND(IF(ISNUMBER(G52),G52,0)-IF(ISNUMBER(H52),H52,0),2),0) -> 0
B54: Fonctionnement (si le partenaire récupère la TVA, indiquer le coût hors TVA)
G55: Coût total | H55: Aide demandée | I55: Apport
B56: Coûts d’infrastructures ou de plateformes | I56: =IF(OR(ISNUMBER(G56),ISNUMBER(H56)),ROUND(IF(ISNUMBER(G56),G56,0)-IF(ISNUMBER(H56),H56,0),2)," ")
B57: Missions | I57: =IF(OR(ISNUMBER(G57),ISNUMBER(H57)),ROUND(IF(ISNUMBER(G57),G57,0)-IF(ISNUMBER(H57),H57,0),2)," ")
B58: Autres dépenses de fonctionnement | I58: =IF(OR(ISNUMBER(G58),ISNUMBER(H58)),ROUND(IF(ISNUMBER(G58),G58,0)-IF(ISNUMBER(H58),H58,0),2)," ")
B59: Total dépenses de fonctionnement | G59: =SUM(G56:G58) -> 0 | H59: =SUM(H56:H58) -> 0 | I59: =SUM(I56:I58) -> 0
B61: Prestations de service externes
G62: Coût total | H62: Aide demandée | I62: Apport
B63: Prestations de service externes | I63: =IF(OR(ISNUMBER(G63),ISNUMBER(H63)),ROUND(IF(ISNUMBER(G63),G63,0)-IF(ISNUMBER(H63),H63,0),2),0) -> 0
B65: Facturation interne
G66: Coût total | H66: Aide demandée | I66: Apport
B67: Facturation interne | I67: =IF(OR(ISNUMBER(G67),ISNUMBER(H67)),ROUND(IF(ISNUMBER(G67),G67,0)-IF(ISNUMBER(H67),H67,0),2),0) -> 0
B69: Synthèse de la demande financière
C71: Prise en compte des couts : | D71: =L10 -> Part. non finançable
C72: Taux maximum d’aide : | D72: =$L$19 -> 0
C73: Taux d’aide demandé : | D73: =D72 -> 0
C74: Taux d’aide retenu : | D74: =IF(L9,1,(MIN(D72,D73+0))) -> 0
G76: Coût complet | H76: Aide demandée | I76: Apport
B77: Total hors frais généraux ou frais de structure | G77: =SUM(G48,G52,G59,G63,G67) -> 0 | H77: =SUM(H48,H52,H59,H63,H67) -> 0 | I77: =SUM(I48,I52,I59,I63,I67) -> 0
B78: ="Frais généraux (max : "&Réglages!M16&"% pour l’ensemble du projet)" -> Frais généraux (max : 20% pour l’ensemble du projet) | F78: % (taux) | G78: =H78 -> 0 | H78: =IF($L$7,(H77)*E78/100,0) -> 0
B79: ="Frais de structure - part « personnel » (max "&Réglages!M25&"%)" -> Frais de structure - part « personnel » (max 68%) | F79: % (taux) | G79: =IF($L$93,$E$79/100*G48,0) -> 0 | H79: =IF($L$93,$E$79/100*H48,0) -> 0 | I79: =IF($L$93,$E$79/100*I48,0) -> 0
B80: ="Frais de structure - part hors perso et hors factu interne (max "&Réglages!M28&"%)" -> Frais de structure - part hors perso et hors factu interne (max 7%) | F80: % (taux) | G80: =IF($L$94,$E$80/100*(G77-G48-G67),0) -> 0 | H80: =IF($L$94,$E$80/100*(H77-H48-H67),0) -> 0 | I80: =IF($L$94,$E$80/100*(I77-I48-I67),0) -> 0
B81: Frais d'environnement | F81: % (taux) | G81: =IF($L$12,(G48-G37)*E81/100,0) -> 0 | I81: =G81 -> 0
B82: Total | G82: =G77+G78+G79+G80+G81 -> 0 | H82: =IF($L$7,H77+H78+H79+H80,0) -> 0 | I82: =I77+I81+I79+I80 -> 0
B84: Assiette totale de l’aide : | E84: =H82 -> 0
B85: Aide demandée : | E85: =E84*D74 -> 0
B86: Apport complétant l’assiette de l’aide : | E86: =E84*(1-D74) -> 0 | G86: L'apport total correspond à la somme des apports hors assiette de l’aide (colonne I) et du reliquat après application du taux d'aide à l’assiette de l’aide.
B87: Apport total : | E87: =E86+I82 -> 0
B88: Coût complet total : | E88: =G82 -> 0
B90: Aide totale demandée pour des personnels fonctionnaires : | G90: =H32 -> 0 | H90: €
